Workbook
Name inflation: [1]Inflation!$R$44
Name InfRate: [1]Inflation!$R$45
Name Product: [2]LOOKUPS!$B$3:$B$13
Name Purchase_Sale: [2]LOOKUPS!$F$3:$F$4
Name PwrCsts: '[3]Power Costs'!$A$1
Name Resource_Group: [4]!Table1[Resource Group]
Name Supplier: [2]LOOKUPS!$N$3:$N$18
Name Supplier_ID: [2]LOOKUPS!$O$3:$O$18
Name System_Name: [4]!Table2[[#All],[System Name]]

Sheet READ_ME
B2: Change Date | C2: Change
B3: 44720 | C3: Updated with current ICAP forward prices and AEO 2022 for use in Northfield's FY budget and Orleans IRP.
B7: Methodology | C7: Description
B8: Gas Prices | C8: Gas prices are monthly from ICAP through 2023. Then the forecast uses EIA's AEO and the ICAP year 1 shape.
B9: Basis Prices | C9: Algonquin citygate prices are used as reported by ICAP.
B10: Electricity Prices | C10: Electricity prices are monthly on/off peak from ICAP thorugh 2024 (two years). Thereafter, they calculate off of the HH forecast using the implied heat rate and on/off peak spread from the previous year (ICAP marks).

Sheet Hour_Distribution
A1: Date | B1: MMM-YY | C1: Year | D1: Month | E1: Days | F1: Weekdays | G1: Weekend_Days | H1: Obs_Holidays | I1: DST | J1: On_Peak | K1: Off_Peak | L1: 2X8 | M1: 2X16 | N1: 2X24 | O1: 5X8 | P1: 5X16 | Q1: 7X8 | R1: 7X16 | S1: 7X24 | T1: On_% | U1: Off_%
A2: 43466 | B2: =A2 -> 43466 | C2: =YEAR(A2) -> 2019 | D2: =MONTH(A2) -> 1 | E2: =EOMONTH(A2,0)-A2+1 -> 31 | F2: =NETWORKDAYS(A2,EOMONTH(A2,0)) -> 23 | G2: =+E2-F2 -> 8 | H2: 1 | I2: 0 | J2: =16*(F2-H2) -> 352 | K2: =+S2-J2 -> 392 | L2: =+G2*8 -> 64 | M2: =16*G2 -> 128 | N2: =+G2*24 -> 192 | O2: =+F2*8 -> 184 | P2: =16*F2 -> 368 | Q2: =8*E2 -> 248 | R2: =16*E2 -> 496 | S2: =E2*24+I2 -> 744 | T2: =+J2/SUM(J2:K2) -> 0.47311828 | U2: =K2/SUM(J2:K2) -> 0.52688172
A3: =+EOMONTH(A2,0)+1 -> 43497 | B3: =A3 -> 43497 | C3: =YEAR(A3) -> 2019 | D3: =MONTH(A3) -> 2 | E3: =EOMONTH(A3,0)-A3+1 -> 28 | F3: =NETWORKDAYS(A3,EOMONTH(A3,0)) -> 20 | G3: =+E3-F3 -> 8 | H3: 0 | I3: 0 | J3: =16*(F3-H3) -> 320 | K3: =+S3-J3 -> 352 | L3: =+G3*8 -> 64 | M3: =16*G3 -> 128 | N3: =+G3*24 -> 192 | O3: =+F3*8 -> 160 | P3: =16*F3 -> 320 | Q3: =8*E3 -> 224 | R3: =16*E3 -> 448 | S3: =E3*24+I3 -> 672 | T3: =+J3/SUM(J3:K3) -> 0.47619048 | U3: =K3/SUM(J3:K3) -> 0.52380952
A4: =+EOMONTH(A3,0)+1 -> 43525 | B4: =A4 -> 43525 | C4: =YEAR(A4) -> 2019 | D4: =MONTH(A4) -> 3 | E4: =EOMONTH(A4,0)-A4+1 -> 31 | F4: =NETWORKDAYS(A4,EOMONTH(A4,0)) -> 21 | G4: =+E4-F4 -> 10 | H4: 0 | I4: -1 | J4: =16*(F4-H4) -> 336 | K4: =+S4-J4 -> 407 | L4: =+G4*8 -> 80 | M4: =16*G4 -> 160 | N4: =+G4*24 -> 240 | O4: =+F4*8 -> 168 | P4: =16*F4 -> 336 | Q4: =8*E4 -> 248 | R4: =16*E4 -> 496 | S4: =E4*24+I4 -> 743 | T4: =+J4/SUM(J4:K4) -> 0.45222073 | U4: =K4/SUM(J4:K4) -> 0.54777927
A5: =+EOMONTH(A4,0)+1 -> 43556 | B5: =A5 -> 43556 | C5: =YEAR(A5) -> 2019 | D5: =MONTH(A5) -> 4 | E5: =EOMONTH(A5,0)-A5+1 -> 30 | F5: =NETWORKDAYS(A5,EOMONTH(A5,0)) -> 22 | G5: =+E5-F5 -> 8 | H5: 0 | I5: 0 | J5: =16*(F5-H5) -> 352 | K5: =+S5-J5 -> 368 | L5: =+G5*8 -> 64 | M5: =16*G5 -> 128 | N5: =+G5*24 -> 192 | O5: =+F5*8 -> 176 | P5: =16*F5 -> 352 | Q5: =8*E5 -> 240 | R5: =16*E5 -> 480 | S5: =E5*24+I5 -> 720 | T5: =+J5/SUM(J5:K5) -> 0.48888889 | U5: =K5/SUM(J5:K5) -> 0.51111111
A6: =+EOMONTH(A5,0)+1 -> 43586 | B6: =A6 -> 43586 | C6: =YEAR(A6) -> 2019 | D6: =MONTH(A6) -> 5 | E6: =EOMONTH(A6,0)-A6+1 -> 31 | F6: =NETWORKDAYS(A6,EOMONTH(A6,0)) -> 23 | G6: =+E6-F6 -> 8 | H6: 1 | I6: 0 | J6: =16*(F6-H6) -> 352 | K6: =+S6-J6 -> 392 | L6: =+G6*8 -> 64 | M6: =16*G6 -> 128 | N6: =+G6*24 -> 192 | O6: =+F6*8 -> 184 | P6: =16*F6 -> 368 | Q6: =8*E6 -> 248 | R6: =16*E6 -> 496 | S6: =E6*24+I6 -> 744 | T6: =+J6/SUM(J6:K6) -> 0.47311828 | U6: =K6/SUM(J6:K6) -> 0.52688172
A7: =+EOMONTH(A6,0)+1 -> 43617 | B7: =A7 -> 43617 | C7: =YEAR(A7) -> 2019 | D7: =MONTH(A7) -> 6 | E7: =EOMONTH(A7,0)-A7+1 -> 30 | F7: =NETWORKDAYS(A7,EOMONTH(A7,0)) -> 20 | G7: =+E7-F7 -> 10 | H7: 0 | I7: 0 | J7: =16*(F7-H7) -> 320 | K7: =+S7-J7 -> 400 | L7: =+G7*8 -> 80 | M7: =16*G7 -> 160 | N7: =+G7*24 -> 240 | O7: =+F7*8 -> 160 | P7: =16*F7 -> 320 | Q7: =8*E7 -> 240 | R7: =16*E7 -> 480 | S7: =E7*24+I7 -> 720 | T7: =+J7/SUM(J7:K7) -> 0.44444444 | U7: =K7/SUM(J7:K7) -> 0.55555556
A8: =+EOMONTH(A7,0)+1 -> 43647 | B8: =A8 -> 43647 | C8: =YEAR(A8) -> 2019 | D8: =MONTH(A8) -> 7 | E8: =EOMONTH(A8,0)-A8+1 -> 31 | F8: =NETWORKDAYS(A8,EOMONTH(A8,0)) -> 23 | G8: =+E8-F8 -> 8 | H8: 1 | I8: 0 | J8: =16*(F8-H8) -> 352 | K8: =+S8-J8 -> 392 | L8: =+G8*8 -> 64 | M8: =16*G8 -> 128 | N8: =+G8*24 -> 192 | O8: =+F8*8 -> 184 | P8: =16*F8 -> 368 | Q8: =8*E8 -> 248 | R8: =16*E8 -> 496 | S8: =E8*24+I8 -> 744 | T8: =+J8/SUM(J8:K8) -> 0.47311828 | U8: =K8/SUM(J8:K8) -> 0.52688172
A9: =+EOMONTH(A8,0)+1 -> 43678 | B9: =A9 -> 43678 | C9: =YEAR(A9) -> 2019 | D9: =MONTH(A9) -> 8 | E9: =EOMONTH(A9,0)-A9+1 -> 31 | F9: =NETWORKDAYS(A9,EOMONTH(A9,0)) -> 22 | G9: =+E9-F9 -> 9 | H9: 0 | I9: 0 | J9: =16*(F9-H9) -> 352 | K9: =+S9-J9 -> 392 | L9: =+G9*8 -> 72 | M9: =16*G9 -> 144 | N9: =+G9*24 -> 216 | O9: =+F9*8 -> 176 | P9: =16*F9 -> 352 | Q9: =8*E9 -> 248 | R9: =16*E9 -> 496 | S9: =E9*24+I9 -> 744 | T9: =+J9/SUM(J9:K9) -> 0.47311828 | U9: =K9/SUM(J9:K9) -> 0.52688172
A10: =+EOMONTH(A9,0)+1 -> 43709 | B10: =A10 -> 43709 | C10: =YEAR(A10) -> 2019 | D10: =MONTH(A10) -> 9 | E10: =EOMONTH(A10,0)-A10+1 -> 30 | F10: =NETWORKDAYS(A10,EOMONTH(A10,0)) -> 21 | G10: =+E10-F10 -> 9 | H10: 1 | I10: 0 | J10: =16*(F10-H10) -> 320 | K10: =+S10-J10 -> 400 | L10: =+G10*8 -> 72 | M10: =16*G10 -> 144 | N10: =+G10*24 -> 216 | O10: =+F10*8 -> 168 | P10: =16*F10 -> 336 | Q10: =8*E10 -> 240 | R10: =16*E10 -> 480 | S10: =E10*24+I10 -> 720 | T10: =+J10/SUM(J10:K10) -> 0.44444444 | U10: =K10/SUM(J10:K10) -> 0.55555556
A11: =+EOMONTH(A10,0)+1 -> 43739 | B11: =A11 -> 43739 | C11: =YEAR(A11) -> 2019 | D11: =MONTH(A11) -> 10 | E11: =EOMONTH(A11,0)-A11+1 -> 31 | F11: =NETWORKDAYS(A11,EOMONTH(A11,0)) -> 23 | G11: =+E11-F11 -> 8 | H11: 0 | I11: 0 | J11: =16*(F11-H11) -> 368 | K11: =+S11-J11 -> 376 | L11: =+G11*8 -> 64 | M11: =16*G11 -> 128 | N11: =+G11*24 -> 192 | O11: =+F11*8 -> 184 | P11: =16*F11 -> 368 | Q11: =8*E11 -> 248 | R11: =16*E11 -> 496 | S11: =E11*24+I11 -> 744 | T11: =+J11/SUM(J11:K11) -> 0.49462366 | U11: =K11/SUM(J11:K11) -> 0.50537634
A12: =+EOMONTH(A11,0)+1 -> 43770 | B12: =A12 -> 43770 | C12: =YEAR(A12) -> 2019 | D12: =MONTH(A12) -> 11 | E12: =EOMONTH(A12,0)-A12+1 -> 30 | F12: =NETWORKDAYS(A12,EOMONTH(A12,0)) -> 21 | G12: =+E12-F12 -> 9 | H12: 1 | I12: 1 | J12: =16*(F12-H12) -> 320 | K12: =+S12-J12 -> 401 | L12: =+G12*8 -> 72 | M12: =16*G12 -> 144 | N12: =+G12*24 -> 216 | O12: =+F12*8 -> 168 | P12: =16*F12 -> 336 | Q12: =8*E12 -> 240 | R12: =16*E12 -> 480 | S12: =E12*24+I12 -> 721 | T12: =+J12/SUM(J12:K12) -> 0.44382802 | U12: =K12/SUM(J12:K12) -> 0.55617198
A13: =+EOMONTH(A12,0)+1 -> 43800 | B13: =A13 -> 43800 | C13: =YEAR(A13) -> 2019 | D13: =MONTH(A13) -> 12 | E13: =EOMONTH(A13,0)-A13+1 -> 31 | F13: =NETWORKDAYS(A13,EOMONTH(A13,0)) -> 22 | G13: =+E13-F13 -> 9 | H13: 1 | I13: 0 | J13: =16*(F13-H13) -> 336 | K13: =+S13-J13 -> 408 | L13: =+G13*8 -> 72 | M13: =16*G13 -> 144 | N13: =+G13*24 -> 216 | O13: =+F13*8 -> 176 | P13: =16*F13 -> 352 | Q13: =8*E13 -> 248 | R13: =16*E13 -> 496 | S13: =E13*24+I13 -> 744 | T13: =+J13/SUM(J13:K13) -> 0.4516129 | U13: =K13/SUM(J13:K13) -> 0.5483871
A14: =+EOMONTH(A13,0)+1 -> 43831 | B14: =A14 -> 43831 | C14: =YEAR(A14) -> 2020 | D14: =MONTH(A14) -> 1 | E14: =EOMONTH(A14,0)-A14+1 -> 31 | F14: =NETWORKDAYS(A14,EOMONTH(A14,0)) -> 23 | G14: =+E14-F14 -> 8 | H14: 1 | I14: =+I2 -> 0 | J14: =16*(F14-H14) -> 352 | K14: =+S14-J14 -> 392 | L14: =+G14*8 -> 64 | M14: =16*G14 -> 128 | N14: =+G14*24 -> 192 | O14: =+F14*8 -> 184 | P14: =16*F14 -> 368 | Q14: =8*E14 -> 248 | R14: =16*E14 -> 496 | S14: =E14*24+I14 -> 744 | T14: =+J14/SUM(J14:K14) -> 0.47311828 | U14: =K14/SUM(J14:K14) -> 0.52688172
A15: =+EOMONTH(A14,0)+1 -> 43862 | B15: =A15 -> 43862 | C15: =YEAR(A15) -> 2020 | D15: =MONTH(A15) -> 2 | E15: =EOMONTH(A15,0)-A15+1 -> 29 | F15: =NETWORKDAYS(A15,EOMONTH(A15,0)) -> 20 | G15: =+E15-F15 -> 9 | H15: 0 | I15: =+I3 -> 0 | J15: =16*(F15-H15) -> 320 | K15: =+S15-J15 -> 376 | L15: =+G15*8 -> 72 | M15: =16*G15 -> 144 | N15: =+G15*24 -> 216 | O15: =+F15*8 -> 160 | P15: =16*F15 -> 320 | Q15: =8*E15 -> 232 | R15: =16*E15 -> 464 | S15: =E15*24+I15 -> 696 | T15: =+J15/SUM(J15:K15) -> 0.45977011 | U15: =K15/SUM(J15:K15) -> 0.54022989
A16: =+EOMONTH(A15,0)+1 -> 43891 | B16: =A16 -> 43891 | C16: =YEAR(A16) -> 2020 | D16: =MONTH(A16) -> 3 | E16: =EOMONTH(A16,0)-A16+1 -> 31 | F16: =NETWORKDAYS(A16,EOMONTH(A16,0)) -> 22 | G16: =+E16-F16 -> 9 | H16: 0 | I16: =+I4 -> -1 | J16: =16*(F16-H16) -> 352 | K16: =+S16-J16 -> 391 | L16: =+G16*8 -> 72 | M16: =16*G16 -> 144 | N16: =+G16*24 -> 216 | O16: =+F16*8 -> 176 | P16: =16*F16 -> 352 | Q16: =8*E16 -> 248 | R16: =16*E16 -> 496 | S16: =E16*24+I16 -> 743 | T16: =+J16/SUM(J16:K16) -> 0.47375505 | U16: =K16/SUM(J16:K16) -> 0.52624495
A17: =+EOMONTH(A16,0)+1 -> 43922 | B17: =A17 -> 43922 | C17: =YEAR(A17) -> 2020 | D17: =MONTH(A17) -> 4 | E17: =EOMONTH(A17,0)-A17+1 -> 30 | F17: =NETWORKDAYS(A17,EOMONTH(A17,0)) -> 22 | G17: =+E17-F17 -> 8 | H17: 0 | I17: =+I5 -> 0 | J17: =16*(F17-H17) -> 352 | K17: =+S17-J17 -> 368 | L17: =+G17*8 -> 64 | M17: =16*G17 -> 128 | N17: =+G17*24 -> 192 | O17: =+F17*8 -> 176 | P17: =16*F17 -> 352 | Q17: =8*E17 -> 240 | R17: =16*E17 -> 480 | S17: =E17*24+I17 -> 720 | T17: =+J17/SUM(J17:K17) -> 0.48888889 | U17: =K17/SUM(J17:K17) -> 0.51111111
A18: =+EOMONTH(A17,0)+1 -> 43952 | B18: =A18 -> 43952 | C18: =YEAR(A18) -> 2020 | D18: =MONTH(A18) -> 5 | E18: =EOMONTH(A18,0)-A18+1 -> 31 | F18: =NETWORKDAYS(A18,EOMONTH(A18,0)) -> 21 | G18: =+E18-F18 -> 10 | H18: 1 | I18: =+I6 -> 0 | J18: =16*(F18-H18) -> 320 | K18: =+S18-J18 -> 424 | L18: =+G18*8 -> 80 | M18: =16*G18 -> 160 | N18: =+G18*24 -> 240 | O18: =+F18*8 -> 168 | P18: =16*F18 -> 336 | Q18: =8*E18 -> 248 | R18: =16*E18 -> 496 | S18: =E18*24+I18 -> 744 | T18: =+J18/SUM(J18:K18) -> 0.43010753 | U18: =K18/SUM(J18:K18) -> 0.56989247
A19: =+EOMONTH(A18,0)+1 -> 43983 | B19: =A19 -> 43983 | C19: =YEAR(A19) -> 2020 | D19: =MONTH(A19) -> 6 | E19: =EOMONTH(A19,0)-A19+1 -> 30 | F19: =NETWORKDAYS(A19,EOMONTH(A19,0)) -> 22 | G19: =+E19-F19 -> 8 | H19: 0 | I19: =+I7 -> 0 | J19: =16*(F19-H19) -> 352 | K19: =+S19-J19 -> 368 | L19: =+G19*8 -> 64 | M19: =16*G19 -> 128 | N19: =+G19*24 -> 192 | O19: =+F19*8 -> 176 | P19: =16*F19 -> 352 | Q19: =8*E19 -> 240 | R19: =16*E19 -> 480 | S19: =E19*24+I19 -> 720 | T19: =+J19/SUM(J19:K19) -> 0.48888889 | U19: =K19/SUM(J19:K19) -> 0.51111111
A20: =+EOMONTH(A19,0)+1 -> 44013 | B20: =A20 -> 44013 | C20: =YEAR(A20) -> 2020 | D20: =MONTH(A20) -> 7 | E20: =EOMONTH(A20,0)-A20+1 -> 31 | F20: =NETWORKDAYS(A20,EOMONTH(A20,0)) -> 23 | G20: =+E20-F20 -> 8 | H20: 1 | I20: =+I8 -> 0 | J20: =16*(F20-H20) -> 352 | K20: =+S20-J20 -> 392 | L20: =+G20*8 -> 64 | M20: =16*G20 -> 128 | N20: =+G20*24 -> 192 | O20: =+F20*8 -> 184 | P20: =16*F20 -> 368 | Q20: =8*E20 -> 248 | R20: =16*E20 -> 496 | S20: =E20*24+I20 -> 744 | T20: =+J20/SUM(J20:K20) -> 0.47311828 | U20: =K20/SUM(J20:K20) -> 0.52688172
A21: =+EOMONTH(A20,0)+1 -> 44044 | B21: =A21 -> 44044 | C21: =YEAR(A21) -> 2020 | D21: =MONTH(A21) -> 8 | E21: =EOMONTH(A21,0)-A21+1 -> 31 | F21: =NETWORKDAYS(A21,EOMONTH(A21,0)) -> 21 | G21: =+E21-F21 -> 10 | H21: 0 | I21: =+I9 -> 0 | J21: =16*(F21-H21) -> 336 | K21: =+S21-J21 -> 408 | L21: =+G21*8 -> 80 | M21: =16*G21 -> 160 | N21: =+G21*24 -> 240 | O21: =+F21*8 -> 168 | P21: =16*F21 -> 336 | Q21: =8*E21 -> 248 | R21: =16*E21 -> 496 | S21: =E21*24+I21 -> 744 | T21: =+J21/SUM(J21:K21) -> 0.4516129 | U21: =K21/SUM(J21:K21) -> 0.5483871
A22: =+EOMONTH(A21,0)+1 -> 44075 | B22: =A22 -> 44075 | C22: =YEAR(A22) -> 2020 | D22: =MONTH(A22) -> 9 | E22: =EOMONTH(A22,0)-A22+1 -> 30 | F22: =NETWORKDAYS(A22,EOMONTH(A22,0)) -> 22 | G22: =+E22-F22 -> 8 | H22: 1 | I22: =+I10 -> 0 | J22: =16*(F22-H22) -> 336 | K22: =+S22-J22 -> 384 | L22: =+G22*8 -> 64 | M22: =16*G22 -> 128 | N22: =+G22*24 -> 192 | O22: =+F22*8 -> 176 | P22: =16*F22 -> 352 | Q22: =8*E22 -> 240 | R22: =16*E22 -> 480 | S22: =E22*24+I22 -> 720 | T22: =+J22/SUM(J22:K22) -> 0.46666667 | U22: =K22/SUM(J22:K22) -> 0.53333333
A23: =+EOMONTH(A22,0)+1 -> 44105 | B23: =A23 -> 44105 | C23: =YEAR(A23) -> 2020 | D23: =MONTH(A23) -> 10 | E23: =EOMONTH(A23,0)-A23+1 -> 31 | F23: =NETWORKDAYS(A23,EOMONTH(A23,0)) -> 22 | G23: =+E23-F23 -> 9 | H23: 0 | I23: =+I11 -> 0 | J23: =16*(F23-H23) -> 352 | K23: =+S23-J23 -> 392 | L23: =+G23*8 -> 72 | M23: =16*G23 -> 144 | N23: =+G23*24 -> 216 | O23: =+F23*8 -> 176 | P23: =16*F23 -> 352 | Q23: =8*E23 -> 248 | R23: =16*E23 -> 496 | S23: =E23*24+I23 -> 744 | T23: =+J23/SUM(J23:K23) -> 0.47311828 | U23: =K23/SUM(J23:K23) -> 0.52688172
A24: =+EOMONTH(A23,0)+1 -> 44136 | B24: =A24 -> 44136 | C24: =YEAR(A24) -> 2020 | D24: =MONTH(A24) -> 11 | E24: =EOMONTH(A24,0)-A24+1 -> 30 | F24: =NETWORKDAYS(A24,EOMONTH(A24,0)) -> 21 | G24: =+E24-F24 -> 9 | H24: 1 | I24: =+I12 -> 1 | J24: =16*(F24-H24) -> 320 | K24: =+S24-J24 -> 401 | L24: =+G24*8 -> 72 | M24: =16*G24 -> 144 | N24: =+G24*24 -> 216 | O24: =+F24*8 -> 168 | P24: =16*F24 -> 336 | Q24: =8*E24 -> 240 | R24: =16*E24 -> 480 | S24: =E24*24+I24 -> 721 | T24: =+J24/SUM(J24:K24) -> 0.44382802 | U24: =K24/SUM(J24:K24) -> 0.55617198
A25: =+EOMONTH(A24,0)+1 -> 44166 | B25: =A25 -> 44166 | C25: =YEAR(A25) -> 2020 | D25: =MONTH(A25) -> 12 | E25: =EOMONTH(A25,0)-A25+1 -> 31 | F25: =NETWORKDAYS(A25,EOMONTH(A25,0)) -> 23 | G25: =+E25-F25 -> 8 | H25: 1 | I25: =+I13 -> 0 | J25: =16*(F25-H25) -> 352 | K25: =+S25-J25 -> 392 | L25: =+G25*8 -> 64 | M25: =16*G25 -> 128 | N25: =+G25*24 -> 192 | O25: =+F25*8 -> 184 | P25: =16*F25 -> 368 | Q25: =8*E25 -> 248 | R25: =16*E25 -> 496 | S25: =E25*24+I25 -> 744 | T25: =+J25/SUM(J25:K25) -> 0.47311828 | U25: =K25/SUM(J25:K25) -> 0.52688172
... A265: =+EOMONTH(A264,0)+1 -> 51471 | B265: =A265 -> 51471 | C265: =YEAR(A265) -> 2040 | D265: =MONTH(A265) -> 12 | E265: =EOMONTH(A265,0)-A265+1 -> 31 | F265: =NETWORKDAYS(A265,EOMONTH(A265,0)) -> 21 | G265: =+E265-F265 -> 10 | H265: 1 | I265: =+I253 -> 0 | J265: =16*(F265-H265) -> 320 | K265: =+S265-J265 -> 424 | L265: =+G265*8 -> 80 | M265: =16*G265 -> 160 | N265: =+G265*24 -> 240 | O265: =+F265*8 -> 168 | P265: =16*F265 -> 336 | Q265: =8*E265 -> 248 | R265: =16*E265 -> 496 | S265: =E265*24+I265 -> 744 | T265: =+J265/SUM(J265:K265) -> 0.43010753 | U265: =K265/SUM(J265:K265) -> 0.56989247
A266: =+EOMONTH(A265,0)+1 -> 51502 | B266: =A266 -> 51502 | C266: =YEAR(A266) -> 2041 | D266: =MONTH(A266) -> 1 | E266: =EOMONTH(A266,0)-A266+1 -> 31 | F266: =NETWORKDAYS(A266,EOMONTH(A266,0)) -> 23 | G266: =+E266-F266 -> 8 | H266: =+H254 -> 1 | I266: =+I254 -> 0 | J266: =16*(F266-H266) -> 352 | K266: =+S266-J266 -> 392 | L266: =+G266*8 -> 64 | M266: =16*G266 -> 128 | N266: =+G266*24 -> 192 | O266: =+F266*8 -> 184 | P266: =16*F266 -> 368 | Q266: =8*E266 -> 248 | R266: =16*E266 -> 496 | S266: =E266*24+I266 -> 744 | T266: =+J266/SUM(J266:K266) -> 0.47311828 | U266: =K266/SUM(J266:K266) -> 0.52688172
A267: =+EOMONTH(A266,0)+1 -> 51533 | B267: =A267 -> 51533 | C267: =YEAR(A267) -> 2041 | D267: =MONTH(A267) -> 2 | E267: =EOMONTH(A267,0)-A267+1 -> 28 | F267: =NETWORKDAYS(A267,EOMONTH(A267,0)) -> 20 | G267: =+E267-F267 -> 8 | H267: =+H255 -> 0 | I267: =+I255 -> 0 | J267: =16*(F267-H267) -> 320 | K267: =+S267-J267 -> 352 | L267: =+G267*8 -> 64 | M267: =16*G267 -> 128 | N267: =+G267*24 -> 192 | O267: =+F267*8 -> 160 | P267: =16*F267 -> 320 | Q267: =8*E267 -> 224 | R267: =16*E267 -> 448 | S267: =E267*24+I267 -> 672 | T267: =+J267/SUM(J267:K267) -> 0.47619048 | U267: =K267/SUM(J267:K267) -> 0.52380952
A268: =+EOMONTH(A267,0)+1 -> 51561 | B268: =A268 -> 51561 | C268: =YEAR(A268) -> 2041 | D268: =MONTH(A268) -> 3 | E268: =EOMONTH(A268,0)-A268+1 -> 31 | F268: =NETWORKDAYS(A268,EOMONTH(A268,0)) -> 21 | G268: =+E268-F268 -> 10 | H268: =+H256 -> 0 | I268: =+I256 -> -1 | J268: =16*(F268-H268) -> 336 | K268: =+S268-J268 -> 407 | L268: =+G268*8 -> 80 | M268: =16*G268 -> 160 | N268: =+G268*24 -> 240 | O268: =+F268*8 -> 168 | P268: =16*F268 -> 336 | Q268: =8*E268 -> 248 | R268: =16*E268 -> 496 | S268: =E268*24+I268 -> 743 | T268: =+J268/SUM(J268:K268) -> 0.45222073 | U268: =K268/SUM(J268:K268) -> 0.54777927
A269: =+EOMONTH(A268,0)+1 -> 51592 | B269: =A269 -> 51592 | C269: =YEAR(A269) -> 2041 | D269: =MONTH(A269) -> 4 | E269: =EOMONTH(A269,0)-A269+1 -> 30 | F269: =NETWORKDAYS(A269,EOMONTH(A269,0)) -> 22 | G269: =+E269-F269 -> 8 | H269: =+H257 -> 0 | I269: =+I257 -> 0 | J269: =16*(F269-H269) -> 352 | K269: =+S269-J269 -> 368 | L269: =+G269*8 -> 64 | M269: =16*G269 -> 128 | N269: =+G269*24 -> 192 | O269: =+F269*8 -> 176 | P269: =16*F269 -> 352 | Q269: =8*E269 -> 240 | R269: =16*E269 -> 480 | S269: =E269*24+I269 -> 720 | T269: =+J269/SUM(J269:K269) -> 0.48888889 | U269: =K269/SUM(J269:K269) -> 0.51111111
A270: =+EOMONTH(A269,0)+1 -> 51622 | B270: =A270 -> 51622 | C270: =YEAR(A270) -> 2041 | D270: =MONTH(A270) -> 5 | E270: =EOMONTH(A270,0)-A270+1 -> 31 | F270: =NETWORKDAYS(A270,EOMONTH(A270,0)) -> 23 | G270: =+E270-F270 -> 8 | H270: =+H258 -> 1 | I270: =+I258 -> 0 | J270: =16*(F270-H270) -> 352 | K270: =+S270-J270 -> 392 | L270: =+G270*8 -> 64 | M270: =16*G270 -> 128 | N270: =+G270*24 -> 192 | O270: =+F270*8 -> 184 | P270: =16*F270 -> 368 | Q270: =8*E270 -> 248 | R270: =16*E270 -> 496 | S270: =E270*24+I270 -> 744 | T270: =+J270/SUM(J270:K270) -> 0.47311828 | U270: =K270/SUM(J270:K270) -> 0.52688172
A271: =+EOMONTH(A270,0)+1 -> 51653 | B271: =A271 -> 51653 | C271: =YEAR(A271) -> 2041 | D271: =MONTH(A271) -> 6 | E271: =EOMONTH(A271,0)-A271+1 -> 30 | F271: =NETWORKDAYS(A271,EOMONTH(A271,0)) -> 20 | G271: =+E271-F271 -> 10 | H271: =+H259 -> 0 | I271: =+I259 -> 0 | J271: =16*(F271-H271) -> 320 | K271: =+S271-J271 -> 400 | L271: =+G271*8 -> 80 | M271: =16*G271 -> 160 | N271: =+G271*24 -> 240 | O271: =+F271*8 -> 160 | P271: =16*F271 -> 320 | Q271: =8*E271 -> 240 | R271: =16*E271 -> 480 | S271: =E271*24+I271 -> 720 | T271: =+J271/SUM(J271:K271) -> 0.44444444 | U271: =K271/SUM(J271:K271) -> 0.55555556
A272: =+EOMONTH(A271,0)+1 -> 51683 | B272: =A272 -> 51683 | C272: =YEAR(A272) -> 2041 | D272: =MONTH(A272) -> 7 | E272: =EOMONTH(A272,0)-A272+1 -> 31 | F272: =NETWORKDAYS(A272,EOMONTH(A272,0)) -> 23 | G272: =+E272-F272 -> 8 | H272: =+H260 -> 1 | I272: =+I260 -> 0 | J272: =16*(F272-H272) -> 352 | K272: =+S272-J272 -> 392 | L272: =+G272*8 -> 64 | M272: =16*G272 -> 128 | N272: =+G272*24 -> 192 | O272: =+F272*8 -> 184 | P272: =16*F272 -> 368 | Q272: =8*E272 -> 248 | R272: =16*E272 -> 496 | S272: =E272*24+I272 -> 744 | T272: =+J272/SUM(J272:K272) -> 0.47311828 | U272: =K272/SUM(J272:K272) -> 0.52688172
A273: =+EOMONTH(A272,0)+1 -> 51714 | B273: =A273 -> 51714 | C273: =YEAR(A273) -> 2041 | D273: =MONTH(A273) -> 8 | E273: =EOMONTH(A273,0)-A273+1 -> 31 | F273: =NETWORKDAYS(A273,EOMONTH(A273,0)) -> 22 | G273: =+E273-F273 -> 9 | H273: =+H261 -> 0 | I273: =+I261 -> 0 | J273: =16*(F273-H273) -> 352 | K273: =+S273-J273 -> 392 | L273: =+G273*8 -> 72 | M273: =16*G273 -> 144 | N273: =+G273*24 -> 216 | O273: =+F273*8 -> 176 | P273: =16*F273 -> 352 | Q273: =8*E273 -> 248 | R273: =16*E273 -> 496 | S273: =E273*24+I273 -> 744 | T273: =+J273/SUM(J273:K273) -> 0.47311828 | U273: =K273/SUM(J273:K273) -> 0.52688172
A274: =+EOMONTH(A273,0)+1 -> 51745 | B274: =A274 -> 51745 | C274: =YEAR(A274) -> 2041 | D274: =MONTH(A274) -> 9 | E274: =EOMONTH(A274,0)-A274+1 -> 30 | F274: =NETWORKDAYS(A274,EOMONTH(A274,0)) -> 21 | G274: =+E274-F274 -> 9 | H274: =+H262 -> 1 | I274: =+I262 -> 0 | J274: =16*(F274-H274) -> 320 | K274: =+S274-J274 -> 400 | L274: =+G274*8 -> 72 | M274: =16*G274 -> 144 | N274: =+G274*24 -> 216 | O274: =+F274*8 -> 168 | P274: =16*F274 -> 336 | Q274: =8*E274 -> 240 | R274: =16*E274 -> 480 | S274: =E274*24+I274 -> 720 | T274: =+J274/SUM(J274:K274) -> 0.44444444 | U274: =K274/SUM(J274:K274) -> 0.55555556
A275: =+EOMONTH(A274,0)+1 -> 51775 | B275: =A275 -> 51775 | C275: =YEAR(A275) -> 2041 | D275: =MONTH(A275) -> 10 | E275: =EOMONTH(A275,0)-A275+1 -> 31 | F275: =NETWORKDAYS(A275,EOMONTH(A275,0)) -> 23 | G275: =+E275-F275 -> 8 | H275: =+H263 -> 0 | I275: =+I263 -> 0 | J275: =16*(F275-H275) -> 368 | K275: =+S275-J275 -> 376 | L275: =+G275*8 -> 64 | M275: =16*G275 -> 128 | N275: =+G275*24 -> 192 | O275: =+F275*8 -> 184 | P275: =16*F275 -> 368 | Q275: =8*E275 -> 248 | R275: =16*E275 -> 496 | S275: =E275*24+I275 -> 744 | T275: =+J275/SUM(J275:K275) -> 0.49462366 | U275: =K275/SUM(J275:K275) -> 0.50537634
A276: =+EOMONTH(A275,0)+1 -> 51806 | B276: =A276 -> 51806 | C276: =YEAR(A276) -> 2041 | D276: =MONTH(A276) -> 11 | E276: =EOMONTH(A276,0)-A276+1 -> 30 | F276: =NETWORKDAYS(A276,EOMONTH(A276,0)) -> 21 | G276: =+E276-F276 -> 9 | H276: =+H264 -> 1 | I276: =+I264 -> 1 | J276: =16*(F276-H276) -> 320 | K276: =+S276-J276 -> 401 | L276: =+G276*8 -> 72 | M276: =16*G276 -> 144 | N276: =+G276*24 -> 216 | O276: =+F276*8 -> 168 | P276: =16*F276 -> 336 | Q276: =8*E276 -> 240 | R276: =16*E276 -> 480 | S276: =E276*24+I276 -> 721 | T276: =+J276/SUM(J276:K276) -> 0.44382802 | U276: =K276/SUM(J276:K276) -> 0.55617198
A277: =+EOMONTH(A276,0)+1 -> 51836 | B277: =A277 -> 51836 | C277: =YEAR(A277) -> 2041 | D277: =MONTH(A277) -> 12 | E277: =EOMONTH(A277,0)-A277+1 -> 31 | F277: =NETWORKDAYS(A277,EOMONTH(A277,0)) -> 22 | G277: =+E277-F277 -> 9 | H277: =+H265 -> 1 | I277: =+I265 -> 0 | J277: =16*(F277-H277) -> 336 | K277: =+S277-J277 -> 408 | L277: =+G277*8 -> 72 | M277: =16*G277 -> 144 | N277: =+G277*24 -> 216 | O277: =+F277*8 -> 176 | P277: =16*F277 -> 352 | Q277: =8*E277 -> 248 | R277: =16*E277 -> 496 | S277: =E277*24+I277 -> 744 | T277: =+J277/SUM(J277:K277) -> 0.4516129 | U277: =K277/SUM(J277:K277) -> 0.5483871
... A385: =+EOMONTH(A384,0)+1 -> 55123 | B385: =A385 -> 55123 | C385: =YEAR(A385) -> 2050 | D385: =MONTH(A385) -> 12 | E385: =EOMONTH(A385,0)-A385+1 -> 31 | F385: =NETWORKDAYS(A385,EOMONTH(A385,0)) -> 22 | G385: =+E385-F385 -> 9 | H385: =+H373 -> 1 | I385: =+I373 -> 0 | J385: =16*(F385-H385) -> 336 | K385: =+S385-J385 -> 408 | L385: =+G385*8 -> 72 | M385: =16*G385 -> 144 | N385: =+G385*24 -> 216 | O385: =+F385*8 -> 176 | P385: =16*F385 -> 352 | Q385: =8*E385 -> 248 | R385: =16*E385 -> 496 | S385: =E385*24+I385 -> 744 | T385: =+J385/SUM(J385:K385) -> 0.4516129 | U385: =K385/SUM(J385:K385) -> 0.5483871
C387: 2020 | J387: =SUMIF($C$1:$C$385,C387,$J$1:$J$385) -> 4096 | K387: =SUMIF($C$1:$C$385,C387,$K$1:$K$385) -> 4688 | S387: =+SUM(J387:K387) -> 8784
C388: =1+C387 -> 2021 | J388: =SUMIF($C$1:$C$385,C388,$J$1:$J$385) -> 4080 | K388: =SUMIF($C$1:$C$385,C388,$K$1:$K$385) -> 4680 | S388: =+SUM(J388:K388) -> 8760
C389: =1+C388 -> 2022 | J389: =SUMIF($C$1:$C$385,C389,$J$1:$J$385) -> 4064 | K389: =SUMIF($C$1:$C$385,C389,$K$1:$K$385) -> 4696 | S389: =+SUM(J389:K389) -> 8760
C390: =1+C389 -> 2023 | J390: =SUMIF($C$1:$C$385,C390,$J$1:$J$385) -> 4064 | K390: =SUMIF($C$1:$C$385,C390,$K$1:$K$385) -> 4696 | S390: =+SUM(J390:K390) -> 8760
C391: =1+C390 -> 2024 | J391: =SUMIF($C$1:$C$385,C391,$J$1:$J$385) -> 4096 | K391: =SUMIF($C$1:$C$385,C391,$K$1:$K$385) -> 4688 | S391: =+SUM(J391:K391) -> 8784
C392: =1+C391 -> 2025 | J392: =SUMIF($C$1:$C$385,C392,$J$1:$J$385) -> 4080 | K392: =SUMIF($C$1:$C$385,C392,$K$1:$K$385) -> 4680 | S392: =+SUM(J392:K392) -> 8760
C393: =1+C392 -> 2026 | J393: =SUMIF($C$1:$C$385,C393,$J$1:$J$385) -> 4080 | K393: =SUMIF($C$1:$C$385,C393,$K$1:$K$385) -> 4680 | S393: =+SUM(J393:K393) -> 8760
C394: =1+C393 -> 2027 | J394: =SUMIF($C$1:$C$385,C394,$J$1:$J$385) -> 4080 | K394: =SUMIF($C$1:$C$385,C394,$K$1:$K$385) -> 4680 | S394: =+SUM(J394:K394) -> 8760
C395: =1+C394 -> 2028 | J395: =SUMIF($C$1:$C$385,C395,$J$1:$J$385) -> 4064 | K395: =SUMIF($C$1:$C$385,C395,$K$1:$K$385) -> 4720 | S395: =+SUM(J395:K395) -> 8784
C396: =1+C395 -> 2029 | J396: =SUMIF($C$1:$C$385,C396,$J$1:$J$385) -> 4080 | K396: =SUMIF($C$1:$C$385,C396,$K$1:$K$385) -> 4680 | S396: =+SUM(J396:K396) -> 8760
C397: =1+C396 -> 2030 | J397: =SUMIF($C$1:$C$385,C397,$J$1:$J$385) -> 4080 | K397: =SUMIF($C$1:$C$385,C397,$K$1:$K$385) -> 4680 | S397: =+SUM(J397:K397) -> 8760
C398: =1+C397 -> 2031 | J398: =SUMIF($C$1:$C$385,C398,$J$1:$J$385) -> 4080 | K398: =SUMIF($C$1:$C$385,C398,$K$1:$K$385) -> 4680 | S398: =+SUM(J398:K398) -> 8760
C399: =1+C398 -> 2032 | J399: =SUMIF($C$1:$C$385,C399,$J$1:$J$385) -> 4096 | K399: =SUMIF($C$1:$C$385,C399,$K$1:$K$385) -> 4688 | S399: =+SUM(J399:K399) -> 8784
... C407: =1+C406 -> 2040 | J407: =SUMIF($C$1:$C$385,C407,$J$1:$J$385) -> 4080 | K407: =SUMIF($C$1:$C$385,C407,$K$1:$K$385) -> 4704 | S407: =+SUM(J407:K407) -> 8784

Sheet MA_HUB
B2: MA HUB History & Forecast (7x24 Energy)
B3: Nominal $/MWH
B5: MMM-YY | C5: Day Ahead LMP History | D5: ICAP 1.15.21 | E5: ICAP 8.23.21 | F5: ICAP 4/13/22 | G5: ICAP 6/8/22
B6: 42736 | C6: 40.302
B7: =+EOMONTH(B6,0)+1 -> 42767 | C7: 30.0242
B8: =+EOMONTH(B7,0)+1 -> 42795 | C8: 35.7528
B9: =+EOMONTH(B8,0)+1 -> 42826 | C9: 29.2338
B10: =+EOMONTH(B9,0)+1 -> 42856 | C10: 27.3081
B11: =+EOMONTH(B10,0)+1 -> 42887 | C11: 25.4837
B12: =+EOMONTH(B11,0)+1 -> 42917 | C12: 27.6044
B13: =+EOMONTH(B12,0)+1 -> 42948 | C13: 24.9029
B14: =+EOMONTH(B13,0)+1 -> 42979 | C14: 23.5741
B15: =+EOMONTH(B14,0)+1 -> 43009 | C15: 29.7436
B16: =+EOMONTH(B15,0)+1 -> 43040 | C16: 33.9783
B17: =+EOMONTH(B16,0)+1 -> 43070 | C17: 71.3138
B18: =+EOMONTH(B17,0)+1 -> 43101 | C18: 108.745
... B32: =+EOMONTH(B31,0)+1 -> 43525 | C32: 38.0652
B33: =+EOMONTH(B32,0)+1 -> 43556 | C33: 26.968 | I33: Table 3. Energy Prices by Sector and Source
B34: =+EOMONTH(B33,0)+1 -> 43586 | C34: 24.2142 | I34: https://www.eia.gov/outlooks/aeo/data/browser/#/?id=3-AEO2021&region=1-0&cases=ref2021&start=2019&end=2050&f=A&linechart=~ref2021-d113020a.38-3-AEO2021.1-0&map=ref2021-d113020a.4-3-AEO2021.1-0&ctype=linechart&sourcekey=0
B35: =+EOMONTH(B34,0)+1 -> 43617 | C35: 22.0885 | I35: Mon Mar 08 2021 10:13:39 GMT-0500 (Eastern Standard Time)
B36: =+EOMONTH(B35,0)+1 -> 43647 | C36: 29.7782 | I36: Source: U.S. Energy Information Administration
B37: =+EOMONTH(B36,0)+1 -> 43678 | C37: 25.6926 | I37: "Electric Power" sector, "Natural Gas"
B38: =+EOMONTH(B37,0)+1 -> 43709 | C38: 21.1365
B39: =+EOMONTH(B38,0)+1 -> 43739 | C39: 20.7461
B40: =+EOMONTH(B39,0)+1 -> 43770 | C40: 32.2867
B41: =+EOMONTH(B40,0)+1 -> 43800 | C41: 40.9838
B42: =+EOMONTH(B41,0)+1 -> 43831 | C42: 26.4482
B43: =+EOMONTH(B42,0)+1 -> 43862 | C43: 23.0572
B44: =+EOMONTH(B43,0)+1 -> 43891 | C44: 17.179
B45: =+EOMONTH(B44,0)+1 -> 43922 | C45: 18.3624
B46: =+EOMONTH(B45,0)+1 -> 43952 | C46: 16.4835
B47: =+EOMONTH(B46,0)+1 -> 43983 | C47: 19.8387
B48: =+EOMONTH(B47,0)+1 -> 44013 | C48: 23.7809
B49: =+EOMONTH(B48,0)+1 -> 44044 | C49: 23.7868
... B54: =+EOMONTH(B53,0)+1 -> 44197 | C54: 42.7296
B55: =+EOMONTH(B54,0)+1 -> 44228 | C55: 73.1231 | D55: 53.797619
B56: =+EOMONTH(B55,0)+1 -> 44256 | C56: 34.8813 | D56: 38.917497
B57: =+EOMONTH(B56,0)+1 -> 44287 | C57: 26.1399 | D57: 30.566667
B58: =+EOMONTH(B57,0)+1 -> 44317 | C58: 24.9816 | D58: 25.043011
B59: =+EOMONTH(B58,0)+1 -> 44348 | C59: 37.1012 | D59: 26.422222
B60: =+EOMONTH(B59,0)+1 -> 44378 | C60: 34.9765 | D60: 31.153226
B61: =+EOMONTH(B60,0)+1 -> 44409 | C61: 49.4714 | D61: 31.362903
B62: =+EOMONTH(B61,0)+1 -> 44440 | C62: 48.0088 | D62: 26.85 | E62: 40.466667
B63: =+EOMONTH(B62,0)+1 -> 44470 | C63: 57.7095 | D63: 26.454839 | E63: 41.766129
B64: =+EOMONTH(B63,0)+1 -> 44501 | C64: 56.6937 | D64: 36.698544 | E64: 52.562621
B65: =+EOMONTH(B64,0)+1 -> 44531 | C65: 65.1355 | D65: 49.943548 | E65: 81.572581
B66: =+EOMONTH(B65,0)+1 -> 44562 | C66: 149.4563 | D66: 60.193548 | E66: 115.37258
B67: =+EOMONTH(B66,0)+1 -> 44593 | C67: 117.076 | D67: 60.47619 | E67: 110.09286
B68: =+EOMONTH(B67,0)+1 -> 44621 | C68: 66.1839 | D68: 40.955249 | E68: 62.062584
B69: =+EOMONTH(B68,0)+1 -> 44652 | C69: 62.3659 | D69: 29.093333 | E69: 36.016667
B70: =+EOMONTH(B69,0)+1 -> 44682 | C70: 76.7061 | D70: 23.630645 | E70: 29.396774 | F70: 64.919355
B71: =+EOMONTH(B70,0)+1 -> 44713 | C71: 73.5678 | D71: 24.487778 | E71: 30.363333 | F71: 65.188889
B72: =+EOMONTH(B71,0)+1 -> 44743 | D72: 29.252151 | E72: 37.277957 | F72: 78.285484 | G72: 108.80699
B73: =+EOMONTH(B72,0)+1 -> 44774 | D73: 29.942473 | E73: 38.152151 | F73: 80.375806 | G73: 107.39839
B74: =+EOMONTH(B73,0)+1 -> 44805 | D74: 24.08 | E74: 29.446667 | F74: 64.086667 | G74: 93.016667
B75: =+EOMONTH(B74,0)+1 -> 44835 | D75: 25.28871 | E75: 30.324194 | F75: 66.193548 | G75: 87.354839
B76: =+EOMONTH(B75,0)+1 -> 44866 | D76: 33.56068 | E76: 43.67233 | F76: 93.456311 | G76: 118.28641
B77: =+EOMONTH(B76,0)+1 -> 44896 | D77: 48.758065 | E77: 64.919355 | F77: 170.03226 | G77: 198.58065
B78: =+EOMONTH(B77,0)+1 -> 44927 | D78: 60.693548 | E78: 91.830645 | F78: 202.90323 | G78: 228
B79: =+EOMONTH(B78,0)+1 -> 44958 | D79: 60.97619 | E79: 92.107143 | F79: 203.71429 | G79: 228.7619
B80: =+EOMONTH(B79,0)+1 -> 44986 | D80: 41.329071 | E80: 48.276245 | F80: 106.1817 | G80: 119.00242
B81: =+EOMONTH(B80,0)+1 -> 45017 | D81: 29.361111 | E81: 32.15 | F81: 51.25 | G81: 60.777778
B82: =+EOMONTH(B81,0)+1 -> 45047 | D82: 24.298387 | E82: 26.63172 | F82: 42.782258 | G82: 49.282258
B83: =+EOMONTH(B82,0)+1 -> 45078 | D83: 25.027778 | E83: 26.768889 | F83: 45.126667 | G83: 52.066667
... B89: =+EOMONTH(B88,0)+1 -> 45261 | D89: 49.233871 | E89: 59.386559 | F89: 114.03226 | G89: 117.17742
B90: =+EOMONTH(B89,0)+1 -> 45292 | E90: 89.336022 | F90: 159.19892 | G90: 150.64516
B91: =+EOMONTH(B90,0)+1 -> 45323 | E91: 89.439655 | F91: 159.39655 | G91: 150.86207
B92: =+EOMONTH(B91,0)+1 -> 45352 | E92: 46.281763 | F92: 67.796703 | G92: 68.783311
B93: =+EOMONTH(B92,0)+1 -> 45383 | E93: 31.195556 | F93: 38.216667 | G93: 43.267778
B94: =+EOMONTH(B93,0)+1 -> 45413 | E94: 25.192473 | F94: 31.186022 | G94: 36.334946
B95: =+EOMONTH(B94,0)+1 -> 45444 | E95: 25.055556 | F95: 31.544444 | G95: 36.75
B96: =+EOMONTH(B95,0)+1 -> 45474 | E96: 32.939785 | F96: 44.143011 | G96: 53.001613
B97: =+EOMONTH(B96,0)+1 -> 45505 | E97: 32.939785 | F97: 44.143011 | G97: 53.001613
B98: =+EOMONTH(B97,0)+1 -> 45536 | E98: 25.305556 | F98: 30.933333 | G98: 36.166667
B99: =+EOMONTH(B98,0)+1 -> 45566 | E99: 26.830645 | F99: 34.246774 | G99: 39.612366
B100: =+EOMONTH(B99,0)+1 -> 45597 | E100: 40.215811 | F100: 51.128779 | G100: 54.099861
B101: =+EOMONTH(B100,0)+1 -> 45627 | E101: 59.016129 | F101: 87.427419 | G101: 92.129032
B102: =+EOMONTH(B101,0)+1 -> 45658 | F102: =0.9*F90 -> 143.27903 | G102: 148.4086
B103: =+EOMONTH(B102,0)+1 -> 45689 | F103: =0.9*F91 -> 143.4569 | G103: 148.47619
B104: =+EOMONTH(B103,0)+1 -> 45717 | F104: =0.9*F92 -> 61.017032 | G104: =+G92*$I$104 -> 63.280646 | I104: 0.92
B105: =+EOMONTH(B104,0)+1 -> 45748 | F105: =0.9*F93 -> 34.395 | G105: =+G93*$I$104 -> 39.806356
B106: =+EOMONTH(B105,0)+1 -> 45778 | F106: =0.9*F94 -> 28.067419 | G106: =+G94*$I$104 -> 33.428151
B107: =+EOMONTH(B106,0)+1 -> 45809 | F107: =0.9*F95 -> 28.39 | G107: =+G95*$I$104 -> 33.81
B108: =+EOMONTH(B107,0)+1 -> 45839 | F108: =0.9*F96 -> 39.72871 | G108: =+G96*$I$104 -> 48.761484
B109: =+EOMONTH(B108,0)+1 -> 45870 | F109: =0.9*F97 -> 39.72871 | G109: =+G97*$I$104 -> 48.761484
B110: =+EOMONTH(B109,0)+1 -> 45901 | F110: =0.9*F98 -> 27.84 | G110: =+G98*$I$104 -> 33.273333
B111: =+EOMONTH(B110,0)+1 -> 45931 | F111: =0.9*F99 -> 30.822097 | G111: =+G99*$I$104 -> 36.443376
B112: =+EOMONTH(B111,0)+1 -> 45962 | F112: =0.9*F100 -> 46.015902 | G112: =+G100*$I$104 -> 49.771872
B113: =+EOMONTH(B112,0)+1 -> 45992 | F113: =0.9*F101 -> 78.684677 | G113: =+G101*$I$104 -> 84.75871
B114: =+EOMONTH(B113,0)+1 -> 46023 | F114: =0.99*F102 -> 141.84624 | G114: =+G102*0.97 -> 143.95634
B115: =+EOMONTH(B114,0)+1 -> 46054 | F115: =0.99*F103 -> 142.02233 | G115: =+G103*0.97 -> 144.0219
B116: =+EOMONTH(B115,0)+1 -> 46082 | F116: =0.99*F104 -> 60.406862 | G116: =+G104*0.97 -> 61.382227
B117: =+EOMONTH(B116,0)+1 -> 46113 | F117: =0.99*F105 -> 34.05105 | G117: =+G105*0.97 -> 38.612165
B118: =+EOMONTH(B117,0)+1 -> 46143 | F118: =0.99*F106 -> 27.786745 | G118: =+G106*0.97 -> 32.425306
B119: =+EOMONTH(B118,0)+1 -> 46174 | F119: =0.99*F107 -> 28.1061 | G119: =+G107*0.97 -> 32.7957
B120: =+EOMONTH(B119,0)+1 -> 46204 | F120: =0.99*F108 -> 39.331423 | G120: =+G108*0.97 -> 47.298639
B121: =+EOMONTH(B120,0)+1 -> 46235 | F121: =0.99*F109 -> 39.331423 | G121: =+G109*0.97 -> 47.298639
B122: =+EOMONTH(B121,0)+1 -> 46266 | F122: =0.99*F110 -> 27.5616 | G122: =+G110*0.97 -> 32.275133
B123: =+EOMONTH(B122,0)+1 -> 46296 | F123: =0.99*F111 -> 30.513876 | G123: =+G111*0.97 -> 35.350075
B124: =+EOMONTH(B123,0)+1 -> 46327 | F124: =0.99*F112 -> 45.555743 | G124: =+G112*0.97 -> 48.278716
...

Sheet AEO_2022
A1: Table 3. Energy Prices by Sector and Source
A2: https://www.eia.gov/outlooks/aeo/data/browser/#/?id=3-AEO2022&region=1-1&cases=ref2022&start=2020&end=2050&f=A&linechart=ref2022-d011222a.3-3-AEO2022.1-1&map=ref2022-d011222a.4-3-AEO2022.1-1&sourcekey=0
A3: Mon Mar 07 2022 14:15:21 GMT-0500 (Eastern Standard Time)
A4: Source: U.S. Energy Information Administration
A6: Item | B6: full name | C6: api key | D6: units | E6: 2020 | F6: 2021 | G6: 2022 | H6: 2023 | I6: 2024 | J6: 2025 | K6: 2026 | L6: 2027 | M6: 2028 | N6: 2029 | O6: 2030 | P6: 2031 | Q6: 2032 | R6: 2033 | S6: 2034 | T6: 2035 | U6: 2036 | V6: 2037 | W6: 2038 | X6: 2039 | Y6: 2040 | Z6: 2041 | AA6: 2042 | AB6: 2043 | AC6: 2044 | AD6: 2045 | AE6: 2046 | AF6: 2047 | AG6: 2048 | AH6: 2049 | AI6: 2050 | AJ6: Growth (2021-2050)
A7: Residential | C7: 3-AEO2022.2.
A8: Propane | B8: Energy Prices: Residential: Propane: AEO2022 Reference case | C8: 3-AEO2022.3.ref2022-d011222a | D8: 2021 $/MMBtu | F8: 25.035135 | G8: 27.06967 | H8: 26.83412 | I8: 26.886972 | J8: 26.820515 | K8: 26.919804 | L8: 27.287228 | M8: 27.897423 | N8: 28.474327 | O8: 29.070982 | P8: 29.644882 | Q8: 30.159658 | R8: 30.639078 | S8: 31.011866 | T8: 31.293982 | U8: 31.563549 | V8: 31.855932 | W8: 32.142567 | X8: 32.354969 | Y8: 32.698643 | Z8: 32.997513 | AA8: 33.158497 | AB8: 33.393574 | AC8: 33.679581 | AD8: 33.840153 | AE8: 34.012749 | AF8: 34.153675 | AG8: 34.25227 | AH8: 34.283512 | AI8: 34.281067 | AJ8: 0.011
A9: Distillate Fuel Oil | B9: Energy Prices: Residential: Distillate Fuel Oil: AEO2022 Reference case | C9: 3-AEO2022.4.ref2022-d011222a | D9: 2021 $/MMBtu | F9: 21.66988 | G9: 21.980335 | H9: 21.71468 | I9: 23.097567 | J9: 23.647591 | K9: 24.218807 | L9: 24.868811 | M9: 25.051352 | N9: 25.176514 | O9: 25.140089 | P9: 25.408905 | Q9: 25.507498 | R9: 25.571831 | S9: 25.618752 | T9: 25.698879 | U9: 25.873436 | V9: 26.095083 | W9: 26.226324 | X9: 26.300959 | Y9: 26.531126 | Z9: 26.633108 | AA9: 26.648052 | AB9: 26.878996 | AC9: 27.141329 | AD9: 27.244946 | AE9: 27.453573 | AF9: 27.486801 | AG9: 27.413906 | AH9: 27.40428 | AI9: 27.361204 | AJ9: 0.008
A10: Natural Gas | B10: Energy Prices: Residential: Natural Gas: AEO2022 Reference case | C10: 3-AEO2022.5.ref2022-d011222a | D10: 2021 $/MMBtu | F10: 15.125964 | G10: 14.41678 | H10: 14.09376 | I10: 14.037916 | J10: 14.154076 | K10: 14.36803 | L10: 14.60268 | M10: 14.610188 | N10: 14.626328 | O10: 14.644056 | P10: 14.661311 | Q10: 14.664193 | R10: 14.689439 | S10: 14.69313 | T10: 14.669325 | U10: 14.659694 | V10: 14.658889 | W10: 14.657519 | X10: 14.660538 | Y10: 14.660723 | Z10: 14.639202 | AA10: 14.632146 | AB10: 14.632092 | AC10: 14.599904 | AD10: 14.598268 | AE10: 14.599275 | AF10: 14.602782 | AG10: 14.602668 | AH10: 14.615225 | AI10: 14.621645 | AJ10: -0.001
A11: Electricity | B11: Energy Prices: Residential: Electricity: AEO2022 Reference case | C11: 3-AEO2022.6.ref2022-d011222a | D11: 2021 $/MMBtu | F11: 58.306873 | G11: 62.331921 | H11: 61.304279 | I11: 60.559471 | J11: 61.002563 | K11: 60.677692 | L11: 61.197933 | M11: 61.610626 | N11: 62.353497 | O11: 61.051949 | P11: 61.786293 | Q11: 62.20438 | R11: 62.738674 | S11: 64.389244 | T11: 64.444832 | U11: 64.55986 | V11: 64.817459 | W11: 64.936325 | X11: 65.155121 | Y11: 65.242615 | Z11: 65.569626 | AA11: 66.072914 | AB11: 66.120872 | AC11: 65.798004 | AD11: 65.807442 | AE11: 65.859085 | AF11: 65.744827 | AG11: 65.674034 | AH11: 65.679977 | AI11: 65.429779 | AJ11: 0.004
A12: Commercial | C12: 3-AEO2022.8.
A13: Propane | B13: Energy Prices: Commercial: Propane: AEO2022 Reference case | C13: 3-AEO2022.9.ref2022-d011222a | D13: 2021 $/MMBtu | F13: 19.120451 | G13: 20.159698 | H13: 18.567781 | I13: 18.482304 | J13: 18.344675 | K13: 18.469257 | L13: 18.862482 | M13: 19.415503 | N13: 19.794388 | O13: 20.183363 | P13: 20.531496 | Q13: 20.81731 | R13: 21.089712 | S13: 21.258707 | T13: 21.37261 | U13: 21.522289 | V13: 21.714008 | W13: 21.892292 | X13: 21.984709 | Y13: 22.262966 | Z13: 22.438658 | AA13: 22.46352 | AB13: 22.635532 | AC13: 22.848026 | AD13: 22.889408 | AE13: 22.993214 | AF13: 23.065588 | AG13: 23.103603 | AH13: 23.085098 | AI13: 23.060728 | AJ13: 0.006
A14: Distillate Fuel Oil | B14: Energy Prices: Commercial: Distillate Fuel Oil: AEO2022 Reference case | C14: 3-AEO2022.10.ref2022-d011222a | D14: 2021 $/MMBtu | F14: 23.615408 | G14: 24.091442 | H14: 22.786596 | I14: 23.293224 | J14: 22.886965 | K14: 22.524559 | L14: 22.252071 | M14: 22.4503 | N14: 22.576912 | O14: 22.551632 | P14: 22.818497 | Q14: 22.947388 | R14: 23.013416 | S14: 23.079622 | T14: 23.1712 | U14: 23.344172 | V14: 23.566185 | W14: 23.697966 | X14: 23.77059 | Y14: 24.003469 | Z14: 24.105095 | AA14: 24.120237 | AB14: 24.351274 | AC14: 24.615971 | AD14: 24.717945 | AE14: 24.931108 | AF14: 24.959742 | AG14: 24.884659 | AH14: 24.875692 | AI14: 24.823421 | AJ14: 0.002
A15: Residual Fuel Oil | B15: Energy Prices: Commercial: Residual Fuel: AEO2022 Reference case | C15: 3-AEO2022.11.ref2022-d011222a | D15: 2021 $/MMBtu | F15: 6.643774 | G15: 7.678629 | H15: 7.819719 | I15: 9.188543 | J15: 9.754292 | K15: 10.362782 | L15: 11.148508 | M15: 11.353768 | N15: 11.451889 | O15: 11.606949 | P15: 11.787606 | Q15: 11.928543 | R15: 12.049053 | S15: 12.060984 | T15: 12.080411 | U15: 12.03447 | V15: 12.02095 | W15: 12.214444 | X15: 12.038575 | Y15: 12.561745 | Z15: 12.733655 | AA15: 12.874405 | AB15: 13.245458 | AC15: 13.523375 | AD15: 13.618361 | AE15: 13.760704 | AF15: 13.885478 | AG15: 13.782187 | AH15: 13.845863 | AI15: 13.753201 | AJ15: 0.025
A16: Natural Gas | B16: Energy Prices: Commercial: Natural Gas: AEO2022 Reference case | C16: 3-AEO2022.12.ref2022-d011222a | D16: 2021 $/MMBtu | F16: 10.788595 | G16: 11.016042 | H16: 10.861012 | I16: 10.735426 | J16: 10.793182 | K16: 10.957176 | L16: 11.141132 | M16: 11.174881 | N16: 11.211123 | O16: 11.245459 | P16: 11.279484 | Q16: 11.298209 | R16: 11.339303 | S16: 11.358431 | T16: 11.348579 | U16: 11.352531 | V16: 11.365285 | W16: 11.377382 | X16: 11.393961 | Y16: 11.407151 | Z16: 11.397449 | AA16: 11.402092 | AB16: 11.413467 | AC16: 11.391392 | AD16: 11.399374 | AE16: 11.409692 | AF16: 11.422367 | AG16: 11.431129 | AH16: 11.452569 | AI16: 11.467671 | AJ16: 0.002
A17: Electricity | B17: Energy Prices: Commercial: Electricity: AEO2022 Reference case | C17: 3-AEO2022.13.ref2022-d011222a | D17: 2021 $/MMBtu | F17: 49.912369 | G17: 54.383038 | H17: 52.175663 | I17: 51.028332 | J17: 51.182877 | K17: 50.522621 | L17: 50.704906 | M17: 50.819679 | N17: 51.288013 | O17: 49.622921 | P17: 50.099918 | Q17: 50.039978 | R17: 50.295265 | S17: 51.68301 | T17: 51.387306 | U17: 51.094501 | V17: 51.072754 | W17: 50.951706 | X17: 50.972198 | Y17: 50.90868 | Z17: 50.997555 | AA17: 51.23698 | AB17: 51.044262 | AC17: 50.437019 | AD17: 50.226383 | AE17: 50.139999 | AF17: 49.875084 | AG17: 49.651047 | AH17: 49.53231 | AI17: 49.326973 | AJ17: 0
A18: Industrial | C18: 3-AEO2022.15.
A19: Propane | B19: Energy Prices: Industrial: Propane: AEO2022 Reference case | C19: 3-AEO2022.16.ref2022-d011222a | D19: 2021 $/MMBtu | F19: 13.641981 | G19: 14.473857 | H19: 12.690696 | I19: 12.673786 | J19: 12.554608 | K19: 12.704501 | L19: 13.113275 | M19: 13.681419 | N19: 14.057202 | O19: 14.454497 | P19: 14.810349 | Q19: 15.102989 | R19: 15.386189 | S19: 15.557034 | T19: 15.672612 | U19: 15.832416 | V19: 16.038618 | W19: 16.228031 | X19: 16.321312 | Y19: 16.630306 | Z19: 16.814444 | AA19: 16.831152 | AB19: 17.024878 | AC19: 17.258875 | AD19: 17.293581 | AE19: 17.409199 | AF19: 17.486641 | AG19: 17.525883 | AH19: 17.502066 | AI19: 17.474977 | AJ19: 0.009
A20: Distillate Fuel Oil | B20: Energy Prices: Industrial: Distillate Fuel Oil: AEO2022 Reference case | C20: 3-AEO2022.17.ref2022-d011222a | D20: 2021 $/MMBtu | F20: 22.66334 | G20: 23.201466 | H20: 21.943136 | I20: 22.442005 | J20: 22.055786 | K20: 21.703842 | L20: 21.439802 | M20: 21.632864 | N20: 21.758801 | O20: 21.730202 | P20: 21.997549 | Q20: 22.116241 | R20: 22.181684 | S20: 22.24136 | T20: 22.328917 | U20: 22.502491 | V20: 22.724329 | W20: 22.855452 | X20: 22.928747 | Y20: 23.160803 | Z20: 23.262079 | AA20: 23.277048 | AB20: 23.507933 | AC20: 23.772133 | AD20: 23.874573 | AE20: 24.086081 | AF20: 24.116144 | AG20: 24.041609 | AH20: 24.031929 | AI20: 23.982382 | AJ20: 0.002
A21: Residual Fuel Oil | B21: Energy Prices: Industrial: Residual Fuel Oil: AEO2022 Reference case | C21: 3-AEO2022.18.ref2022-d011222a | D21: 2021 $/MMBtu | F21: 6.560986 | G21: 7.595841 | H21: 7.753489 | I21: 9.138871 | J21: 9.721175 | K21: 10.346225 | L21: 11.148508 | M21: 11.353768 | N21: 11.451889 | O21: 11.606949 | P21: 11.787606 | Q21: 11.928543 | R21: 12.049053 | S21: 12.060984 | T21: 12.080411 | U21: 12.03447 | V21: 12.02095 | W21: 12.214444 | X21: 12.038575 | Y21: 12.561745 | Z21: 12.733655 | AA21: 12.874405 | AB21: 13.245458 | AC21: 13.523375 | AD21: 13.618361 | AE21: 13.760704 | AF21: 13.885478 | AG21: 13.782187 | AH21: 13.845863 | AI21: 13.753201 | AJ21: 0.026
A22: Natural Gas | B22: Energy Prices: Industrial: Natural Gas: AEO2022 Reference case | C22: 3-AEO2022.19.ref2022-d011222a | D22: 2021 $/MMBtu | F22: 8.384542 | G22: 8.160567 | H22: 7.609367 | I22: 6.991747 | J22: 6.626662 | K22: 6.370226 | L22: 6.205708 | M22: 6.231203 | N22: 6.348212 | O22: 6.462589 | P22: 6.613251 | Q22: 6.556633 | R22: 6.682987 | S22: 6.715962 | T22: 6.621602 | U22: 6.558052 | V22: 6.642486 | W22: 6.666791 | X22: 6.723454 | Y22: 6.659616 | Z22: 6.636618 | AA22: 6.605548 | AB22: 6.600779 | AC22: 6.44558 | AD22: 6.528197 | AE22: 6.533082 | AF22: 6.558208 | AG22: 6.498867 | AH22: 6.612632 | AI22: 6.602129 | AJ22: -0.008
A23: Metallurgical Coal | B23: Energy Prices: Industrial: Metallurgical Coal: AEO2022 Reference case | C23: 3-AEO2022.20.ref2022-d011222a | D23: 2021 $/MMBtu | F23: 0 | G23: 0 | H23: 0 | I23: 0 | J23: 0 | K23: 0 | L23: 0 | M23: 0 | N23: 0 | O23: 0 | P23: 0 | Q23: 0 | R23: 0 | S23: 0 | T23: 0 | U23: 0 | V23: 0 | W23: 0 | X23: 0 | Y23: 0 | Z23: 0 | AA23: 0 | AB23: 0 | AC23: 0 | AD23: 0 | AE23: 0 | AF23: 0 | AG23: 0 | AH23: 0 | AI23: 0 | AJ23: - -
A24: Other Industrial Coal | B24: Energy Prices: Industrial: Other Industrial Coal: AEO2022 Reference case | C24: 3-AEO2022.21.ref2022-d011222a | D24: 2021 $/MMBtu | F24: 3.945433 | G24: 4.076743 | H24: 3.91586 | I24: 3.944708 | J24: 3.974474 | K24: 3.998388 | L24: 4.021678 | M24: 4.051169 | N24: 4.078565 | O24: 4.111599 | P24: 4.150519 | Q24: 4.184463 | R24: 4.217855 | S24: 4.247001 | T24: 4.261702 | U24: 4.290887 | V24: 4.319218 | W24: 4.351174 | X24: 4.385928 | Y24: 4.417858 | Z24: 3.97442 | AA24: 3.947324 | AB24: 3.93871 | AC24: 3.941442 | AD24: 3.942779 | AE24: 3.943901 | AF24: 3.943822 | AG24: 3.942263 | AH24: 3.941411 | AI24: 3.940008 | AJ24: 0
A25: Coal to Liquids | B25: Energy Prices: Industrial: Coal to Liquids: AEO2022 Reference case | C25: 3-AEO2022.22.ref2022-d011222a | D25: 2021 $/MMBtu | F25: 0 | G25: 0 | H25: 0 | I25: 0 | J25: 0 | K25: 0 | L25: 0 | M25: 0 | N25: 0 | O25: 0 | P25: 0 | Q25: 0 | R25: 0 | S25: 0 | T25: 0 | U25: 0 | V25: 0 | W25: 0 | X25: 0 | Y25: 0 | Z25: 0 | AA25: 0 | AB25: 0 | AC25: 0 | AD25: 0 | AE25: 0 | AF25: 0 | AG25: 0 | AH25: 0 | AI25: 0 | AJ25: - -
A26: Electricity | B26: Energy Prices: Industrial: Electricity: AEO2022 Reference case | C26: 3-AEO2022.23.ref2022-d011222a | D26: 2021 $/MMBtu | F26: 40.035011 | G26: 43.97913 | H26: 41.506958 | I26: 39.872066 | J26: 39.502159 | K26: 38.512909 | L26: 38.408588 | M26: 38.302769 | N26: 38.529598 | O26: 36.706024 | P26: 36.880516 | Q26: 36.79147 | R26: 36.993549 | S26: 37.515091 | T26: 36.984848 | U26: 36.572533 | V26: 36.414555 | W26: 36.325924 | X26: 36.244125 | Y26: 36.093838 | Z26: 36.111919 | AA26: 36.088863 | AB26: 35.810822 | AC26: 35.322662 | AD26: 35.092964 | AE26: 34.936813 | AF26: 34.677662 | AG26: 34.460659 | AH26: 34.384739 | AI26: 34.193012 | AJ26: -0.005
A27: Transportation | C27: 3-AEO2022.25.
A28: Propane | B28: Energy Prices: Transportation: Propane: AEO2022 Reference case | C28: 3-AEO2022.26.ref2022-d011222a | D28: 2021 $/MMBtu | F28: 17.204502 | G28: 17.80039 | H28: 16.329887 | I28: 16.333549 | J28: 16.237137 | K28: 16.364637 | L28: 16.702538 | M28: 17.162653 | N28: 17.459478 | O28: 17.772444 | P28: 18.049597 | Q28: 18.275579 | R28: 18.493536 | S28: 18.623451 | T28: 18.71154 | U28: 18.834213 | V28: 18.991722 | W28: 19.13513 | X28: 19.204969 | Y28: 19.439337 | Z28: 19.575996 | AA28: 19.587339 | AB28: 19.733606 | AC28: 19.90778 | AD28: 19.932138 | AE28: 20.018835 | AF28: 20.076462 | AG28: 20.106049 | AH28: 20.089279 | AI28: 20.070791 | AJ28: 0.005
A29: E85 | B29: Energy Prices: Transportation: E85: AEO2022 Reference case | C29: 3-AEO2022.27.ref2022-d011222a | D29: 2021 $/MMBtu | F29: 32.47377 | G29: 31.832163 | H29: 26.710695 | I29: 26.899824 | J29: 26.019684 | K29: 26.364555 | L29: 26.803045 | M29: 27.374214 | N29: 27.600338 | O29: 28.210936 | P29: 28.530109 | Q29: 28.853456 | R29: 29.016779 | S29: 29.271751 | T29: 29.394899 | U29: 29.638676 | V29: 29.861605 | W29: 30.176332 | X29: 30.200035 | Y29: 30.451591 | Z29: 30.638271 | AA29: 30.542326 | AB29: 30.825546 | AC29: 30.984224 | AD29: 31.098352 | AE29: 31.352509 | AF29: 31.455873 | AG29: 31.228071 | AH29: 31.398388 | AI29: 31.376112 | AJ29: -0.001
A30: Motor Gasoline | B30: Energy Prices: Transportation: Motor Gasoline: AEO2022 Reference case | C30: 3-AEO2022.28.ref2022-d011222a | D30: 2021 $/MMBtu | F30: 26.554398 | G30: 25.209085 | H30: 22.308292 | I30: 22.037746 | J30: 21.731173 | K30: 21.925957 | L30: 22.169886 | M30: 22.426392 | N30: 22.611645 | O30: 23.181011 | P30: 23.485348 | Q30: 23.751518 | R30: 23.885962 | S30: 24.09585 | T30: 24.197222 | U30: 24.397894 | V30: 24.581404 | W30: 24.840481 | X30: 24.859991 | Y30: 25.067068 | Z30: 25.220737 | AA30: 25.247618 | AB30: 25.497061 | AC30: 25.752285 | AD30: 25.847143 | AE30: 26.058382 | AF30: 26.144295 | AG30: 26.081125 | AH30: 26.096512 | AI30: 26.077999 | AJ30: -0.001
A31: Jet Fuel | B31: Energy Prices: Transportation: Jet Fuel: AEO2022 Reference case | C31: 3-AEO2022.29.ref2022-d011222a | D31: 2021 $/MMBtu | F31: 14.819134 | G31: 15.377955 | H31: 14.25343 | I31: 15.409173 | J31: 15.412287 | K31: 15.532484 | L31: 15.738528 | M31: 16.030107 | N31: 16.190268 | O31: 16.126503 | P31: 16.557293 | Q31: 16.741539 | R31: 16.841959 | S31: 17.01759 | T31: 17.128796 | U31: 17.322979 | V31: 17.574711 | W31: 17.752554 | X31: 17.844677 | Y31: 18.052856 | Z31: 18.185486 | AA31: 18.216322 | AB31: 18.493483 | AC31: 18.802206 | AD31: 18.908283 | AE31: 19.109535 | AF31: 19.189157 | AG31: 19.163294 | AH31: 19.212271 | AI31: 19.135948 | AJ31: 0.009
A32: Diesel Fuel (distillate fuel oil) | B32: Energy Prices: Transportation: Diesel Fuel: AEO2022 Reference case | C32: 3-AEO2022.30.ref2022-d011222a | D32: 2021 $/MMBtu | F32: 24.112137 | G32: 23.097979 | H32: 22.217009 | I32: 22.977013 | J32: 22.926235 | K32: 22.885073 | L32: 22.921345 | M32: 23.099573 | N32: 23.232822 | O32: 23.195564 | P32: 23.457542 | Q32: 23.559353 | R32: 23.617508 | S32: 23.671185 | T32: 23.750776 | U32: 23.944475 | V32: 24.1378 | W32: 24.262136 | X32: 24.35025 | Y32: 24.581966 | Z32: 24.686249 | AA32: 24.695507 | AB32: 24.923164 | AC32: 25.194223 | AD32: 25.287655 | AE32: 25.495314 | AF32: 25.535545 | AG32: 25.455845 | AH32: 25.445328 | AI32: 25.412609 | AJ32: 0.002
A33: Residual Fuel Oil | B33: Energy Prices: Transportation: Residual Fuel Oil: AEO2022 Reference case | C33: 3-AEO2022.31.ref2022-d011222a | D33: 2021 $/MMBtu | F33: 3.595645 | G33: 5.213851 | H33: 8.322374 | I33: 9.13607 | J33: 9.245095 | K33: 9.380846 | L33: 9.665101 | M33: 9.833634 | N33: 9.916941 | O33: 10.043159 | P33: 10.209383 | Q33: 10.326648 | R33: 10.428328 | S33: 10.437136 | T33: 10.452194 | U33: 10.412575 | V33: 10.401512 | W33: 10.5625 | X33: 10.410656 | Y33: 10.842026 | Z33: 10.979572 | AA33: 11.090327 | AB33: 11.390145 | AC33: 11.613426 | AD33: 11.688792 | AE33: 11.80081 | AF33: 11.901866 | AG33: 11.813303 | AH33: 11.865891 | AI33: 11.787175 | AJ33: 0.042
A34: Natural Gas | B34: Energy Prices: Transportation: Natural Gas: AEO2022 Reference case | C34: 3-AEO2022.32.ref2022-d011222a | D34: 2021 $/MMBtu | F34: 18.234917 | G34: 17.999331 | H34: 17.253464 | I34: 16.513891 | J34: 16.002186 | K34: 15.561357 | L34: 15.172909 | M34: 14.94827 | N34: 14.792896 | O34: 14.660657 | P34: 14.596497 | Q34: 14.364266 | R34: 14.310951 | S34: 14.196051 | T34: 13.980716 | U34: 13.805936 | V34: 13.769164 | W34: 13.691889 | X34: 13.656502 | Y34: 13.522044 | Z34: 13.430668 | AA34: 13.343999 | AB34: 13.285146 | AC34: 13.094678 | AD34: 13.129354 | AE34: 13.100081 | AF34: 13.09777 | AG34: 13.024278 | AH34: 13.113109 | AI34: 13.089991 | AJ34: -0.011
A35: Electricity | B35: Energy Prices: Transportation: Electricity: AEO2022 Reference case | C35: 3-AEO2022.33.ref2022-d011222a | D35: 2021 $/MMBtu | F35: 48.066566 | G35: 54.673752 | H35: 52.209644 | I35: 51.986633 | J35: 52.313103 | K35: 52.080509 | L35: 52.53944 | M35: 52.815689 | N35: 53.169163 | O35: 51.637287 | P35: 51.829998 | Q35: 52.085537 | R35: 52.403736 | S35: 52.536919 | T35: 51.999413 | U35: 51.775772 | V35: 51.657883 | W35: 51.706177 | X35: 51.559143 | Y35: 51.244892 | Z35: 51.318386 | AA35: 51.10704 | AB35: 50.666248 | AC35: 50.218166 | AD35: 49.879631 | AE35: 49.499165 | AF35: 49.0285 | AG35: 48.630245 | AH35: 48.371208 | AI35: 48.135262 | AJ35: 0
A36: Electric Power | C36: 3-AEO2022.35.
A37: Distillate Fuel Oil | B37: Energy Prices: Electric Power: Distillate Fuel Oil: AEO2022 Reference case | C37: 3-AEO2022.36.ref2022-d011222a | D37: 2021 $/MMBtu | F37: 21.00757 | G37: 21.276632 | H37: 19.52162 | I37: 19.91078 | J37: 19.216614 | K37: 18.625053 | L37: 18.13575 | M37: 18.365662 | N37: 18.496405 | O37: 18.491461 | P37: 18.755354 | Q37: 18.946781 | R37: 19.016397 | S37: 19.122644 | T37: 19.238869 | U37: 19.408119 | V37: 19.63122 | W37: 19.767038 | X37: 19.835541 | Y37: 20.073475 | Z37: 20.177227 | AA37: 20.193453 | AB37: 20.425428 | AC37: 20.693148 | AD37: 20.792273 | AE37: 21.015575 | AF37: 21.035454 | AG37: 20.957006 | AH37: 20.952419 | AI37: 20.883451 | AJ37: 0
A38: Residual Fuel Oil | B38: Energy Prices: Electric Power: Residual Fuel Oil: AEO2022 Reference case | C38: 3-AEO2022.37.ref2022-d011222a | D38: 2021 $/MMBtu | F38: 11.818052 | G38: 11.880143 | H38: 11.18093 | I38: 11.709453 | J38: 11.434896 | K38: 11.203086 | L38: 11.148508 | M38: 11.353768 | N38: 11.451889 | O38: 11.606949 | P38: 11.787606 | Q38: 11.928543 | R38: 12.049053 | S38: 12.060984 | T38: 12.080411 | U38: 12.03447 | V38: 12.02095 | W38: 12.214444 | X38: 12.038575 | Y38: 12.561745 | Z38: 12.733655 | AA38: 12.874405 | AB38: 13.245458 | AC38: 13.523375 | AD38: 13.618361 | AE38: 13.760704 | AF38: 13.885478 | AG38: 13.782187 | AH38: 13.845863 | AI38: 13.753201 | AJ38: 0.005
A39: Natural Gas | B39: Energy Prices: Electric Power: Natural Gas: AEO2022 Reference case | C39: 3-AEO2022.38.ref2022-d011222a | D39: 2021 $/MMBtu | F39: 6.835502 | G39: 4.988521 | H39: 4.597235 | I39: 4.060102 | J39: 3.637986 | K39: 3.453452 | L39: 3.328917 | M39: 3.390298 | N39: 3.42703 | O39: 3.524672 | P39: 3.643366 | Q39: 3.657269 | R39: 3.721418 | S39: 3.741991 | T39: 3.68067 | U39: 3.661041 | V39: 3.664228 | W39: 3.696314 | X39: 3.7196 | Y39: 3.740167 | Z39: 3.703448 | AA39: 3.68425 | AB39: 3.681595 | AC39: 3.546359 | AD39: 3.554521 | AE39: 3.556693 | AF39: 3.564756 | AG39: 3.572619 | AH39: 3.606233 | AI39: 3.602793 | AJ39: -0.022
A40: Steam Coal | B40: Energy Prices: Electric Power: Steam Coal: AEO2022 Reference case | C40: 3-AEO2022.39.ref2022-d011222a | D40: 2021 $/MMBtu | F40: 0 | G40: 0 | H40: 3.301853 | I40: 0.203442 | J40: 0 | K40: 0 | L40: 0 | M40: 0 | N40: 0 | O40: 0 | P40: 0 | Q40: 0 | R40: 0 | S40: 0 | T40: 0 | U40: 0 | V40: 0 | W40: 0 | X40: 0 | Y40: 0 | Z40: 0 | AA40: 0 | AB40: 0 | AC40: 0 | AD40: 0 | AE40: 0 | AF40: 0 | AG40: 0 | AH40: 0 | AI40: 0 | AJ40: - -
A41: Uranium | B41: Energy Prices: Electric Power: Uranium: AEO2022 Reference case | C41: 3-AEO2022.40.ref2022-d011222a | D41: 2021 $/MMBtu | F41: 0.716664 | G41: 0.717713 | H41: 0.719812 | I41: 0.720861 | J41: 0.722959 | K41: 0.724009 | L41: 0.726107 | M41: 0.727157 | N41: 0.729255 | O41: 0.731354 | P41: 0.732403 | Q41: 0.734502 | R41: 0.7366 | S41: 0.737649 | T41: 0.739748 | U41: 0.741847 | V41: 0.742896 | W41: 0.744994 | X41: 0.747093 | Y41: 0.749192 | Z41: 0.75129 | AA41: 0.753389 | AB41: 0.755487 | AC41: 0.757586 | AD41: 0.759685 | AE41: 0.761783 | AF41: 0.763882 | AG41: 0.76598 | AH41: 0.768079 | AI41: 0.770177 | AJ41: 0.002
A42: Average Price to All Users | C42: 3-AEO2022.44.
A43: Propane | B43: Energy Prices: Average Price to All Users: Propane: AEO2022 Reference case | C43: 3-AEO2022.45.ref2022-d011222a | D43: 2021 $/MMBtu | F43: 22.743553 | G43: 24.462116 | H43: 23.661135 | I43: 23.8804 | J43: 23.80591 | K43: 23.931337 | L43: 24.28978 | M43: 24.861383 | N43: 25.346857 | O43: 25.847992 | P43: 26.318157 | Q43: 26.726719 | R43: 27.107328 | S43: 27.38221 | T43: 27.580173 | U43: 27.784245 | V43: 28.018423 | W43: 28.243458 | X43: 28.389307 | Y43: 28.687681 | Z43: 28.918659 | AA43: 29.006378 | AB43: 29.196917 | AC43: 29.4338 | AD43: 29.527449 | AE43: 29.653374 | AF43: 29.748039 | AG43: 29.803795 | AH43: 29.796816 | AI43: 29.767323 | AJ43: 0.009
A44: E85 | B44: Energy Prices: Average Price to All Users: E85: AEO2022 Reference case | C44: 3-AEO2022.46.ref2022-d011222a | D44: 2021 $/MMBtu | F44: 32.47377 | G44: 31.832163 | H44: 26.710695 | I44: 26.899824 | J44: 26.019684 | K44: 26.364555 | L44: 26.803045 | M44: 27.374214 | N44: 27.600338 | O44: 28.210936 | P44: 28.530109 | Q44: 28.853456 | R44: 29.016779 | S44: 29.271751 | T44: 29.394899 | U44: 29.638676 | V44: 29.861605 | W44: 30.176332 | X44: 30.200035 | Y44: 30.451591 | Z44: 30.638271 | AA44: 30.542326 | AB44: 30.825546 | AC44: 30.984224 | AD44: 31.098352 | AE44: 31.352509 | AF44: 31.455873 | AG44: 31.228071 | AH44: 31.398388 | AI44: 31.376112 | AJ44: -0.001
A45: Motor Gasoline | B45: Energy Prices: Average Price to All Users: Motor Gasoline: AEO2022 Reference case | C45: 3-AEO2022.47.ref2022-d011222a | D45: 2021 $/MMBtu | F45: 26.553932 | G45: 25.208637 | H45: 22.336912 | I45: 22.074986 | J45: 21.763271 | K45: 21.944296 | L45: 22.169884 | M45: 22.426392 | N45: 22.611647 | O45: 23.181011 | P45: 23.485348 | Q45: 23.751516 | R45: 23.885962 | S45: 24.09585 | T45: 24.197224 | U45: 24.397896 | V45: 24.581404 | W45: 24.840481 | X45: 24.859989 | Y45: 25.067068 | Z45: 25.220737 | AA45: 25.247618 | AB45: 25.497061 | AC45: 25.752283 | AD45: 25.847143 | AE45: 26.058382 | AF45: 26.144295 | AG45: 26.081127 | AH45: 26.09651 | AI45: 26.077997 | AJ45: -0.001
A46: Jet Fuel | B46: Energy Prices: Average Price to All Users: Jet Fuel: AEO2022 Reference case | C46: 3-AEO2022.48.ref2022-d011222a | D46: 2021 $/MMBtu | F46: 14.819134 | G46: 15.377955 | H46: 14.25343 | I46: 15.409173 | J46: 15.412287 | K46: 15.532484 | L46: 15.738528 | M46: 16.030107 | N46: 16.190268 | O46: 16.126503 | P46: 16.557293 | Q46: 16.741539 | R46: 16.841959 | S46: 17.01759 | T46: 17.128796 | U46: 17.322979 | V46: 17.574711 | W46: 17.752554 | X46: 17.844677 | Y46: 18.052856 | Z46: 18.185486 | AA46: 18.216322 | AB46: 18.493483 | AC46: 18.802206 | AD46: 18.908283 | AE46: 19.109535 | AF46: 19.189157 | AG46: 19.163294 | AH46: 19.212271 | AI46: 19.135948 | AJ46: 0.009
A47: Distillate Fuel Oil | B47: Energy Prices: Average Price to All Users: Distillate Fuel Oil: AEO2022 Reference case | C47: 3-AEO2022.49.ref2022-d011222a | D47: 2021 $/MMBtu | F47: 22.89188 | G47: 22.668213 | H47: 22.013145 | I47: 23.030216 | J47: 23.201168 | K47: 23.389774 | L47: 23.655579 | M47: 23.832323 | N47: 23.950758 | O47: 23.91161 | P47: 24.176128 | Q47: 24.272188 | R47: 24.331324 | S47: 24.375053 | T47: 24.450994 | U47: 24.620903 | V47: 24.837172 | W47: 24.961071 | X47: 25.029913 | Y47: 25.253983 | Z47: 25.349005 | AA47: 25.357529 | AB47: 25.581564 | AC47: 25.837769 | AD47: 25.934534 | AE47: 26.136232 | AF47: 26.163029 | AG47: 26.084229 | AH47: 26.068094 | AI47: 26.01697 | AJ47: 0.004
A48: Residual Fuel Oil | B48: Energy Prices: Average Price to All Users: Residual Fuel Oil: AEO2022 Reference case | C48: 3-AEO2022.50.ref2022-d011222a | D48: 2021 $/MMBtu | F48: 5.55845 | G48: 6.67076 | H48: 8.134384 | I48: 9.151201 | J48: 9.523393 | K48: 9.939912 | L48: 10.514978 | M48: 10.711787 | N48: 10.81282 | O48: 10.962888 | P48: 11.140649 | Q48: 11.277643 | R48: 11.396494 | S48: 11.412326 | T48: 11.434052 | U48: 11.395772 | V48: 11.388428 | W48: 11.571897 | X48: 11.413045 | Y48: 11.900018 | Z48: 12.062356 | AA48: 12.195449 | AB48: 12.540611 | AC48: 12.797593 | AD48: 12.888664 | AE48: 13.022538 | AF48: 13.141172 | AG48: 13.04855 | AH48: 13.11167 | AI48: 13.029594 | AJ48: 0.03
A49: Natural Gas | B49: Energy Prices: Average Price to All Users: Natural Gas: AEO2022 Reference case | C49: 3-AEO2022.51.ref2022-d011222a | D49: 2021 $/MMBtu | F49: 10.071881 | G49: 9.394622 | H49: 9.04937 | I49: 8.878914 | J49: 8.998478 | K49: 9.189996 | L49: 9.465486 | M49: 9.533594 | N49: 9.71153 | O49: 9.850924 | P49: 9.879198 | Q49: 9.86386 | R49: 9.887981 | S49: 9.90876 | T49: 9.901487 | U49: 9.876184 | V49: 9.873761 | W49: 9.846018 | X49: 9.846812 | Y49: 9.834151 | Z49: 9.729658 | AA49: 9.702075 | AB49: 9.677734 | AC49: 9.7693 | AD49: 9.790117 | AE49: 9.778837 | AF49: 9.747989 | AG49: 9.719303 | AH49: 9.724445 | AI49: 9.725014 | AJ49: -0.001
A50: Metallurgical Coal | B50: Energy Prices: Average Price to All Users: Metallurgical Coal: AEO2022 Reference case | C50: 3-AEO2022.52.ref2022-d011222a | D50: 2021 $/MMBtu | F50: 0 | G50: 0 | H50: 0 | I50: 0 | J50: 0 | K50: 0 | L50: 0 | M50: 0 | N50: 0 | O50: 0 | P50: 0 | Q50: 0 | R50: 0 | S50: 0 | T50: 0 | U50: 0 | V50: 0 | W50: 0 | X50: 0 | Y50: 0 | Z50: 0 | AA50: 0 | AB50: 0 | AC50: 0 | AD50: 0 | AE50: 0 | AF50: 0 | AG50: 0 | AH50: 0 | AI50: 0 | AJ50: - -
A51: Other Coal | B51: Energy Prices: Average Price to All Users: Other Coal: AEO2022 Reference case | C51: 3-AEO2022.53.ref2022-d011222a | D51: 2021 $/MMBtu | F51: 0.189531 | G51: 0.194891 | H51: 3.340515 | I51: 3.537851 | J51: 3.576171 | K51: 3.53316 | L51: 3.415445 | M51: 3.662165 | N51: 4.07834 | O51: 4.111372 | P51: 4.150288 | Q51: 4.184229 | R51: 4.217619 | S51: 4.246763 | T51: 4.261461 | U51: 4.290641 | V51: 4.318968 | W51: 4.350919 | X51: 4.385665 | Y51: 4.41759 | Z51: 3.452524 | AA51: 3.423219 | AB51: 3.42131 | AC51: 3.426701 | AD51: 3.428989 | AE51: 3.429043 | AF51: 3.424121 | AG51: 3.418494 | AH51: 3.412563 | AI51: 3.404385 | AJ51: 0.105
A52: Coal to Liquids | B52: Energy Prices: Average Price to All Users: Coal to Liquids: AEO2022 Reference case | C52: 3-AEO2022.54.ref2022-d011222a | D52: 2021 $/MMBtu | F52: 0 | G52: 0 | H52: 0 | I52: 0 | J52: 0 | K52: 0 | L52: 0 | M52: 0 | N52: 0 | O52: 0 | P52: 0 | Q52: 0 | R52: 0 | S52: 0 | T52: 0 | U52: 0 | V52: 0 | W52: 0 | X52: 0 | Y52: 0 | Z52: 0 | AA52: 0 | AB52: 0 | AC52: 0 | AD52: 0 | AE52: 0 | AF52: 0 | AG52: 0 | AH52: 0 | AI52: 0 | AJ52: - -
A53: Electricity | B53: Energy Prices: Average Price to All Users: Electricity: AEO2022 Reference case | C53: 3-AEO2022.55.ref2022-d011222a | D53: 2021 $/MMBtu | F53: 52.194832 | G53: 56.279327 | H53: 54.63755 | I53: 53.618999 | J53: 53.842495 | K53: 53.303001 | L53: 53.610985 | M53: 53.842258 | N53: 54.402279 | O53: 52.888237 | P53: 53.448952 | Q53: 53.614437 | R53: 54.001755 | S53: 55.375942 | T53: 55.204411 | U53: 55.094398 | V53: 55.189278 | W53: 55.195026 | X53: 55.304775 | Y53: 55.308147 | Z53: 55.501217 | AA53: 55.817959 | AB53: 55.720139 | AC53: 55.269554 | AD53: 55.168545 | AE53: 55.144146 | AF53: 54.961296 | AG53: 54.835072 | AH53: 54.795403 | AI53: 54.585075 | AJ53: 0.002
A54: Non-Renewable Energy Expenditures by Sector | C54: 3-AEO2022.57.
A55: (billion 2021 dollars) | C55: 3-AEO2022.58.
A56: Residential | B56: Energy Expenditures: Non-Renewable Residential: AEO2022 Reference case | C56: 3-AEO2022.59.ref2022-d011222a | D56: billion 2021 $ | F56: 17.879578 | G56: 18.582813 | H56: 18.234184 | I56: 18.319294 | J56: 18.490791 | K56: 18.553608 | L56: 18.766973 | M56: 18.861217 | N56: 19.010021 | O56: 18.824581 | P56: 19.024046 | Q56: 19.134693 | R56: 19.256735 | S56: 19.551125 | T56: 19.581413 | U56: 19.657711 | V56: 19.777956 | W56: 19.867712 | X56: 19.966492 | Y56: 20.063749 | Z56: 20.1759 | AA56: 20.312508 | AB56: 20.398594 | AC56: 20.429693 | AD56: 20.513805 | AE56: 20.627552 | AF56: 20.698505 | AG56: 20.770336 | AH56: 20.864376 | AI56: 20.917603 | AJ56: 0.005
A57: Commercial | B57: Energy Expenditures: Non-Renewable Commercial: AEO2022 Reference case | C57: 3-AEO2022.60.ref2022-d011222a | D57: billion 2021 $ | F57: 12.176978 | G57: 13.232708 | H57: 12.463053 | I57: 12.114347 | J57: 12.016939 | K57: 11.827681 | L57: 11.862074 | M57: 11.878953 | N57: 11.941397 | O57: 11.706773 | P57: 11.786709 | Q57: 11.792195 | R57: 11.841035 | S57: 12.026784 | T57: 11.988118 | U57: 11.951052 | V57: 11.960778 | W57: 11.963558 | X57: 11.980791 | Y57: 11.99053 | Z57: 12.020497 | AA57: 12.069852 | AB57: 12.071682 | AC57: 12.024925 | AD57: 12.030253 | AE57: 12.046268 | AF57: 12.0448 | AG57: 12.047573 | AH57: 12.074622 | AI57: 12.080835 | AJ57: 0
A58: Industrial | B58: Energy Expenditures: Non-Renewable Industrial: AEO2022 Reference case | C58: 3-AEO2022.61.ref2022-d011222a | D58: billion 2021 $ | F58: 3.892359 | G58: 4.153014 | H58: 3.930544 | I58: 3.87599 | J58: 3.837636 | K58: 3.777202 | L58: 3.765113 | M58: 3.791085 | N58: 3.84968 | O58: 3.794702 | P58: 3.851845 | Q58: 3.867847 | R58: 3.917394 | S58: 3.966669 | T58: 3.94875 | U58: 3.938273 | V58: 3.969339 | W58: 4.005757 | X58: 4.022166 | Y58: 4.044509 | Z58: 4.079183 | AA58: 4.106836 | AB58: 4.128242 | AC58: 4.11939 | AD58: 4.141304 | AE58: 4.169847 | AF58: 4.177407 | AG58: 4.161303 | AH58: 4.189976 | AI58: 4.21172 | AJ58: 0.003
A59: Transportation | B59: Energy Expenditures: Non-Renewable Transportation: AEO2022 Reference case | C59: 3-AEO2022.62.ref2022-d011222a | D59: billion 2021 $ | F59: 23.534367 | G59: 23.317862 | H59: 21.533272 | I59: 21.616032 | J59: 21.38026 | K59: 21.474915 | L59: 21.575474 | M59: 21.692951 | N59: 21.742052 | O59: 22.031591 | P59: 22.233604 | Q59: 22.354965 | R59: 22.399931 | S59: 22.50935 | T59: 22.532562 | U59: 22.65769 | V59: 22.808727 | W59: 23.009922 | X59: 23.035799 | Y59: 23.248507 | Z59: 23.394844 | AA59: 23.435831 | AB59: 23.692167 | AC59: 23.96401 | AD59: 24.09737 | AE59: 24.356243 | AF59: 24.487047 | AG59: 24.488583 | AH59: 24.59116 | AI59: 24.679796 | AJ59: 0.002
A60: Total Non-Renewable Expenditures | B60: Energy Expenditures: Total Non-Renewable: AEO2022 Reference case | C60: 3-AEO2022.63.ref2022-d011222a | D60: billion 2021 $ | F60: 57.48328 | G60: 59.2864 | H60: 56.161053 | I60: 55.925663 | J60: 55.725628 | K60: 55.633404 | L60: 55.969635 | M60: 56.224205 | N60: 56.543152 | O60: 56.357643 | P60: 56.896202 | Q60: 57.1497 | R60: 57.415092 | S60: 58.053925 | T60: 58.050842 | U60: 58.204727 | V60: 58.516804 | W60: 58.846951 | X60: 59.005249 | Y60: 59.347298 | Z60: 59.670422 | AA60: 59.925026 | AB60: 60.290688 | AC60: 60.538017 | AD60: 60.782734 | AE60: 61.199909 | AF60: 61.407761 | AG60: 61.467793 | AH60: 61.720135 | AI60: 61.889954 | AJ60: 0.003
A61: Transportation Renewable Expenditures | B61: Energy Expenditures: Renewable Transportation: AEO2022 Reference case | C61: 3-AEO2022.64.ref2022-d011222a | D61: billion 2021 $ | F61: 0.011584 | G61: 0.01154 | H61: 0.011125 | I61: 0.010348 | J61: 0.010576 | K61: 0.010292 | L61: 0.009894 | M61: 0.009387 | N61: 0.009084 | O61: 0.00891 | P61: 0.008746 | Q61: 0.008467 | R61: 0.008182 | S61: 0.007935 | T61: 0.007683 | U61: 0.007488 | V61: 0.007327 | W61: 0.007214 | X61: 0.007103 | Y61: 0.007062 | Z61: 0.007024 | AA61: 0.007056 | AB61: 0.007098 | AC61: 0.007223 | AD61: 0.007223 | AE61: 0.007254 | AF61: 0.007274 | AG61: 0.00738 | AH61: 0.007286 | AI61: 0.007307 | AJ61: -0.016
A62: Total Expenditures | B62: Energy Expenditures: AEO2022 Reference case | C62: 3-AEO2022.65.ref2022-d011222a | D62: billion 2021 $ | F62: 57.494865 | G62: 59.297939 | H62: 56.172176 | I62: 55.936012 | J62: 55.736202 | K62: 55.643696 | L62: 55.97953 | M62: 56.233593 | N62: 56.552235 | O62: 56.366554 | P62: 56.904949 | Q62: 57.158169 | R62: 57.423275 | S62: 58.061859 | T62: 58.058525 | U62: 58.212215 | V62: 58.524132 | W62: 58.854164 | X62: 59.012352 | Y62: 59.354359 | Z62: 59.677444 | AA62: 59.932083 | AB62: 60.297787 | AC62: 60.545238 | AD62: 60.789955 | AE62: 61.207165 | AF62: 61.415035 | AG62: 61.475174 | AH62: 61.727421 | AI62: 61.897263 | AJ62: 0.003
A63: Prices in Nominal Dollars | C63: 3-AEO2022.68.
A64: Residential | C64: 3-AEO2022.69.
A65: Propane | B65: Energy Prices: Nominal: Residential: Propane: AEO2022 Reference case | C65: 3-AEO2022.70.ref2022-d011222a | D65: nom $/MMBtu | F65: 25.035135 | G65: 27.723175 | H65: 27.970478 | I65: 28.660078 | J65: 29.268166 | K65: 30.097034 | L65: 31.281506 | M65: 32.78492 | N65: 34.277287 | O65: 35.810635 | P65: 37.359863 | Q65: 38.853046 | R65: 40.344311 | S65: 41.746964 | T65: 43.059612 | U65: 44.390064 | V65: 45.793221 | W65: 47.234577 | X65: 48.598469 | Y65: 50.228855 | Z65: 51.837589 | AA65: 53.278175 | AB65: 54.885632 | AC65: 56.619629 | AD65: 58.181911 | AE65: 59.81509 | AF65: 61.431313 | AG65: 63.016243 | AH65: 64.520287 | AI65: 65.992828 | AJ65: 0.034
A66: Distillate Fuel Oil | B66: Energy Prices: Nominal: Residential: Distillate Fuel Oil: AEO2022 Reference case | C66: 3-AEO2022.71.ref2022-d011222a | D66: nom $/MMBtu | F66: 21.66988 | G66: 22.510975 | H66: 22.634243 | I66: 24.620775 | J66: 25.805677 | K66: 27.077251 | L66: 28.509083 | M66: 29.440229 | N66: 30.30739 | O66: 30.968426 | P66: 32.021488 | Q66: 32.859921 | R66: 33.671963 | S66: 34.486961 | T66: 35.360912 | U66: 36.387653 | V66: 37.51194 | W66: 38.540459 | X66: 39.5051 | Y66: 40.754845 | Z66: 41.839401 | AA66: 42.817371 | AB66: 44.178276 | AC66: 45.628002 | AD66: 46.842667 | AE66: 48.280067 | AF66: 49.439785 | AG66: 50.435238 | AH66: 51.57383 | AI66: 52.671734 | AJ66: 0.031
A67: Natural Gas | B67: Energy Prices: Nominal: Residential: Natural Gas: AEO2022 Reference case | C67: 3-AEO2022.72.ref2022-d011222a | D67: nom $/MMBtu | F67: 15.125964 | G67: 14.764824 | H67: 14.690597 | I67: 14.96367 | J67: 15.445782 | K67: 16.063828 | L67: 16.740206 | M67: 17.169825 | N67: 17.607117 | O67: 18.039051 | P67: 18.476868 | Q67: 18.891081 | R67: 19.342466 | S67: 19.779318 | T67: 20.184566 | U67: 20.61697 | V67: 21.072298 | W67: 21.539715 | X67: 22.02072 | Y67: 22.520546 | Z67: 22.99752 | AA67: 23.510536 | AB67: 24.049286 | AC67: 24.544283 | AD67: 25.099033 | AE67: 25.674398 | AF67: 26.265638 | AG67: 26.865526 | AH67: 27.505306 | AI67: 28.147423 | AJ67: 0.022
A68: Electricity | B68: Energy Prices: Nominal: Residential: Electricity: AEO2022 Reference case | C68: 3-AEO2022.73.ref2022-d011222a | D68: nom $/MMBtu | F68: 58.306873 | G68: 63.836712 | H68: 63.900364 | I68: 64.553162 | J68: 66.569679 | K68: 67.839226 | L68: 70.156021 | M68: 72.404518 | N68: 75.060898 | O68: 75.205887 | P68: 77.865967 | Q68: 80.134514 | R68: 82.611771 | S68: 86.678291 | T68: 88.674225 | U68: 90.79512 | V68: 93.175743 | W68: 95.426094 | X68: 97.865623 | Y68: 100.22012 | Z68: 103.0069 | AA68: 106.16418 | AB68: 108.67616 | AC68: 110.61475 | AD68: 113.14378 | AE68: 115.82031 | AF68: 118.25349 | AG68: 120.82501 | AH68: 123.60725 | AI68: 125.9557 | AJ68: 0.027
A69: Commercial | C69: 3-AEO2022.75.
A70: Propane | B70: Energy Prices: Nominal: Commercial: Propane: AEO2022 Reference case | C70: 3-AEO2022.76.ref2022-d011222a | D70: nom $/MMBtu | F70: 19.120451 | G70: 20.646385 | H70: 19.354082 | I70: 19.701149 | J70: 20.018818 | K70: 20.649107 | L70: 21.623554 | M70: 22.817007 | N70: 23.828407 | O70: 24.862562 | P70: 25.87475 | Q70: 26.817808 | R70: 27.770088 | S70: 28.617641 | T70: 29.408092 | U70: 30.268326 | V70: 31.214102 | W70: 32.171455 | X70: 33.021919 | Y70: 34.19846 | Z70: 35.250107 | AA70: 36.093777 | AB70: 37.203728 | AC70: 38.410416 | AD70: 39.354122 | AE70: 40.436047 | AF70: 41.487465 | AG70: 42.505276 | AH70: 43.44529 | AI70: 44.393093 | AJ70: 0.029
A71: Distillate Fuel Oil | B71: Energy Prices: Nominal: Commercial: Distillate Fuel Oil: AEO2022 Reference case | C71: 3-AEO2022.77.ref2022-d011222a | D71: nom $/MMBtu | F71: 23.615408 | G71: 24.673048 | H71: 23.751553 | I71: 24.829336 | J71: 24.975637 | K71: 25.183039 | L71: 25.509306 | M71: 26.383488 | N71: 27.177999 | O71: 27.779875 | P71: 28.756935 | Q71: 29.561869 | R71: 30.303146 | S71: 31.068888 | T71: 31.8829 | U71: 32.830566 | V71: 33.876625 | W71: 34.824951 | X71: 35.704384 | Y71: 36.872074 | Z71: 37.868008 | AA71: 38.755749 | AB71: 40.02372 | AC71: 41.382553 | AD71: 42.497955 | AE71: 43.84404 | AF71: 44.894428 | AG71: 45.782009 | AH71: 46.815121 | AI71: 47.786369 | AJ71: 0.025
A72: Residual Fuel Oil | B72: Energy Prices: Nominal: Commercial: Residual Fuel: AEO2022 Reference case | C72: 3-AEO2022.78.ref2022-d011222a | D72: nom $/MMBtu | F72: 6.643774 | G72: 7.864004 | H72: 8.150865 | I72: 9.794497 | J72: 10.644472 | K72: 11.585858 | L72: 12.780416 | M72: 13.342895 | N72: 13.78574 | O72: 14.297839 | P72: 14.855291 | Q72: 15.366893 | R72: 15.86571 | S72: 16.236025 | T72: 16.622295 | U72: 16.924929 | V72: 17.280235 | W72: 17.949533 | X72: 18.082426 | Y72: 19.296276 | Z72: 20.003992 | AA72: 20.686247 | AB72: 21.770214 | AC72: 22.734501 | AD72: 23.414265 | AE72: 24.199682 | AF72: 24.975443 | AG72: 25.356031 | AH72: 26.057396 | AI72: 26.475624 | AJ72: 0.049
A73: Natural Gas | B73: Energy Prices: Nominal: Commercial: Natural Gas: AEO2022 Reference case | C73: 3-AEO2022.79.ref2022-d011222a | D73: nom $/MMBtu | F73: 10.788595 | G73: 11.281986 | H73: 11.32095 | I73: 11.443392 | J73: 11.778172 | K73: 12.250405 | L73: 12.77196 | M73: 13.132667 | N73: 13.495907 | O73: 13.852543 | P73: 14.214931 | Q73: 14.554868 | R73: 14.93114 | S73: 15.290277 | T73: 15.615316 | U73: 15.965872 | V73: 16.337709 | W73: 16.719442 | X73: 17.114189 | Y73: 17.522688 | Z73: 17.904875 | AA73: 18.320574 | AB73: 18.759157 | AC73: 19.15037 | AD73: 19.599125 | AE73: 20.065172 | AF73: 20.545111 | AG73: 21.03063 | AH73: 21.553307 | AI73: 22.075861 | AJ73: 0.025
A74: Electricity | B74: Energy Prices: Nominal: Commercial: Electricity: AEO2022 Reference case | C74: 3-AEO2022.80.ref2022-d011222a | D74: nom $/MMBtu | F74: 49.912369 | G74: 55.69593 | H74: 54.385174 | I74: 54.393478 | J74: 55.853844 | K74: 56.485592 | L74: 58.127041 | M74: 59.723049 | N74: 61.740311 | O74: 61.12722 | P74: 63.138256 | Q74: 64.463776 | R74: 66.226791 | S74: 69.573654 | T74: 70.707443 | U74: 71.857826 | V74: 73.417587 | W74: 74.875237 | X74: 76.562302 | Y74: 78.201553 | Z74: 80.114838 | AA74: 82.326195 | AB74: 83.896278 | AC74: 84.791 | AD74: 86.355019 | AE74: 88.176598 | AF74: 89.709 | AG74: 91.34642 | AH74: 93.217949 | AI74: 94.95697 | AJ74: 0.022
A75: Industrial | C75: 3-AEO2022.82.
A76: Propane | B76: Energy Prices: Nominal: Industrial: Propane: AEO2022 Reference case | C76: 3-AEO2022.83.ref2022-d011222a | D76: nom $/MMBtu | F76: 13.641981 | G76: 14.823279 | H76: 13.228116 | I76: 13.50958 | J76: 13.700346 | K76: 14.203959 | L76: 15.032783 | M76: 16.078341 | N76: 16.922007 | O76: 17.805546 | P76: 18.664694 | Q76: 19.456358 | R76: 20.259916 | S76: 20.94227 | T76: 21.56506 | U76: 22.266251 | V76: 23.055674 | W76: 23.847633 | X76: 24.515268 | Y76: 25.546053 | Z76: 26.414724 | AA76: 27.04384 | AB76: 27.982063 | AC76: 29.014349 | AD76: 29.733128 | AE76: 30.615953 | AF76: 31.452761 | AG76: 32.243565 | AH76: 32.938232 | AI76: 33.640236 | AJ76: 0.032
A77: Distillate Fuel Oil | B77: Energy Prices: Nominal: Industrial: Distillate Fuel Oil: AEO2022 Reference case | C77: 3-AEO2022.84.ref2022-d011222a | D77: nom $/MMBtu | F77: 22.66334 | G77: 23.761585 | H77: 22.872374 | I77: 23.92198 | J77: 24.068605 | K77: 24.265457 | L77: 24.578138 | M77: 25.42284 | N77: 26.193159 | O77: 26.768009 | P77: 27.722338 | Q77: 28.491148 | R77: 29.207952 | S77: 29.940451 | T77: 30.723942 | U77: 31.646852 | V77: 32.666447 | W77: 33.586849 | X77: 34.439903 | Y77: 35.577641 | Z77: 36.543667 | AA77: 37.400932 | AB77: 38.637604 | AC77: 39.963959 | AD77: 41.047932 | AE77: 42.357971 | AF77: 43.377071 | AG77: 44.230991 | AH77: 45.227192 | AI77: 46.167324 | AJ77: 0.025
A78: Residual Fuel Oil | B78: Energy Prices: Nominal: Industrial: Residual Fuel Oil: AEO2022 Reference case | C78: 3-AEO2022.85.ref2022-d011222a | D78: nom $/MMBtu | F78: 6.560986 | G78: 7.779217 | H78: 8.08183 | I78: 9.741549 | J78: 10.608333 | K78: 11.567347 | L78: 12.780416 | M78: 13.342895 | N78: 13.78574 | O78: 14.297839 | P78: 14.855291 | Q78: 15.366893 | R78: 15.86571 | S78: 16.236025 | T78: 16.622295 | U78: 16.924929 | V78: 17.280235 | W78: 17.949533 | X78: 18.082426 | Y78: 19.296276 | Z78: 20.003992 | AA78: 20.686247 | AB78: 21.770214 | AC78: 22.734501 | AD78: 23.414265 | AE78: 24.199682 | AF78: 24.975443 | AG78: 25.356031 | AH78: 26.057396 | AI78: 26.475624 | AJ78: 0.049
A79: Natural Gas | B79: Energy Prices: Nominal: Industrial: Natural Gas: AEO2022 Reference case | C79: 3-AEO2022.86.ref2022-d011222a | D79: nom $/MMBtu | F79: 8.384542 | G79: 8.357576 | H79: 7.931605 | I79: 7.45283 | J79: 7.231414 | K79: 7.122078 | L79: 7.114094 | M79: 7.322881 | N79: 7.641953 | O79: 7.960839 | P79: 8.334328 | Q79: 8.446553 | R79: 8.79989 | S79: 9.040766 | T79: 9.111132 | U79: 9.223055 | V79: 9.548638 | W79: 9.797072 | X79: 10.098899 | Y79: 10.229932 | Z79: 10.425824 | AA79: 10.613617 | AB79: 10.84903 | AC79: 10.835835 | AD79: 11.224031 | AE79: 11.48913 | AF79: 11.796076 | AG79: 11.956409 | AH79: 12.444726 | AI79: 12.709438 | AJ79: 0.014
A80: Metallurgical Coal | B80: Energy Prices: Nominal: Industrial: Metallurgical Coal: AEO2022 Reference case | C80: 3-AEO2022.87.ref2022-d011222a | D80: nom $/MMBtu | F80: 0 | G80: 0 | H80: 0 | I80: 0 | J80: 0 | K80: 0 | L80: 0 | M80: 0 | N80: 0 | O80: 0 | P80: 0 | Q80: 0 | R80: 0 | S80: 0 | T80: 0 | U80: 0 | V80: 0 | W80: 0 | X80: 0 | Y80: 0 | Z80: 0 | AA80: 0 | AB80: 0 | AC80: 0 | AD80: 0 | AE80: 0 | AF80: 0 | AG80: 0 | AH80: 0 | AI80: 0 | AJ80: - -
A81: Other Industrial Coal | B81: Energy Prices: Nominal: Industrial: Other Industrial Coal: AEO2022 Reference case | C81: 3-AEO2022.88.ref2022-d011222a | D81: nom $/MMBtu | F81: 3.945433 | G81: 4.175162 | H81: 4.081687 | I81: 4.204848 | J81: 4.337186 | K81: 4.470301 | L81: 4.610368 | M81: 4.760915 | N81: 4.909761 | O81: 5.064809 | P81: 5.230678 | Q81: 5.390616 | R81: 5.553903 | S81: 5.717146 | T81: 5.863978 | U81: 6.034579 | V81: 6.208919 | W81: 6.394196 | X81: 6.587841 | Y81: 6.786335 | Z81: 6.243632 | AA81: 6.342453 | AB81: 6.473658 | AC81: 6.626062 | AD81: 6.778883 | AE81: 6.935776 | AF81: 7.093649 | AG81: 7.252851 | AH81: 7.417588 | AI81: 7.584719 | AJ81: 0.023
A82: Coal to Liquids | B82: Energy Prices: Nominal: Industrial: Coal to Liquids: AEO2022 Reference case | C82: 3-AEO2022.89.ref2022-d011222a | D82: nom $/MMBtu | F82: 0 | G82: 0 | H82: 0 | I82: 0 | J82: 0 | K82: 0 | L82: 0 | M82: 0 | N82: 0 | O82: 0 | P82: 0 | Q82: 0 | R82: 0 | S82: 0 | T82: 0 | U82: 0 | V82: 0 | W82: 0 | X82: 0 | Y82: 0 | Z82: 0 | AA82: 0 | AB82: 0 | AC82: 0 | AD82: 0 | AE82: 0 | AF82: 0 | AG82: 0 | AH82: 0 | AI82: 0 | AJ82: - -
A83: Electricity | B83: Energy Prices: Nominal: Industrial: Electricity: AEO2022 Reference case | C83: 3-AEO2022.90.ref2022-d011222a | D83: nom $/MMBtu | F83: 40.035011 | G83: 45.040855 | H83: 43.264675 | I83: 42.501495 | J83: 43.10714 | K83: 43.058426 | L83: 44.0308 | M83: 45.013233 | N83: 46.381779 | O83: 45.215744 | P83: 46.478546 | Q83: 47.396446 | R83: 48.711624 | S83: 50.50135 | T83: 50.890079 | U83: 51.434551 | V83: 52.346283 | W83: 53.38216 | X83: 54.44014 | Y83: 55.444263 | Z83: 56.730179 | AA83: 57.986614 | AB83: 58.858616 | AC83: 59.381859 | AD83: 60.335888 | AE83: 61.440155 | AF83: 62.373798 | AG83: 63.399628 | AH83: 64.710793 | AI83: 65.823318 | AJ83: 0.017
A84: Transportation | C84: 3-AEO2022.93.
A85: Propane | B85: Energy Prices: Nominal: Transportation: Propane: AEO2022 Reference case | C85: 3-AEO2022.94.ref2022-d011222a | D85: nom $/MMBtu | F85: 17.204502 | G85: 18.23012 | H85: 17.021418 | I85: 17.410692 | J85: 17.718943 | K85: 18.296087 | L85: 19.147438 | M85: 20.169468 | N85: 21.017651 | O85: 21.892708 | P85: 22.746944 | Q85: 23.543434 | R85: 24.351547 | S85: 25.070164 | T85: 25.746536 | U85: 26.487892 | V85: 27.300789 | W85: 28.119713 | X85: 28.84664 | Y85: 29.861044 | Z85: 30.752998 | AA85: 31.47241 | AB85: 32.434128 | AC85: 33.467491 | AD85: 34.269642 | AE85: 35.20528 | AF85: 36.111 | AG85: 36.990471 | AH85: 37.80727 | AI85: 38.63731 | AJ85: 0.028
A86: E85 | B86: Energy Prices: Nominal: Transportation: E85: AEO2022 Reference case | C86: 3-AEO2022.95.ref2022-d011222a | D86: nom $/MMBtu | F86: 32.47377 | G86: 32.600639 | H86: 27.841827 | I86: 28.673779 | J86: 28.394249 | K86: 29.476254 | L86: 30.726448 | M86: 32.170048 | N86: 33.225182 | O86: 34.751198 | P86: 35.954975 | Q86: 37.170334 | R86: 38.208134 | S86: 39.404488 | T86: 40.446529 | U86: 41.682976 | V86: 42.926353 | W86: 44.345127 | X86: 45.361671 | Y86: 46.777126 | Z86: 48.131329 | AA86: 49.074585 | AB86: 50.664822 | AC86: 52.088394 | AD86: 53.467892 | AE86: 55.136765 | AF86: 56.57885 | AG86: 57.452415 | AH86: 59.090588 | AI86: 60.400639 | AJ86: 0.022
A87: Motor Gasoline | B87: Energy Prices: Nominal: Transportation: Motor Gasoline: AEO2022 Reference case | C87: 3-AEO2022.96.ref2022-d011222a | D87: nom $/MMBtu | F87: 26.554398 | G87: 25.817673 | H87: 23.252995 | I87: 23.491062 | J87: 23.714367 | K87: 24.513784 | L87: 25.415092 | M87: 26.355389 | N87: 27.21981 | O87: 28.555166 | P87: 29.59733 | Q87: 30.597788 | R87: 31.45208 | S87: 32.436893 | T87: 33.294674 | U87: 34.312492 | V87: 35.33601 | W87: 36.503918 | X87: 37.34071 | Y87: 38.505882 | Z87: 39.620628 | AA87: 40.567192 | AB87: 41.906929 | AC87: 43.292843 | AD87: 44.4394 | AE87: 45.826473 | AF87: 47.025055 | AG87: 47.983227 | AH87: 49.112659 | AI87: 50.2015 | AJ87: 0.022
A88: Jet Fuel | B88: Energy Prices: Nominal: Transportation: Jet Fuel: AEO2022 Reference case | C88: 3-AEO2022.97.ref2022-d011222a | D88: nom $/MMBtu | F88: 14.819134 | G88: 15.749204 | H88: 14.857029 | I88: 16.425356 | J88: 16.818817 | K88: 17.365719 | L88: 18.042318 | M88: 18.838507 | N88: 19.489782 | O88: 19.865181 | P88: 20.866274 | Q88: 21.567211 | R88: 22.176817 | S88: 22.908415 | T88: 23.568726 | U88: 24.362537 | V88: 25.263823 | W88: 26.087971 | X88: 26.803425 | Y88: 27.731251 | Z88: 28.568571 | AA88: 29.269493 | AB88: 30.395861 | AC88: 31.608883 | AD88: 32.509312 | AE88: 33.606178 | AF88: 34.51503 | AG88: 35.256023 | AH88: 36.156773 | AI88: 36.837692 | AJ88: 0.032
A89: Diesel Fuel (distillate fuel oil) | B89: Energy Prices: Nominal: Transportation: Diesel Fuel: AEO2022 Reference case | C89: 3-AEO2022.98.ref2022-d011222a | D89: nom $/MMBtu | F89: 24.112137 | G89: 23.655602 | H89: 23.157845 | I89: 24.492271 | J89: 25.01849 | K89: 25.586102 | L89: 26.276548 | M89: 27.146507 | N89: 27.967581 | O89: 28.573093 | P89: 29.56229 | Q89: 30.350229 | R89: 31.098589 | S89: 31.865223 | T89: 32.680382 | U89: 33.674816 | V89: 34.698326 | W89: 35.654022 | X89: 36.575058 | Y89: 37.760712 | Z89: 38.780972 | AA89: 39.680073 | AB89: 40.963676 | AC89: 42.354671 | AD89: 43.477463 | AE89: 44.836258 | AF89: 45.930115 | AG89: 46.832855 | AH89: 47.887154 | AI89: 48.920589 | AJ89: 0.025
A90: Residual Fuel Oil | B90: Energy Prices: Nominal: Transportation: Residual Fuel Oil: AEO2022 Reference case | C90: 3-AEO2022.99.ref2022-d011222a | D90: nom $/MMBtu | F90: 3.595645 | G90: 5.339722 | H90: 8.674807 | I90: 9.738564 | J90: 10.088806 | K90: 10.488029 | L90: 11.079868 | M90: 11.55644 | N90: 11.937975 | O90: 12.371509 | P90: 12.866342 | Q90: 13.303258 | R90: 13.731605 | S90: 14.050065 | T90: 14.381916 | U90: 14.643944 | V90: 14.952276 | W90: 15.521946 | X90: 15.637225 | Y90: 16.654591 | Z90: 17.248407 | AA90: 17.819639 | AB90: 18.720827 | AC90: 19.523638 | AD90: 20.096725 | AE90: 20.752996 | AF90: 21.407574 | AG90: 21.733742 | AH90: 22.331163 | AI90: 22.690922 | AJ90: 0.066
A91: Natural Gas | B91: Energy Prices: Nominal: Transportation: Natural Gas: AEO2022 Reference case | C91: 3-AEO2022.100.ref2022-d011222a | D91: nom $/MMBtu | F91: 18.234917 | G91: 18.433863 | H91: 17.984104 | I91: 17.602928 | J91: 17.462551 | K91: 17.397999 | L91: 17.393904 | M91: 17.567135 | N91: 17.807632 | O91: 18.059502 | P91: 18.395185 | Q91: 18.504702 | R91: 18.844088 | S91: 19.110168 | T91: 19.237059 | U91: 19.416269 | V91: 19.79331 | W91: 20.120687 | X91: 20.512617 | Y91: 20.771406 | Z91: 21.098969 | AA91: 21.440779 | AB91: 21.835445 | AC91: 22.013807 | AD91: 22.573505 | AE91: 23.037905 | AF91: 23.558613 | AG91: 23.961655 | AH91: 24.678379 | AI91: 25.19891 | AJ91: 0.011
A92: Electricity | B92: Energy Prices: Nominal: Transportation: Electricity: AEO2022 Reference case | C92: 3-AEO2022.101.ref2022-d011222a | D92: nom $/MMBtu | F92: 48.066566 | G92: 55.99366 | H92: 54.420593 | I92: 55.414978 | J92: 57.087212 | K92: 58.227352 | L92: 60.23011 | M92: 62.068748 | N92: 64.004829 | O92: 63.608589 | P92: 65.318581 | Q92: 67.098961 | R92: 69.003143 | S92: 70.723145 | T92: 71.549683 | U92: 72.815948 | V92: 74.25872 | W92: 75.983955 | X92: 77.443916 | Y92: 78.71801 | Z92: 80.618843 | AA92: 82.117409 | AB92: 83.274971 | AC92: 84.42308 | AD92: 85.758842 | AE92: 87.049622 | AF92: 88.186272 | AG92: 89.468384 | AH92: 91.032799 | AI92: 92.662872 | AJ92: 0.023
A93: Electric Power - New England | C93: 3-AEO2022.103.
A94: Distillate Fuel Oil | B94: Energy Prices: Nominal: Electric Power: Distillate Fuel Oil: AEO2022 Reference case | C94: 3-AEO2022.104.ref2022-d011222a | D94: nom $/MMBtu | F94: 21.00757 | G94: 21.790285 | H94: 20.348312 | I94: 21.223829 | J94: 20.970327 | K94: 20.823292 | L94: 20.790442 | M94: 21.583239 | N94: 22.2659 | O94: 22.778418 | P94: 23.636374 | Q94: 24.408106 | R94: 25.040031 | S94: 25.742159 | T94: 26.472124 | U94: 27.295019 | V94: 28.220074 | W94: 29.048323 | X94: 29.793783 | Y94: 30.835152 | Z94: 31.697504 | AA94: 32.446293 | AB94: 33.571205 | AC94: 34.787796 | AD94: 35.748486 | AE94: 36.958157 | AF94: 37.835918 | AG94: 38.556038 | AH94: 39.431667 | AI94: 40.201725 | AJ94: 0.023
A95: Residual Fuel Oil | B95: Energy Prices: Nominal: Electric Power: Residual Fuel Oil: AEO2022 Reference case | C95: 3-AEO2022.105.ref2022-d011222a | D95: nom $/MMBtu | F95: 11.818052 | G95: 12.166948 | H95: 11.654415 | I95: 12.481651 | J95: 12.478449 | K95: 12.525339 | L95: 12.780416 | M95: 13.342895 | N95: 13.78574 | O95: 14.297839 | P95: 14.855291 | Q95: 15.366893 | R95: 15.86571 | S95: 16.236025 | T95: 16.622295 | U95: 16.924929 | V95: 17.280235 | W95: 17.949533 | X95: 18.082426 | Y95: 19.296276 | Z95: 20.003992 | AA95: 20.686247 | AB95: 21.770214 | AC95: 22.734501 | AD95: 23.414265 | AE95: 24.199682 | AF95: 24.975443 | AG95: 25.356031 | AH95: 26.057396 | AI95: 26.475624 | AJ95: 0.028
A96: Natural Gas | B96: Energy Prices: Nominal: Electric Power: Natural Gas: AEO2022 Reference case | C96: 3-AEO2022.106.ref2022-d011222a | D96: nom $/MMBtu | F96: 6.835502 | G96: 5.108952 | H96: 4.791917 | I96: 4.327852 | J96: 3.96999 | K96: 3.861048 | L96: 3.8162 | M96: 3.984262 | N96: 4.125445 | O96: 4.341813 | P96: 4.59154 | Q96: 4.71146 | R96: 4.900214 | S96: 5.037323 | T96: 5.064496 | U96: 5.148783 | V96: 5.267364 | W96: 5.431857 | X96: 5.58699 | Y96: 5.745324 | Z96: 5.817947 | AA96: 5.919754 | AB96: 6.051064 | AC96: 5.961878 | AD96: 6.111343 | AE96: 6.254829 | AF96: 6.411833 | AG96: 6.572792 | AH96: 6.786796 | AI96: 6.935562 | AJ96: 0.001
A97: Steam Coal | B97: Energy Prices: Nominal: Electric Power: Steam Coal: AEO2022 Reference case | C97: 3-AEO2022.107.ref2022-d011222a | D97: nom $/MMBtu | F97: 0 | G97: 0 | H97: 3.441679 | I97: 0.216858 | J97: 0 | K97: 0 | L97: 0 | M97: 0 | N97: 0 | O97: 0 | P97: 0 | Q97: 0 | R97: 0 | S97: 0 | T97: 0 | U97: 0 | V97: 0 | W97: 0 | X97: 0 | Y97: 0 | Z97: 0 | AA97: 0 | AB97: 0 | AC97: 0 | AD97: 0 | AE97: 0 | AF97: 0 | AG97: 0 | AH97: 0 | AI97: 0 | AJ97: - -
A98: Uranium | B98: Energy Prices: Nominal: Electric Power: Uranium: AEO2022 Reference case | C98: 3-AEO2022.108.ref2022-d011222a | D98: nom $/MMBtu | F98: 0.716664 | G98: 0.73504 | H98: 0.750294 | I98: 0.768399 | J98: 0.788937 | K98: 0.80946 | L98: 0.832394 | M98: 0.854551 | N98: 0.877874 | O98: 0.900907 | P98: 0.923008 | Q98: 0.946218 | R98: 0.969926 | S98: 0.992995 | T98: 1.017872 | U98: 1.043312 | V98: 1.06792 | W98: 1.094794 | X98: 1.122164 | Y98: 1.150844 | Z98: 1.180243 | AA98: 1.210525 | AB98: 1.241718 | AC98: 1.273598 | AD98: 1.306138 | AE98: 1.339678 | AF98: 1.373974 | AG98: 1.409226 | AH98: 1.445496 | AI98: 1.482631 | AJ98: 0.025
A99: Average Price to All Users | C99: 3-AEO2022.111.
A100: Propane | B100: Energy Prices: Nominal: Average Price to All Users: Propane: AEO2022 Reference case | C100: 3-AEO2022.112.ref2022-d011222a | D100: nom $/MMBtu | F100: 22.743553 | G100: 25.05267 | H100: 24.663126 | I100: 25.455233 | J100: 25.978445 | K100: 26.755852 | L100: 27.845295 | M100: 29.21698 | N100: 30.512449 | O100: 31.840445 | P100: 33.16737 | Q100: 34.430576 | R100: 35.693844 | S100: 36.860863 | T100: 37.94952 | U100: 39.074959 | V100: 40.27676 | W100: 41.504704 | X100: 42.641884 | Y100: 44.067558 | Z100: 45.429897 | AA100: 46.606667 | AB100: 47.98801 | AC100: 49.481937 | AD100: 50.76701 | AE100: 52.148655 | AF100: 53.507015 | AG100: 54.832077 | AH100: 56.076488 | AI100: 57.303635 | AJ100: 0.032
A101: E85 | B101: Energy Prices: Nominal: Average Price to All Users: E85: AEO2022 Reference case | C101: 3-AEO2022.113.ref2022-d011222a | D101: nom $/MMBtu | F101: 32.47377 | G101: 32.600639 | H101: 27.841827 | I101: 28.673779 | J101: 28.394249 | K101: 29.476254 | L101: 30.726448 | M101: 32.170048 | N101: 33.225182 | O101: 34.751198 | P101: 35.954975 | Q101: 37.170334 | R101: 38.208134 | S101: 39.404488 | T101: 40.446529 | U101: 41.682976 | V101: 42.926353 | W101: 44.345127 | X101: 45.361671 | Y101: 46.777126 | Z101: 48.131329 | AA101: 49.074585 | AB101: 50.664822 | AC101: 52.088394 | AD101: 53.467892 | AE101: 55.136765 | AF101: 56.57885 | AG101: 57.452415 | AH101: 59.090588 | AI101: 60.400639 | AJ101: 0.022
...

Sheet Henry_Hub
B2: Henry Hub History and Forecasts
B3: Nominal $/MMBtu
B5: Year | C5: AEO 2019 | D5: AEO 2020 | E5: AEO 2021 | F5: AEO 2021 New England | G5: Implied AEO Basis | H5: Historicals | I5: ICAP Jan-2021 | J5: ICAP Sep-2021 | K5: ICAP Jun-2022 | L5: AEO 2022
B6: 2017 | H6: 3.0970005
B7: 2018 | H7: 3.2708245
B8: 2019 | C8: 3.100914 | H8: 2.6651216
B9: 2020 | C9: 3.247373 | D9: 2.494653 | E9: 2.447529 | H9: 2.1141918
B10: 2021 | C10: 3.243106 | D10: 2.616796 | E10: 3.500251 | F10: 4.543779 | G10: =+F10-E10 -> 1.043528 | H10: 3.3790012 | I10: 2.698 | J10: 3.77
B11: 2022 | C11: 3.328699 | D11: 2.679862 | E11: 3.604389 | F11: 4.836429 | G11: =+F11-E11 -> 1.23204 | I11: 2.675 | J11: 4.02 | K11: 7.729 | L11: 5.108952
B12: 2023 | C12: 3.555844 | D12: 2.780663 | E12: 3.373215 | F12: 4.16257 | G12: =+F12-E12 -> 0.789355 | I12: 2.527 | J12: 3.215 | K12: 5.317 | L12: 4.791917
B13: 2024 | C13: 3.843373 | D13: 2.950869 | E13: 3.149782 | F13: 3.576986 | G13: =+F13-E13 -> 0.427204 | I13: 2.529 | J13: 2.95 | K13: 4.19 | L13: 4.327852
B14: 2025 | C14: 4.203092 | D14: 3.274031 | E14: 3.238653 | F14: 3.697442 | G14: =+F14-E14 -> 0.458789 | I14: Unknown | J14: Unknown | L14: 3.96999
B15: 2026 | C15: 4.38602 | D15: 3.635231 | E15: 3.326592 | F15: 3.828071 | G15: =+F15-E15 -> 0.501479 | I15: Unknown | J15: Unknown | L15: 3.861048
B16: 2027 | C16: 4.515261 | D16: 3.90457 | E16: 3.370865 | F16: 3.940972 | G16: =+F16-E16 -> 0.570107 | I16: Unknown | J16: Unknown | L16: 3.8162
B17: 2028 | C17: 4.717234 | D17: 4.106319 | E17: 3.482451 | F17: 4.073786 | G17: =+F17-E17 -> 0.591335 | L17: 3.984262
B18: 2029 | C18: 4.844302 | D18: 4.219883 | E18: 3.58638 | F18: 4.22574 | G18: =+F18-E18 -> 0.63936 | L18: 4.125445
B19: 2030 | C19: 4.998316 | D19: 4.258932 | E19: 3.609866 | F19: 4.42372 | G19: =+F19-E19 -> 0.813854 | L19: 4.341813
B20: 2031 | C20: 5.085895 | D20: 4.29399 | E20: 3.608108 | F20: 4.510995 | G20: =+F20-E20 -> 0.902887 | L20: 4.59154
B21: 2032 | C21: 5.381088 | D21: 4.414371 | E21: 3.662486 | F21: 4.661425 | G21: =+F21-E21 -> 0.998939 | L21: 4.71146
B22: 2033 | C22: 5.581815 | D22: 4.597914 | E22: 3.72994 | F22: 4.872704 | G22: =+F22-E22 -> 1.142764 | L22: 4.900214
B23: 2034 | C23: 5.765597 | D23: 4.76509 | E23: 3.763419 | F23: 5.087159 | G23: =+F23-E23 -> 1.32374 | L23: 5.037323
B24: 2035 | C24: 5.954128 | D24: 4.861329 | E24: 3.763657 | F24: 5.222086 | G24: =+F24-E24 -> 1.458429 | L24: 5.064496
B25: 2036 | C25: 6.202986 | D25: 4.962113 | E25: 3.765909 | F25: 5.317629 | G25: =+F25-E25 -> 1.55172 | L25: 5.148783
B26: 2037 | C26: 6.372522 | D26: 5.1408 | E26: 3.745787 | F26: 5.371589 | G26: =+F26-E26 -> 1.625802 | L26: 5.267364
B27: 2038 | C27: 6.53071 | D27: 5.299037 | E27: 3.774751 | F27: 5.454158 | G27: =+F27-E27 -> 1.679407 | L27: 5.431857
B28: 2039 | C28: 6.712088 | D28: 5.432473 | E28: 3.773113 | F28: 5.576806 | G28: =+F28-E28 -> 1.803693 | L28: 5.58699
... B32: 2043 | C32: 7.610314 | D32: 6.015227 | E32: 3.731947 | F32: 6.1632 | G32: =+F32-E32 -> 2.431253 | L32: 6.051064
B33: 2044 | C33: 7.931487 | D33: 6.179199 | E33: 3.731636 | F33: 6.229503 | G33: =+F33-E33 -> 2.497867 | L33: 5.961878 | N33: Table 3. Energy Prices by Sector and Source
B34: 2045 | C34: 8.252415 | D34: 6.364482 | E34: 3.738919 | F34: 6.442629 | G34: =+F34-E34 -> 2.70371 | L34: 6.111343 | N34: https://www.eia.gov/outlooks/aeo/data/browser/#/?id=3-AEO2021&region=1-0&cases=ref2021&start=2019&end=2050&f=A&linechart=~ref2021-d113020a.38-3-AEO2021.1-0&map=ref2021-d113020a.4-3-AEO2021.1-0&ctype=linechart&sourcekey=0
B35: 2046 | C35: 8.543459 | D35: 6.579929 | E35: 3.743159 | F35: 6.684637 | G35: =+F35-E35 -> 2.941478 | L35: 6.254829 | N35: Mon Mar 08 2021 10:13:39 GMT-0500 (Eastern Standard Time)
B36: 2047 | C36: 8.879307 | D36: 6.823333 | E36: 3.762712 | F36: 6.925492 | G36: =+F36-E36 -> 3.16278 | L36: 6.411833 | N36: Source: U.S. Energy Information Administration
B37: 2048 | C37: 9.345243 | D37: 7.051677 | E37: 3.810744 | F37: 7.2149 | G37: =+F37-E37 -> 3.404156 | L37: 6.572792 | N37: "Electric Power" sector, "Natural Gas"
B38: 2049 | C38: 9.767595 | D38: 7.266372 | E38: 3.860691 | F38: 7.494525 | G38: =+F38-E38 -> 3.633834 | L38: 6.786796
B39: 2050 | C39: 10.176351 | D39: 7.539873 | E39: 3.901537 | F39: 7.829787 | G39: =+F39-E39 -> 3.92825 | L39: 6.935562

Sheet Ave_LMP_SQL_Tbl
A1: Year | B1: Month | C1: Hours | D1: Location ID | E1: Avg DA LMP | F1: Avg RT LMP
A2: 2017 | B2: 1 | C2: 744 | D2: 474 | E2: 39.975 | F2: 36.1523
A3: 2017 | B3: 1 | C3: 744 | D3: 555 | E3: 39.4294 | F3: 35.8676
A4: 2017 | B4: 1 | C4: 744 | D4: 642 | E4: 39.4206 | F4: 35.743
A5: 2017 | B5: 1 | C5: 744 | D5: 783 | E5: 33.9692 | F5: 29.9588
A6: 2017 | B6: 1 | C6: 744 | D6: 1185 | E6: 40.0497 | F6: 36.4014
A7: 2017 | B7: 1 | C7: 744 | D7: 1186 | E7: 40.0497 | F7: 36.4014
A8: 2017 | B8: 1 | C8: 744 | D8: 1187 | E8: 40.0497 | F8: 36.4014
A9: 2017 | B9: 1 | C9: 744 | D9: 2433 | E9: 40.2715 | F9: 36.4378
A10: 2017 | B10: 1 | C10: 744 | D10: 4000 | E10: 40.302 | F10: 36.6594
A11: 2017 | B11: 1 | C11: 744 | D11: 4001 | E11: 39.4907 | F11: 35.5103
A12: 2017 | B12: 1 | C12: 744 | D12: 4002 | E12: 40.0906 | F12: 36.3659
A13: 2017 | B13: 1 | C13: 744 | D13: 4003 | E13: 39.725 | F13: 35.887
... A1880: 2022 | B1880: 6 | C1880: 144 | D1880: 68735 | E1880: 70.6066 | F1880: 84.384

Sheet DA_LMP_Basis
B2: 1/1/2016 - 5/31/2022
B4: Ave DA LMP ($/MWH) | AB4: Kruger Hydro Units
D5: .H.INTERNAL_HUB | E5: .Z.MAINE | F5: .Z.NEWHAMPSHIRE | G5: .Z.VERMONT | H5: .I.ROSETON 345 1 | I5: .I.HQHIGATE120 2 | J5: UN.EAST_AVE34.5MCNL | K5: UN.YARMOUTH22 YAR4 | L5: UN.HIGHGATE46 HGFA | M5: UN.STONYBRK13.2ST1A | N5: UN.STONYBRK13.2ST1B | O5: UN.STONYBRK13.2ST1C | P5: LD.STJHNSBY34.5 | Q5: LD.IRASBURG46 | R5: LD.HIGHGATE46 | S5: LD.MIDDLESX34.5 | T5: LD.PARK_ST 34.5 | U5: LD.ASHBRNHM115 | V5: UN.SEABROOK24.5SBRK | W5: UN.BARRE_VT34.5RYGT | X5: UN.HIGHGATE13.8SWC1 | Y5: UN.HIGHGATE13.8SWC2 | Z5: UN.SHEFFIELD | AA5: LD.BLANFORD23 | AB5: LD.WINSLOW 34.5 | AC5: LD.GUILFORD34.5 | AD5: LD.GULFISLD34.5 | AE5: LD.LEWSTN_L34.5 | AF5: LD.PAWTUCKT13.8
B6: Month | C6: MMM | D6: 4000 | E6: 4001 | F6: 4002 | G6: 4003 | H6: 4011 | I6: 4013 | J6: 474 | K6: 642 | L6: 783 | M6: 1185 | N6: 1186 | O6: 1187 | P6: 4446 | Q6: 4447 | R6: 4448 | S6: 4466 | T6: 4146 | U6: 4479 | V6: 555 | W6: 2433 | X6: 12510 | Y6: 12511 | Z6: 12530 | AA6: 4506 | AB6: 4142 | AC6: 4150 | AD6: 4162 | AE6: 4172 | AF6: 4217
B7: 1 | C7: Jan | D7: =AVERAGEIFS(Ave_LMP_History[[Avg DA LMP]:[Avg DA LMP]],Ave_LMP_History[[Month]:[Month]],$B7,Ave_LMP_History[[Location ID]:[Location ID]],D$6) -> 70.74065 | E7: =AVERAGEIFS(Ave_LMP_History[[Avg DA LMP]:[Avg DA LMP]],Ave_LMP_History[[Month]:[Month]],$B7,Ave_LMP_History[[Location ID]:[Location ID]],E$6) -> 68.810583 | F7: =AVERAGEIFS(Ave_LMP_History[[Avg DA LMP]:[Avg DA LMP]],Ave_LMP_History[[Month]:[Month]],$B7,Ave_LMP_History[[Location ID]:[Location ID]],F$6) -> 70.27215 | G7: =AVERAGEIFS(Ave_LMP_History[[Avg DA LMP]:[Avg DA LMP]],Ave_LMP_History[[Month]:[Month]],$B7,Ave_LMP_History[[Location ID]:[Location ID]],G$6) -> 69.840483 | H7: =AVERAGEIFS(Ave_LMP_History[[Avg DA LMP]:[Avg DA LMP]],Ave_LMP_History[[Month]:[Month]],$B7,Ave_LMP_History[[Location ID]:[Location ID]],H$6) -> 65.785017 | I7: =AVERAGEIFS(Ave_LMP_History[[Avg DA LMP]:[Avg DA LMP]],Ave_LMP_History[[Month]:[Month]],$B7,Ave_LMP_History[[Location ID]:[Location ID]],I$6) -> 64.1798 | J7: =AVERAGEIFS(Ave_LMP_History[[Avg DA LMP]:[Avg DA LMP]],Ave_LMP_History[[Month]:[Month]],$B7,Ave_LMP_History[[Location ID]:[Location ID]],J$6) -> 70.129167 | K7: =AVERAGEIFS(Ave_LMP_History[[Avg DA LMP]:[Avg DA LMP]],Ave_LMP_History[[Month]:[Month]],$B7,Ave_LMP_History[[Location ID]:[Location ID]],K$6) -> 68.95415 | ... AF7: =AVERAGEIFS(Ave_LMP_History[[Avg DA LMP]:[Avg DA LMP]],Ave_LMP_History[[Month]:[Month]],$B7,Ave_LMP_History[[Location ID]:[Location ID]],AF$6) -> 71.941467
B8: 2 | C8: Feb | D8: =AVERAGEIFS(Ave_LMP_History[[Avg DA LMP]:[Avg DA LMP]],Ave_LMP_History[[Month]:[Month]],$B8,Ave_LMP_History[[Location ID]:[Location ID]],D$6) -> 53.080133 | E8: =AVERAGEIFS(Ave_LMP_History[[Avg DA LMP]:[Avg DA LMP]],Ave_LMP_History[[Month]:[Month]],$B8,Ave_LMP_History[[Location ID]:[Location ID]],E$6) -> 52.8212 | F8: =AVERAGEIFS(Ave_LMP_History[[Avg DA LMP]:[Avg DA LMP]],Ave_LMP_History[[Month]:[Month]],$B8,Ave_LMP_History[[Location ID]:[Location ID]],F$6) -> 53.296883 | G8: =AVERAGEIFS(Ave_LMP_History[[Avg DA LMP]:[Avg DA LMP]],Ave_LMP_History[[Month]:[Month]],$B8,Ave_LMP_History[[Location ID]:[Location ID]],G$6) -> 52.197083 | H8: =AVERAGEIFS(Ave_LMP_History[[Avg DA LMP]:[Avg DA LMP]],Ave_LMP_History[[Month]:[Month]],$B8,Ave_LMP_History[[Location ID]:[Location ID]],H$6) -> 48.914933 | I8: =AVERAGEIFS(Ave_LMP_History[[Avg DA LMP]:[Avg DA LMP]],Ave_LMP_History[[Month]:[Month]],$B8,Ave_LMP_History[[Location ID]:[Location ID]],I$6) -> 47.821033 | J8: =AVERAGEIFS(Ave_LMP_History[[Avg DA LMP]:[Avg DA LMP]],Ave_LMP_History[[Month]:[Month]],$B8,Ave_LMP_History[[Location ID]:[Location ID]],J$6) -> 52.30525 | K8: =AVERAGEIFS(Ave_LMP_History[[Avg DA LMP]:[Avg DA LMP]],Ave_LMP_History[[Month]:[Month]],$B8,Ave_LMP_History[[Location ID]:[Location ID]],K$6) -> 52.858733 | ... AF8: =AVERAGEIFS(Ave_LMP_History[[Avg DA LMP]:[Avg DA LMP]],Ave_LMP_History[[Month]:[Month]],$B8,Ave_LMP_History[[Location ID]:[Location ID]],AF$6) -> 53.9175
B9: 3 | C9: Mar | D9: =AVERAGEIFS(Ave_LMP_History[[Avg DA LMP]:[Avg DA LMP]],Ave_LMP_History[[Month]:[Month]],$B9,Ave_LMP_History[[Location ID]:[Location ID]],D$6) -> 37.90705 | E9: =AVERAGEIFS(Ave_LMP_History[[Avg DA LMP]:[Avg DA LMP]],Ave_LMP_History[[Month]:[Month]],$B9,Ave_LMP_History[[Location ID]:[Location ID]],E$6) -> 37.0874 | F9: =AVERAGEIFS(Ave_LMP_History[[Avg DA LMP]:[Avg DA LMP]],Ave_LMP_History[[Month]:[Month]],$B9,Ave_LMP_History[[Location ID]:[Location ID]],F$6) -> 37.791783 | G9: =AVERAGEIFS(Ave_LMP_History[[Avg DA LMP]:[Avg DA LMP]],Ave_LMP_History[[Month]:[Month]],$B9,Ave_LMP_History[[Location ID]:[Location ID]],G$6) -> 37.123167 | H9: =AVERAGEIFS(Ave_LMP_History[[Avg DA LMP]:[Avg DA LMP]],Ave_LMP_History[[Month]:[Month]],$B9,Ave_LMP_History[[Location ID]:[Location ID]],H$6) -> 34.7877 | I9: =AVERAGEIFS(Ave_LMP_History[[Avg DA LMP]:[Avg DA LMP]],Ave_LMP_History[[Month]:[Month]],$B9,Ave_LMP_History[[Location ID]:[Location ID]],I$6) -> 33.66275 | J9: =AVERAGEIFS(Ave_LMP_History[[Avg DA LMP]:[Avg DA LMP]],Ave_LMP_History[[Month]:[Month]],$B9,Ave_LMP_History[[Location ID]:[Location ID]],J$6) -> 37.2867 | K9: =AVERAGEIFS(Ave_LMP_History[[Avg DA LMP]:[Avg DA LMP]],Ave_LMP_History[[Month]:[Month]],$B9,Ave_LMP_History[[Location ID]:[Location ID]],K$6) -> 37.31275 | ... AF9: =AVERAGEIFS(Ave_LMP_History[[Avg DA LMP]:[Avg DA LMP]],Ave_LMP_History[[Month]:[Month]],$B9,Ave_LMP_History[[Location ID]:[Location ID]],AF$6) -> 38.464767
B10: 4 | C10: Apr | D10: =AVERAGEIFS(Ave_LMP_History[[Avg DA LMP]:[Avg DA LMP]],Ave_LMP_History[[Month]:[Month]],$B10,Ave_LMP_History[[Location ID]:[Location ID]],D$6) -> 34.67825 | E10: =AVERAGEIFS(Ave_LMP_History[[Avg DA LMP]:[Avg DA LMP]],Ave_LMP_History[[Month]:[Month]],$B10,Ave_LMP_History[[Location ID]:[Location ID]],E$6) -> 33.106683 | F10: =AVERAGEIFS(Ave_LMP_History[[Avg DA LMP]:[Avg DA LMP]],Ave_LMP_History[[Month]:[Month]],$B10,Ave_LMP_History[[Location ID]:[Location ID]],F$6) -> 34.426633 | G10: =AVERAGEIFS(Ave_LMP_History[[Avg DA LMP]:[Avg DA LMP]],Ave_LMP_History[[Month]:[Month]],$B10,Ave_LMP_History[[Location ID]:[Location ID]],G$6) -> 33.704567 | H10: =AVERAGEIFS(Ave_LMP_History[[Avg DA LMP]:[Avg DA LMP]],Ave_LMP_History[[Month]:[Month]],$B10,Ave_LMP_History[[Location ID]:[Location ID]],H$6) -> 32.591383 | I10: =AVERAGEIFS(Ave_LMP_History[[Avg DA LMP]:[Avg DA LMP]],Ave_LMP_History[[Month]:[Month]],$B10,Ave_LMP_History[[Location ID]:[Location ID]],I$6) -> 29.878383 | J10: =AVERAGEIFS(Ave_LMP_History[[Avg DA LMP]:[Avg DA LMP]],Ave_LMP_History[[Month]:[Month]],$B10,Ave_LMP_History[[Location ID]:[Location ID]],J$6) -> 33.916017 | K10: =AVERAGEIFS(Ave_LMP_History[[Avg DA LMP]:[Avg DA LMP]],Ave_LMP_History[[Month]:[Month]],$B10,Ave_LMP_History[[Location ID]:[Location ID]],K$6) -> 34.03295 | ... AF10: =AVERAGEIFS(Ave_LMP_History[[Avg DA LMP]:[Avg DA LMP]],Ave_LMP_History[[Month]:[Month]],$B10,Ave_LMP_History[[Location ID]:[Location ID]],AF$6) -> 35.392367
B11: 5 | C11: May | D11: =AVERAGEIFS(Ave_LMP_History[[Avg DA LMP]:[Avg DA LMP]],Ave_LMP_History[[Month]:[Month]],$B11,Ave_LMP_History[[Location ID]:[Location ID]],D$6) -> 32.2886 | E11: =AVERAGEIFS(Ave_LMP_History[[Avg DA LMP]:[Avg DA LMP]],Ave_LMP_History[[Month]:[Month]],$B11,Ave_LMP_History[[Location ID]:[Location ID]],E$6) -> 31.09435 | F11: =AVERAGEIFS(Ave_LMP_History[[Avg DA LMP]:[Avg DA LMP]],Ave_LMP_History[[Month]:[Month]],$B11,Ave_LMP_History[[Location ID]:[Location ID]],F$6) -> 32.003533 | G11: =AVERAGEIFS(Ave_LMP_History[[Avg DA LMP]:[Avg DA LMP]],Ave_LMP_History[[Month]:[Month]],$B11,Ave_LMP_History[[Location ID]:[Location ID]],G$6) -> 31.714167 | H11: =AVERAGEIFS(Ave_LMP_History[[Avg DA LMP]:[Avg DA LMP]],Ave_LMP_History[[Month]:[Month]],$B11,Ave_LMP_History[[Location ID]:[Location ID]],H$6) -> 31.2617 | I11: =AVERAGEIFS(Ave_LMP_History[[Avg DA LMP]:[Avg DA LMP]],Ave_LMP_History[[Month]:[Month]],$B11,Ave_LMP_History[[Location ID]:[Location ID]],I$6) -> 29.148633 | J11: =AVERAGEIFS(Ave_LMP_History[[Avg DA LMP]:[Avg DA LMP]],Ave_LMP_History[[Month]:[Month]],$B11,Ave_LMP_History[[Location ID]:[Location ID]],J$6) -> 31.884283 | K11: =AVERAGEIFS(Ave_LMP_History[[Avg DA LMP]:[Avg DA LMP]],Ave_LMP_History[[Month]:[Month]],$B11,Ave_LMP_History[[Location ID]:[Location ID]],K$6) -> 31.451033 | ... AF11: =AVERAGEIFS(Ave_LMP_History[[Avg DA LMP]:[Avg DA LMP]],Ave_LMP_History[[Month]:[Month]],$B11,Ave_LMP_History[[Location ID]:[Location ID]],AF$6) -> 32.764183
B12: 6 | C12: Jun | D12: =AVERAGEIFS(Ave_LMP_History[[Avg DA LMP]:[Avg DA LMP]],Ave_LMP_History[[Month]:[Month]],$B12,Ave_LMP_History[[Location ID]:[Location ID]],D$6) -> 34.149983 | E12: =AVERAGEIFS(Ave_LMP_History[[Avg DA LMP]:[Avg DA LMP]],Ave_LMP_History[[Month]:[Month]],$B12,Ave_LMP_History[[Location ID]:[Location ID]],E$6) -> 33.8679 | F12: =AVERAGEIFS(Ave_LMP_History[[Avg DA LMP]:[Avg DA LMP]],Ave_LMP_History[[Month]:[Month]],$B12,Ave_LMP_History[[Location ID]:[Location ID]],F$6) -> 34.283717 | G12: =AVERAGEIFS(Ave_LMP_History[[Avg DA LMP]:[Avg DA LMP]],Ave_LMP_History[[Month]:[Month]],$B12,Ave_LMP_History[[Location ID]:[Location ID]],G$6) -> 33.937183 | H12: =AVERAGEIFS(Ave_LMP_History[[Avg DA LMP]:[Avg DA LMP]],Ave_LMP_History[[Month]:[Month]],$B12,Ave_LMP_History[[Location ID]:[Location ID]],H$6) -> 32.544183 | I12: =AVERAGEIFS(Ave_LMP_History[[Avg DA LMP]:[Avg DA LMP]],Ave_LMP_History[[Month]:[Month]],$B12,Ave_LMP_History[[Location ID]:[Location ID]],I$6) -> 31.351283 | J12: =AVERAGEIFS(Ave_LMP_History[[Avg DA LMP]:[Avg DA LMP]],Ave_LMP_History[[Month]:[Month]],$B12,Ave_LMP_History[[Location ID]:[Location ID]],J$6) -> 34.118033 | K12: =AVERAGEIFS(Ave_LMP_History[[Avg DA LMP]:[Avg DA LMP]],Ave_LMP_History[[Month]:[Month]],$B12,Ave_LMP_History[[Location ID]:[Location ID]],K$6) -> 33.8834 | ... AF12: =AVERAGEIFS(Ave_LMP_History[[Avg DA LMP]:[Avg DA LMP]],Ave_LMP_History[[Month]:[Month]],$B12,Ave_LMP_History[[Location ID]:[Location ID]],AF$6) -> 34.475483
B13: 7 | C13: Jul | D13: =AVERAGEIFS(Ave_LMP_History[[Avg DA LMP]:[Avg DA LMP]],Ave_LMP_History[[Month]:[Month]],$B13,Ave_LMP_History[[Location ID]:[Location ID]],D$6) -> 30.24412 | E13: =AVERAGEIFS(Ave_LMP_History[[Avg DA LMP]:[Avg DA LMP]],Ave_LMP_History[[Month]:[Month]],$B13,Ave_LMP_History[[Location ID]:[Location ID]],E$6) -> 29.79498 | F13: =AVERAGEIFS(Ave_LMP_History[[Avg DA LMP]:[Avg DA LMP]],Ave_LMP_History[[Month]:[Month]],$B13,Ave_LMP_History[[Location ID]:[Location ID]],F$6) -> 30.35236 | G13: =AVERAGEIFS(Ave_LMP_History[[Avg DA LMP]:[Avg DA LMP]],Ave_LMP_History[[Month]:[Month]],$B13,Ave_LMP_History[[Location ID]:[Location ID]],G$6) -> 30.1685 | H13: =AVERAGEIFS(Ave_LMP_History[[Avg DA LMP]:[Avg DA LMP]],Ave_LMP_History[[Month]:[Month]],$B13,Ave_LMP_History[[Location ID]:[Location ID]],H$6) -> 29.53998 | I13: =AVERAGEIFS(Ave_LMP_History[[Avg DA LMP]:[Avg DA LMP]],Ave_LMP_History[[Month]:[Month]],$B13,Ave_LMP_History[[Location ID]:[Location ID]],I$6) -> 28.2223 | J13: =AVERAGEIFS(Ave_LMP_History[[Avg DA LMP]:[Avg DA LMP]],Ave_LMP_History[[Month]:[Month]],$B13,Ave_LMP_History[[Location ID]:[Location ID]],J$6) -> 30.27818 | K13: =AVERAGEIFS(Ave_LMP_History[[Avg DA LMP]:[Avg DA LMP]],Ave_LMP_History[[Month]:[Month]],$B13,Ave_LMP_History[[Location ID]:[Location ID]],K$6) -> 29.78392 | ... AF13: =AVERAGEIFS(Ave_LMP_History[[Avg DA LMP]:[Avg DA LMP]],Ave_LMP_History[[Month]:[Month]],$B13,Ave_LMP_History[[Location ID]:[Location ID]],AF$6) -> 30.62738
B14: 8 | C14: Aug | D14: =AVERAGEIFS(Ave_LMP_History[[Avg DA LMP]:[Avg DA LMP]],Ave_LMP_History[[Month]:[Month]],$B14,Ave_LMP_History[[Location ID]:[Location ID]],D$6) -> 32.60192 | E14: =AVERAGEIFS(Ave_LMP_History[[Avg DA LMP]:[Avg DA LMP]],Ave_LMP_History[[Month]:[Month]],$B14,Ave_LMP_History[[Location ID]:[Location ID]],E$6) -> 32.5591 | F14: =AVERAGEIFS(Ave_LMP_History[[Avg DA LMP]:[Avg DA LMP]],Ave_LMP_History[[Month]:[Month]],$B14,Ave_LMP_History[[Location ID]:[Location ID]],F$6) -> 32.92374 | G14: =AVERAGEIFS(Ave_LMP_History[[Avg DA LMP]:[Avg DA LMP]],Ave_LMP_History[[Month]:[Month]],$B14,Ave_LMP_History[[Location ID]:[Location ID]],G$6) -> 32.5332 | H14: =AVERAGEIFS(Ave_LMP_History[[Avg DA LMP]:[Avg DA LMP]],Ave_LMP_History[[Month]:[Month]],$B14,Ave_LMP_History[[Location ID]:[Location ID]],H$6) -> 31.02718 | I14: =AVERAGEIFS(Ave_LMP_History[[Avg DA LMP]:[Avg DA LMP]],Ave_LMP_History[[Month]:[Month]],$B14,Ave_LMP_History[[Location ID]:[Location ID]],I$6) -> 30.4195 | J14: =AVERAGEIFS(Ave_LMP_History[[Avg DA LMP]:[Avg DA LMP]],Ave_LMP_History[[Month]:[Month]],$B14,Ave_LMP_History[[Location ID]:[Location ID]],J$6) -> 32.6827 | K14: =AVERAGEIFS(Ave_LMP_History[[Avg DA LMP]:[Avg DA LMP]],Ave_LMP_History[[Month]:[Month]],$B14,Ave_LMP_History[[Location ID]:[Location ID]],K$6) -> 32.46938 | ... AF14: =AVERAGEIFS(Ave_LMP_History[[Avg DA LMP]:[Avg DA LMP]],Ave_LMP_History[[Month]:[Month]],$B14,Ave_LMP_History[[Location ID]:[Location ID]],AF$6) -> 33.21174
B15: 9 | C15: Sep | D15: =AVERAGEIFS(Ave_LMP_History[[Avg DA LMP]:[Avg DA LMP]],Ave_LMP_History[[Month]:[Month]],$B15,Ave_LMP_History[[Location ID]:[Location ID]],D$6) -> 29.41352 | E15: =AVERAGEIFS(Ave_LMP_History[[Avg DA LMP]:[Avg DA LMP]],Ave_LMP_History[[Month]:[Month]],$B15,Ave_LMP_History[[Location ID]:[Location ID]],E$6) -> 29.15978 | F15: =AVERAGEIFS(Ave_LMP_History[[Avg DA LMP]:[Avg DA LMP]],Ave_LMP_History[[Month]:[Month]],$B15,Ave_LMP_History[[Location ID]:[Location ID]],F$6) -> 29.64552 | G15: =AVERAGEIFS(Ave_LMP_History[[Avg DA LMP]:[Avg DA LMP]],Ave_LMP_History[[Month]:[Month]],$B15,Ave_LMP_History[[Location ID]:[Location ID]],G$6) -> 29.08032 | H15: =AVERAGEIFS(Ave_LMP_History[[Avg DA LMP]:[Avg DA LMP]],Ave_LMP_History[[Month]:[Month]],$B15,Ave_LMP_History[[Location ID]:[Location ID]],H$6) -> 28.15608 | I15: =AVERAGEIFS(Ave_LMP_History[[Avg DA LMP]:[Avg DA LMP]],Ave_LMP_History[[Month]:[Month]],$B15,Ave_LMP_History[[Location ID]:[Location ID]],I$6) -> 27.0074 | J15: =AVERAGEIFS(Ave_LMP_History[[Avg DA LMP]:[Avg DA LMP]],Ave_LMP_History[[Month]:[Month]],$B15,Ave_LMP_History[[Location ID]:[Location ID]],J$6) -> 29.17212 | K15: =AVERAGEIFS(Ave_LMP_History[[Avg DA LMP]:[Avg DA LMP]],Ave_LMP_History[[Month]:[Month]],$B15,Ave_LMP_History[[Location ID]:[Location ID]],K$6) -> 29.26656 | ... AF15: =AVERAGEIFS(Ave_LMP_History[[Avg DA LMP]:[Avg DA LMP]],Ave_LMP_History[[Month]:[Month]],$B15,Ave_LMP_History[[Location ID]:[Location ID]],AF$6) -> 30.4035
B16: 10 | C16: Oct | D16: =AVERAGEIFS(Ave_LMP_History[[Avg DA LMP]:[Avg DA LMP]],Ave_LMP_History[[Month]:[Month]],$B16,Ave_LMP_History[[Location ID]:[Location ID]],D$6) -> 34.28786 | E16: =AVERAGEIFS(Ave_LMP_History[[Avg DA LMP]:[Avg DA LMP]],Ave_LMP_History[[Month]:[Month]],$B16,Ave_LMP_History[[Location ID]:[Location ID]],E$6) -> 33.69608 | F16: =AVERAGEIFS(Ave_LMP_History[[Avg DA LMP]:[Avg DA LMP]],Ave_LMP_History[[Month]:[Month]],$B16,Ave_LMP_History[[Location ID]:[Location ID]],F$6) -> 34.42602 | G16: =AVERAGEIFS(Ave_LMP_History[[Avg DA LMP]:[Avg DA LMP]],Ave_LMP_History[[Month]:[Month]],$B16,Ave_LMP_History[[Location ID]:[Location ID]],G$6) -> 33.78742 | H16: =AVERAGEIFS(Ave_LMP_History[[Avg DA LMP]:[Avg DA LMP]],Ave_LMP_History[[Month]:[Month]],$B16,Ave_LMP_History[[Location ID]:[Location ID]],H$6) -> 31.25164 | I16: =AVERAGEIFS(Ave_LMP_History[[Avg DA LMP]:[Avg DA LMP]],Ave_LMP_History[[Month]:[Month]],$B16,Ave_LMP_History[[Location ID]:[Location ID]],I$6) -> 30.45782 | J16: =AVERAGEIFS(Ave_LMP_History[[Avg DA LMP]:[Avg DA LMP]],Ave_LMP_History[[Month]:[Month]],$B16,Ave_LMP_History[[Location ID]:[Location ID]],J$6) -> 33.90438 | K16: =AVERAGEIFS(Ave_LMP_History[[Avg DA LMP]:[Avg DA LMP]],Ave_LMP_History[[Month]:[Month]],$B16,Ave_LMP_History[[Location ID]:[Location ID]],K$6) -> 34.29864 | ... AF16: =AVERAGEIFS(Ave_LMP_History[[Avg DA LMP]:[Avg DA LMP]],Ave_LMP_History[[Month]:[Month]],$B16,Ave_LMP_History[[Location ID]:[Location ID]],AF$6) -> 34.64268
B17: 11 | C17: Nov | D17: =AVERAGEIFS(Ave_LMP_History[[Avg DA LMP]:[Avg DA LMP]],Ave_LMP_History[[Month]:[Month]],$B17,Ave_LMP_History[[Location ID]:[Location ID]],D$6) -> 41.10254 | E17: =AVERAGEIFS(Ave_LMP_History[[Avg DA LMP]:[Avg DA LMP]],Ave_LMP_History[[Month]:[Month]],$B17,Ave_LMP_History[[Location ID]:[Location ID]],E$6) -> 40.55724 | F17: =AVERAGEIFS(Ave_LMP_History[[Avg DA LMP]:[Avg DA LMP]],Ave_LMP_History[[Month]:[Month]],$B17,Ave_LMP_History[[Location ID]:[Location ID]],F$6) -> 41.32152 | G17: =AVERAGEIFS(Ave_LMP_History[[Avg DA LMP]:[Avg DA LMP]],Ave_LMP_History[[Month]:[Month]],$B17,Ave_LMP_History[[Location ID]:[Location ID]],G$6) -> 40.30646 | H17: =AVERAGEIFS(Ave_LMP_History[[Avg DA LMP]:[Avg DA LMP]],Ave_LMP_History[[Month]:[Month]],$B17,Ave_LMP_History[[Location ID]:[Location ID]],H$6) -> 37.47322 | I17: =AVERAGEIFS(Ave_LMP_History[[Avg DA LMP]:[Avg DA LMP]],Ave_LMP_History[[Month]:[Month]],$B17,Ave_LMP_History[[Location ID]:[Location ID]],I$6) -> 36.0471 | J17: =AVERAGEIFS(Ave_LMP_History[[Avg DA LMP]:[Avg DA LMP]],Ave_LMP_History[[Month]:[Month]],$B17,Ave_LMP_History[[Location ID]:[Location ID]],J$6) -> 40.45258 | K17: =AVERAGEIFS(Ave_LMP_History[[Avg DA LMP]:[Avg DA LMP]],Ave_LMP_History[[Month]:[Month]],$B17,Ave_LMP_History[[Location ID]:[Location ID]],K$6) -> 41.11944 | ... AF17: =AVERAGEIFS(Ave_LMP_History[[Avg DA LMP]:[Avg DA LMP]],Ave_LMP_History[[Month]:[Month]],$B17,Ave_LMP_History[[Location ID]:[Location ID]],AF$6) -> 41.54178
B18: 12 | C18: Dec | D18: =AVERAGEIFS(Ave_LMP_History[[Avg DA LMP]:[Avg DA LMP]],Ave_LMP_History[[Month]:[Month]],$B18,Ave_LMP_History[[Location ID]:[Location ID]],D$6) -> 52.97806 | E18: =AVERAGEIFS(Ave_LMP_History[[Avg DA LMP]:[Avg DA LMP]],Ave_LMP_History[[Month]:[Month]],$B18,Ave_LMP_History[[Location ID]:[Location ID]],E$6) -> 52.79176 | F18: =AVERAGEIFS(Ave_LMP_History[[Avg DA LMP]:[Avg DA LMP]],Ave_LMP_History[[Month]:[Month]],$B18,Ave_LMP_History[[Location ID]:[Location ID]],F$6) -> 53.3404 | G18: =AVERAGEIFS(Ave_LMP_History[[Avg DA LMP]:[Avg DA LMP]],Ave_LMP_History[[Month]:[Month]],$B18,Ave_LMP_History[[Location ID]:[Location ID]],G$6) -> 51.6984 | H18: =AVERAGEIFS(Ave_LMP_History[[Avg DA LMP]:[Avg DA LMP]],Ave_LMP_History[[Month]:[Month]],$B18,Ave_LMP_History[[Location ID]:[Location ID]],H$6) -> 46.61834 | I18: =AVERAGEIFS(Ave_LMP_History[[Avg DA LMP]:[Avg DA LMP]],Ave_LMP_History[[Month]:[Month]],$B18,Ave_LMP_History[[Location ID]:[Location ID]],I$6) -> 47.49448 | J18: =AVERAGEIFS(Ave_LMP_History[[Avg DA LMP]:[Avg DA LMP]],Ave_LMP_History[[Month]:[Month]],$B18,Ave_LMP_History[[Location ID]:[Location ID]],J$6) -> 51.83856 | K18: =AVERAGEIFS(Ave_LMP_History[[Avg DA LMP]:[Avg DA LMP]],Ave_LMP_History[[Month]:[Month]],$B18,Ave_LMP_History[[Location ID]:[Location ID]],K$6) -> 53.04614 | ... AF18: =AVERAGEIFS(Ave_LMP_History[[Avg DA LMP]:[Avg DA LMP]],Ave_LMP_History[[Month]:[Month]],$B18,Ave_LMP_History[[Location ID]:[Location ID]],AF$6) -> 54.22314
C19: Annual Ave | D19: =+AVERAGE(D7:D18) -> 40.289391 | E19: =+AVERAGE(E7:E18) -> 39.612255 | F19: =+AVERAGE(F7:F18) -> 40.340355 | G19: =+AVERAGE(G7:G18) -> 39.674246 | H19: =+AVERAGE(H7:H18) -> 37.495946 | I19: =+AVERAGE(I7:I18) -> 36.30754 | J19: =+AVERAGE(J7:J18) -> 39.830664 | K19: =+AVERAGE(K7:K18) -> 39.873091 | ... AF19: =+AVERAGE(AF7:AF18) -> 40.967166
B21: % Difference from HUB (4000)
B23: Month | C23: MMM | D23: 4000 | E23: 4001 | F23: 4002 | G23: 4003 | H23: 4011 | I23: 4013 | J23: 474 | K23: 642 | L23: 783 | M23: 1185 | N23: 1186 | O23: 1187 | P23: 4446 | Q23: 4447 | R23: 4448 | S23: 4466 | T23: 4146 | U23: 4479 | V23: 555 | W23: 2433 | X23: 12510 | Y23: 12511 | Z23: =+Z6 -> 12530 | AA23: 4506 | AB23: 4142 | AC23: 4150 | AD23: 4162 | AE23: 4172 | AF23: 4217
B24: 1 | C24: Jan | D24: =IFERROR((D7/$D7)-1,"") -> 0 | E24: =IFERROR((E7/$D7)-1,"") -> -0.0272837 | F24: =IFERROR((F7/$D7)-1,"") -> -0.0066227834 | G24: =IFERROR((G7/$D7)-1,"") -> -0.012724885 | H24: =IFERROR((H7/$D7)-1,"") -> -0.070053545 | I24: =IFERROR((I7/$D7)-1,"") -> -0.092745119 | J24: =IFERROR((J7/$D7)-1,"") -> -0.0086440163 | K24: =IFERROR((K7/$D7)-1,"") -> -0.025254221 | ... AF24: =IFERROR((AF7/$D7)-1,"") -> 0.016974917
B25: 2 | C25: Feb | D25: =IFERROR((D8/$D8)-1,"") -> 0 | E25: =IFERROR((E8/$D8)-1,"") -> -0.0048781591 | F25: =IFERROR((F8/$D8)-1,"") -> 0.0040834487 | G25: =IFERROR((G8/$D8)-1,"") -> -0.016636168 | H25: =IFERROR((H8/$D8)-1,"") -> -0.078470036 | I25: =IFERROR((I8/$D8)-1,"") -> -0.0990785 | J25: =IFERROR((J8/$D8)-1,"") -> -0.014598368 | K25: =IFERROR((K8/$D8)-1,"") -> -0.0041710521 | ... AF25: =IFERROR((AF8/$D8)-1,"") -> 0.015775519
B26: 3 | C26: Mar | D26: =IFERROR((D9/$D9)-1,"") -> 0 | E26: =IFERROR((E9/$D9)-1,"") -> -0.021622627 | F26: =IFERROR((F9/$D9)-1,"") -> -0.0030407712 | G26: =IFERROR((G9/$D9)-1,"") -> -0.020679091 | H26: =IFERROR((H9/$D9)-1,"") -> -0.082289442 | I26: =IFERROR((I9/$D9)-1,"") -> -0.11196598 | J26: =IFERROR((J9/$D9)-1,"") -> -0.01636503 | K26: =IFERROR((K9/$D9)-1,"") -> -0.015677822 | ... AF26: =IFERROR((AF9/$D9)-1,"") -> 0.014712743
B27: 4 | C27: Apr | D27: =IFERROR((D10/$D10)-1,"") -> 0 | E27: =IFERROR((E10/$D10)-1,"") -> -0.045318511 | F27: =IFERROR((F10/$D10)-1,"") -> -0.0072557487 | G27: =IFERROR((G10/$D10)-1,"") -> -0.028077638 | H27: =IFERROR((H10/$D10)-1,"") -> -0.060177969 | I27: =IFERROR((I10/$D10)-1,"") -> -0.13841144 | J27: =IFERROR((J10/$D10)-1,"") -> -0.021980156 | K27: =IFERROR((K10/$D10)-1,"") -> -0.018608205 | ... AF27: =IFERROR((AF10/$D10)-1,"") -> 0.020592639
B28: 5 | C28: May | D28: =IFERROR((D11/$D11)-1,"") -> 0 | E28: =IFERROR((E11/$D11)-1,"") -> -0.036986738 | F28: =IFERROR((F11/$D11)-1,"") -> -0.0088287094 | G28: =IFERROR((G11/$D11)-1,"") -> -0.017790593 | H28: =IFERROR((H11/$D11)-1,"") -> -0.031803795 | I28: =IFERROR((I11/$D11)-1,"") -> -0.097246913 | J28: =IFERROR((J11/$D11)-1,"") -> -0.012521963 | K28: =IFERROR((K11/$D11)-1,"") -> -0.025940012 | ... AF28: =IFERROR((AF11/$D11)-1,"") -> 0.014729141
B29: 6 | C29: Jun | D29: =IFERROR((D12/$D12)-1,"") -> 0 | E29: =IFERROR((E12/$D12)-1,"") -> -0.0082601309 | F29: =IFERROR((F12/$D12)-1,"") -> 0.0039160585 | G29: =IFERROR((G12/$D12)-1,"") -> -0.0062313354 | H29: =IFERROR((H12/$D12)-1,"") -> -0.047021985 | I29: =IFERROR((I12/$D12)-1,"") -> -0.081953188 | J29: =IFERROR((J12/$D12)-1,"") -> -0.00093557879 | K29: =IFERROR((K12/$D12)-1,"") -> -0.0078062508 | ... AF29: =IFERROR((AF12/$D12)-1,"") -> 0.0095314834
B30: 7 | C30: Jul | D30: =IFERROR((D13/$D13)-1,"") -> 0 | E30: =IFERROR((E13/$D13)-1,"") -> -0.01485049 | F30: =IFERROR((F13/$D13)-1,"") -> 0.0035788775 | G30: =IFERROR((G13/$D13)-1,"") -> -0.0025003207 | H30: =IFERROR((H13/$D13)-1,"") -> -0.023281881 | I30: =IFERROR((I13/$D13)-1,"") -> -0.066850019 | J30: =IFERROR((J13/$D13)-1,"") -> 0.0011261693 | K30: =IFERROR((K13/$D13)-1,"") -> -0.015216181 | ... AF30: =IFERROR((AF13/$D13)-1,"") -> 0.012672215
B31: 8 | C31: Aug | D31: =IFERROR((D14/$D14)-1,"") -> 0 | E31: =IFERROR((E14/$D14)-1,"") -> -0.0013134196 | F31: =IFERROR((F14/$D14)-1,"") -> 0.0098711978 | G31: =IFERROR((G14/$D14)-1,"") -> -0.0021078513 | H31: =IFERROR((H14/$D14)-1,"") -> -0.048302063 | I31: =IFERROR((I14/$D14)-1,"") -> -0.066941456 | J31: =IFERROR((J14/$D14)-1,"") -> 0.0024777682 | K31: =IFERROR((K14/$D14)-1,"") -> -0.0040654047 | ... AF31: =IFERROR((AF14/$D14)-1,"") -> 0.018705033
B32: 9 | C32: Sep | D32: =IFERROR((D15/$D15)-1,"") -> 0 | E32: =IFERROR((E15/$D15)-1,"") -> -0.0086266452 | F32: =IFERROR((F15/$D15)-1,"") -> 0.0078875293 | G32: =IFERROR((G15/$D15)-1,"") -> -0.011328124 | H32: =IFERROR((H15/$D15)-1,"") -> -0.042750409 | I32: =IFERROR((I15/$D15)-1,"") -> -0.081803198 | J32: =IFERROR((J15/$D15)-1,"") -> -0.0082071102 | K32: =IFERROR((K15/$D15)-1,"") -> -0.0049963418 | ... AF32: =IFERROR((AF15/$D15)-1,"") -> 0.033657311
B33: 10 | C33: Oct | D33: =IFERROR((D16/$D16)-1,"") -> 0 | E33: =IFERROR((E16/$D16)-1,"") -> -0.01725917 | F33: =IFERROR((F16/$D16)-1,"") -> 0.0040294145 | G33: =IFERROR((G16/$D16)-1,"") -> -0.014595253 | H33: =IFERROR((H16/$D16)-1,"") -> -0.088550875 | I33: =IFERROR((I16/$D16)-1,"") -> -0.11170251 | J33: =IFERROR((J16/$D16)-1,"") -> -0.011184133 | K33: =IFERROR((K16/$D16)-1,"") -> 0.00031439699 | ... AF33: =IFERROR((AF16/$D16)-1,"") -> 0.010348269
B34: 11 | C34: Nov | D34: =IFERROR((D17/$D17)-1,"") -> 0 | E34: =IFERROR((E17/$D17)-1,"") -> -0.01326682 | F34: =IFERROR((F17/$D17)-1,"") -> 0.0053276513 | G34: =IFERROR((G17/$D17)-1,"") -> -0.019368146 | H34: =IFERROR((H17/$D17)-1,"") -> -0.088299166 | I34: =IFERROR((I17/$D17)-1,"") -> -0.12299581 | J34: =IFERROR((J17/$D17)-1,"") -> -0.015813135 | K34: =IFERROR((K17/$D17)-1,"") -> 0.0004111668 | ... AF34: =IFERROR((AF17/$D17)-1,"") -> 0.010686444
B35: 12 | C35: Dec | D35: =IFERROR((D18/$D18)-1,"") -> 0 | E35: =IFERROR((E18/$D18)-1,"") -> -0.0035165501 | F35: =IFERROR((F18/$D18)-1,"") -> 0.006839435 | G35: =IFERROR((G18/$D18)-1,"") -> -0.024154527 | H35: =IFERROR((H18/$D18)-1,"") -> -0.12004441 | I35: =IFERROR((I18/$D18)-1,"") -> -0.10350662 | J35: =IFERROR((J18/$D18)-1,"") -> -0.021508904 | K35: =IFERROR((K18/$D18)-1,"") -> 0.0012850603 | ... AF35: =IFERROR((AF18/$D18)-1,"") -> 0.023501804
C36: Annual Ave | D36: =+AVERAGE(D24:D35) -> 0 | E36: =+AVERAGE(E24:E35) -> -0.016931913 | F36: =+AVERAGE(F24:F35) -> 0.0016488 | G36: =+AVERAGE(G24:G35) -> -0.014682828 | H36: =+AVERAGE(H24:H35) -> -0.065087131 | I36: =+AVERAGE(I24:I35) -> -0.097933396 | J36: =+AVERAGE(J24:J35) -> -0.010679538 | K36: =+AVERAGE(K24:K35) -> -0.0099770722 | ... AF36: =+AVERAGE(AF24:AF35) -> 0.01682396

Sheet ENERGY_PRICING
NA1: x
B2: Vermont Public Power Supply Authority | E2: =YEAR(E4) -> 2021 | F2: =YEAR(F4) -> 2021 | G2: =YEAR(G4) -> 2021 | H2: =YEAR(H4) -> 2021 | I2: =YEAR(I4) -> 2021 | J2: =YEAR(J4) -> 2021 | K2: =YEAR(K4) -> 2021 | L2: =YEAR(L4) -> 2021 | ... MZ2: =YEAR(MZ4) -> 2050 | NA2: x | NC2: 2021 | ND2: =1+NC2 -> 2022 | NE2: =1+ND2 -> 2023 | NF2: =1+NE2 -> 2024 | NG2: =1+NF2 -> 2025 | NH2: =1+NG2 -> 2026 | NI2: =1+NH2 -> 2027 | NJ2: =1+NI2 -> 2028 | NK2: =1+NJ2 -> 2029 | ... OF2: =1+OE2 -> 2050
B3: Energy Price Forecast | E3: =MONTH(E4) -> 1 | F3: =MONTH(F4) -> 2 | G3: =MONTH(G4) -> 3 | H3: =MONTH(H4) -> 4 | I3: =MONTH(I4) -> 5 | J3: =MONTH(J4) -> 6 | K3: =MONTH(K4) -> 7 | L3: =MONTH(L4) -> 8 | ... MZ3: =MONTH(MZ4) -> 12 | NA3: x
B4: Uses 8/1-8/17 ICAP Mark Averages | E4: 44197 | F4: =+EOMONTH(E4,0)+1 -> 44228 | G4: =+EOMONTH(F4,0)+1 -> 44256 | H4: =+EOMONTH(G4,0)+1 -> 44287 | I4: =+EOMONTH(H4,0)+1 -> 44317 | J4: =+EOMONTH(I4,0)+1 -> 44348 | K4: =+EOMONTH(J4,0)+1 -> 44378 | L4: =+EOMONTH(K4,0)+1 -> 44409 | M4: =+EOMONTH(L4,0)+1 -> 44440 | ... MZ4: =+EOMONTH(MY4,0)+1 -> 55123 | NA4: x
B5: ICAP '21 Broker Marks then EIA AEO 2022 | C5: $/MMBtu | D5: Henry Hub Natural Gas | E5: 2.637 | F5: 2.635 | G5: 2.617 | H5: 2.589 | I5: 2.624 | J5: 2.682 | K5: 2.739 | L5: 2.758 | M5: 2.83 | N5: 5.101 | O5: 5.133 | P5: 5.237 | Q5: 4.38 | R5: 4.69 | S5: =+AVERAGE(R5,T5) -> 4.614 | T5: 4.538 | U5: 4.558 | V5: 4.599 | W5: 7.755 | X5: 6.426 | Y5: 6.318 | Z5: 6.295 | AA5: 6.383 | AB5: 6.484 | AC5: 6.554 | AD5: 6.315 | AE5: 5.542 | AF5: 4.566 | AG5: 4.464 | AH5: 4.521 | AI5: 4.582 | AJ5: 4.603 | AK5: 4.593 | AL5: 4.657 | AM5: 4.822 | AN5: 5.099 | AO5: =SUMIFS(AEO_2022!$F$96:$AI$96,AEO_2022!$F$6:$AI$6,ENERGY_PRICING!AO2) -> 4.327852 | AP5: =SUMIFS(AEO_2022!$F$96:$AI$96,AEO_2022!$F$6:$AI$6,ENERGY_PRICING!AP2) -> 4.327852 | AQ5: =SUMIFS(AEO_2022!$F$96:$AI$96,AEO_2022!$F$6:$AI$6,ENERGY_PRICING!AQ2) -> 4.327852 | AR5: =SUMIFS(AEO_2022!$F$96:$AI$96,AEO_2022!$F$6:$AI$6,ENERGY_PRICING!AR2) -> 4.327852 | AS5: =SUMIFS(AEO_2022!$F$96:$AI$96,AEO_2022!$F$6:$AI$6,ENERGY_PRICING!AS2) -> 4.327852 | AT5: =SUMIFS(AEO_2022!$F$96:$AI$96,AEO_2022!$F$6:$AI$6,ENERGY_PRICING!AT2) -> 4.327852 | AU5: =SUMIFS(AEO_2022!$F$96:$AI$96,AEO_2022!$F$6:$AI$6,ENERGY_PRICING!AU2) -> 4.327852 | AV5: =SUMIFS(AEO_2022!$F$96:$AI$96,AEO_2022!$F$6:$AI$6,ENERGY_PRICING!AV2) -> 4.327852 | ... MZ5: =SUMIFS(AEO_2022!$F$96:$AI$96,AEO_2022!$F$6:$AI$6,ENERGY_PRICING!MZ2) -> 6.935562 | NA5: x | NC5: =AVERAGEIF($E$2:$MZ$2,NC$2,$E5:$MZ5) -> 3.2985 | ND5: =AVERAGEIF($E$2:$MZ$2,ND$2,$E5:$MZ5) -> 5.5866667 | NE5: =AVERAGEIF($E$2:$MZ$2,NE$2,$E5:$MZ5) -> 5.0265 | NF5: =AVERAGEIF($E$2:$MZ$2,NF$2,$E5:$MZ5) -> 4.327852 | NG5: =AVERAGEIF($E$2:$MZ$2,NG$2,$E5:$MZ5) -> 3.96999 | NH5: =AVERAGEIF($E$2:$MZ$2,NH$2,$E5:$MZ5) -> 3.861048 | NI5: =AVERAGEIF($E$2:$MZ$2,NI$2,$E5:$MZ5) -> 3.8162 | NJ5: =AVERAGEIF($E$2:$MZ$2,NJ$2,$E5:$MZ5) -> 3.984262 | ... OF5: =AVERAGEIF($E$2:$MZ$2,OF$2,$E5:$MZ5) -> 6.935562
B6: ICAP Broker Marks | C6: $/MMBtu | D6: Algonquin Basis | E6: 3.2 | F6: 3.2 | G6: 1.45 | H6: 0.12 | I6: -0.4 | J6: -0.31 | K6: -0.24 | L6: -0.335 | M6: -0.605 | N6: -0.28 | O6: 2.47 | P6: 9.3 | Q6: 18 | R6: 8 | S6: 5 | T6: 0.315 | U6: -0.58 | V6: -0.5 | W6: 0.01 | X6: -0.23 | Y6: -0.535 | Z6: -0.5 | AA6: 8.35 | AB6: 24.65 | AC6: 31.2 | AD6: 31.2 | AE6: 11.15 | AF6: -0.43 | AG6: -0.43 | AH6: -0.43 | AI6: -0.43 | AJ6: -0.43 | AK6: -0.43 | AL6: -0.43 | AM6: 7.25 | AN6: 14.75 | AO6: 16 | AP6: 16 | AQ6: 5 | AR6: =+AF6 -> -0.43 | AS6: =+AG6 -> -0.43 | AT6: =+AH6 -> -0.43 | AU6: =+AI6 -> -0.43 | AV6: =+AJ6 -> -0.43 | AW6: =+AK6 -> -0.43 | AX6: =+AL6 -> -0.43 | AY6: =+AM6 -> 7.25 | AZ6: 8 | BA6: =+AO6 -> 16 | BB6: =+AP6 -> 16 | BC6: =+AQ6 -> 5 | BD6: =+AR6 -> -0.43 | BE6: =+AS6 -> -0.43 | BF6: =+AT6 -> -0.43 | BG6: =+AU6 -> -0.43 | BH6: =+AV6 -> -0.43 | ... MZ6: =+MN6 -> 8 | NA6: x | NC6: =AVERAGEIF($E$2:$MZ$2,NC$2,$E6:$MZ6) -> 1.4641667 | ND6: =AVERAGEIF($E$2:$MZ$2,ND$2,$E6:$MZ6) -> 5.165 | NE6: =AVERAGEIF($E$2:$MZ$2,NE$2,$E6:$MZ6) -> 7.7116667 | NF6: =AVERAGEIF($E$2:$MZ$2,NF$2,$E6:$MZ6) -> 4.1033333 | NG6: =AVERAGEIF($E$2:$MZ$2,NG$2,$E6:$MZ6) -> 4.1033333 | NH6: =AVERAGEIF($E$2:$MZ$2,NH$2,$E6:$MZ6) -> 4.1033333 | NI6: =AVERAGEIF($E$2:$MZ$2,NI$2,$E6:$MZ6) -> 4.1033333 | NJ6: =AVERAGEIF($E$2:$MZ$2,NJ$2,$E6:$MZ6) -> 4.1033333 | ... OF6: =AVERAGEIF($E$2:$MZ$2,OF$2,$E6:$MZ6) -> 4.1033333
B7: Calculated | C7: $/MMBtu | D7: Algonquin Citygate | E7: 5.837 | F7: 5.835 | G7: 4.067 | H7: =+H6+H5 -> 2.709 | I7: =+I6+I5 -> 2.224 | J7: =+J6+J5 -> 2.372 | K7: =+K6+K5 -> 2.499 | L7: =+L6+L5 -> 2.423 | M7: =+M6+M5 -> 2.225 | N7: =+N6+N5 -> 4.821 | O7: =+O6+O5 -> 7.603 | ... MZ7: =+MZ6+MZ5 -> 14.935562
B8: ICAP Broker Marks | C8: $/MWH | D8: On_Peak_ISO-NE_HUB | E8: 56.15 | F8: 51.85 | G8: 39.75 | H8: 46 | I8: 26.65 | J8: 29.8 | K8: 43.93 | L8: =+K8+8 -> 51.93 | M8: 47 | N8: 58.5 | O8: 92 | P8: 156.5 | Q8: 159.9 | R8: 125 | S8: 97 | T8: 54.25 | U8: 48.55 | V8: 54.25 | W8: 135.25 | X8: 93 | Y8: 98.930769 | Z8: 90.307692 | AA8: 152.55208 | AB8: 254.4375 | AC8: 317.45833 | AD8: 317.45833 | AE8: 160.15625 | AF8: 84.302083 | AG8: 62.197917 | AH8: 66.15625 | AI8: 80.164583 | AJ8: 80.164583 | AK8: 59.75 | AL8: 58.479167 | AM8: 109.05769 | AN8: 177.19231 | AO8: 225 | AP8: 225 | AQ8: 110 | AR8: 72 | AS8: 53.25 | AT8: 56 | AU8: 72.5 | AV8: 72.5 | AW8: 49.5 | AX8: 49.5 | AY8: 81.5 | AZ8: 122.25 | BA8: =+(BA5+BA6)*BA11 -> 221.03898 | BB8: =+(BB5+BB6)*BB11 -> 196.7044 | BC8: =+(BC5+BC6)*BC11 -> 105.77986 | BD8: =+(BD5+BD6)*BD11 -> 65.389676 | BE8: =+(BE5+BE6)*BE11 -> 48.361115 | BF8: =+(BF5+BF6)*BF11 -> 50.858637 | BG8: =+(BG5+BG6)*BG11 -> 65.843771 | BH8: =+(BH5+BH6)*BH11 -> 65.843771 | ... MZ8: =+(MZ5+MZ6)*MZ11 -> 148.10954 | NA8: x | NC8: =AVERAGEIF($E$2:$MZ$2,NC$2,$E8:$MZ8) -> 58.338333 | ND8: =AVERAGEIF($E$2:$MZ$2,ND$2,$E8:$MZ8) -> 113.619 | NE8: =AVERAGEIF($E$2:$MZ$2,NE$2,$E8:$MZ8) -> 131.04479 | NF8: =AVERAGEIF($E$2:$MZ$2,NF$2,$E8:$MZ8) -> 99.083333 | NG8: =AVERAGEIF($E$2:$MZ$2,NG$2,$E8:$MZ8) -> 92.28443 | NH8: =AVERAGEIF($E$2:$MZ$2,NH$2,$E8:$MZ8) -> 90.843076 | NI8: =AVERAGEIF($E$2:$MZ$2,NI$2,$E8:$MZ8) -> 90.249716 | NJ8: =AVERAGEIF($E$2:$MZ$2,NJ$2,$E8:$MZ8) -> 92.473255 | ... OF8: =AVERAGEIF($E$2:$MZ$2,OF$2,$E8:$MZ8) -> 131.52034
B9: ICAP Broker Marks | C9: $/MWH | D9: Off_Peak_ISO-NE_HUB | E9: 45.65 | F9: 43.65 | G9: 33.75 | H9: 26.75 | I9: 21.25 | J9: 22.9 | K9: 31.59 | L9: =+K9+8 -> 39.59 | M9: 34.75 | N9: 49 | O9: 77.5 | P9: 136.5 | Q9: 135.75 | R9: 110 | S9: 85.65 | T9: 46.25 | U9: 40 | V9: 42.25 | W9: 88.85 | X9: 63.5 | Y9: 78.596154 | Z9: 77.673077 | AA9: 129.20455 | AB9: 233.76136 | AC9: 276.52273 | AD9: 276.52273 | AE9: 145.63636 | AF9: 69.495455 | AG9: 50.304545 | AH9: 50.645455 | AI9: 55.995455 | AJ9: 55.995455 | AK9: 46.670455 | AL9: 46.670455 | AM9: 97.192308 | AN9: 159.09615 | AO9: 191 | AP9: 191 | AQ9: 97 | AR9: 58.75 | AS9: 39.9 | AT9: 39.9 | AU9: 51.9 | AV9: 51.9 | AW9: 40.9 | AX9: 40.9 | AY9: 65.5 | AZ9: 103 | BA9: =+BA8-BA10 -> 187.03898 | BB9: =+BB8-BB10 -> 162.7044 | BC9: =+BC8-BC10 -> 92.779862 | BD9: =+BD8-BD10 -> 52.139676 | BE9: =+BE8-BE10 -> 35.011115 | BF9: =+BF8-BF10 -> 34.758637 | BG9: =+BG8-BG10 -> 45.243771 | BH9: =+BH8-BH10 -> 45.243771 | ... MZ9: =+MZ8-MZ10 -> 128.85954 | NA9: x | NC9: =AVERAGEIF($E$2:$MZ$2,NC$2,$E9:$MZ9) -> 46.906667 | ND9: =AVERAGEIF($E$2:$MZ$2,ND$2,$E9:$MZ9) -> 94.290428 | NE9: =AVERAGEIF($E$2:$MZ$2,NE$2,$E9:$MZ9) -> 110.89563 | NF9: =AVERAGEIF($E$2:$MZ$2,NF$2,$E9:$MZ9) -> 80.970833 | NG9: =AVERAGEIF($E$2:$MZ$2,NG$2,$E9:$MZ9) -> 74.17193 | NH9: =AVERAGEIF($E$2:$MZ$2,NH$2,$E9:$MZ9) -> 72.730576 | NI9: =AVERAGEIF($E$2:$MZ$2,NI$2,$E9:$MZ9) -> 72.137216 | NJ9: =AVERAGEIF($E$2:$MZ$2,NJ$2,$E9:$MZ9) -> 74.360755 | ... OF9: =AVERAGEIF($E$2:$MZ$2,OF$2,$E9:$MZ9) -> 113.40784
B10: Calculated | C10: $/MWH | D10: Spread | E10: 10.5 | F10: 8.2 | G10: 6 | H10: =+H8-H9 -> 19.25 | I10: =+I8-I9 -> 5.4 | J10: =+J8-J9 -> 6.9 | K10: =+K8-K9 -> 12.34 | L10: =+L8-L9 -> 12.34 | M10: =+M8-M9 -> 12.25 | N10: =+N8-N9 -> 9.5 | O10: =+O8-O9 -> 14.5 | ... AZ10: =+AZ8-AZ9 -> 19.25 | BA10: =+AO10 -> 34 | BB10: =+AP10 -> 34 | BC10: =+AQ10 -> 13 | BD10: =+AR10 -> 13.25 | BE10: =+AS10 -> 13.35 | BF10: =+AT10 -> 16.1 | BG10: =+AU10 -> 20.6 | BH10: =+AV10 -> 20.6 | ... MZ10: =+MN10 -> 19.25 | NA10: x | NC10: =AVERAGEIF($E$2:$MZ$2,NC$2,$E10:$MZ10) -> 11.431667 | ND10: =AVERAGEIF($E$2:$MZ$2,ND$2,$E10:$MZ10) -> 19.328575 | NE10: =AVERAGEIF($E$2:$MZ$2,NE$2,$E10:$MZ10) -> 20.149162 | NF10: =AVERAGEIF($E$2:$MZ$2,NF$2,$E10:$MZ10) -> 18.1125 | NG10: =AVERAGEIF($E$2:$MZ$2,NG$2,$E10:$MZ10) -> 18.1125 | NH10: =AVERAGEIF($E$2:$MZ$2,NH$2,$E10:$MZ10) -> 18.1125 | NI10: =AVERAGEIF($E$2:$MZ$2,NI$2,$E10:$MZ10) -> 18.1125 | NJ10: =AVERAGEIF($E$2:$MZ$2,NJ$2,$E10:$MZ10) -> 18.1125 | ... OF10: =AVERAGEIF($E$2:$MZ$2,OF$2,$E10:$MZ10) -> 18.1125
B11: Calculated | C11: MMBtu/MWH | D11: Implied Heat Rate | E11: 9.6196676 | F11: 8.8860326 | G11: 9.773789 | H11: 16.197183 | I11: 11.622329 | J11: 12.16605 | K11: 14.063116 | L11: 14.474218 | M11: 14.81922 | N11: =+N8/N7 -> 12.134412 | O11: =+O8/O7 -> 12.100487 | P11: =+P8/P7 -> 10.765633 | Q11: =+Q8/Q7 -> 7.1447721 | R11: =+R8/R7 -> 9.8502758 | S11: =+S8/S7 -> 10.089453 | T11: =+T8/T7 -> 11.178652 | U11: =+U8/U7 -> 12.204625 | ... AO11: =+AO8/AO7 -> 11.068558 | AP11: 9.85 | AQ11: =+AQ8/AQ7 -> 11.79264 | AR11: =+AR8/AR7 -> 18.471712 | AS11: =+AS8/AS7 -> 13.66137 | AT11: =+AT8/AT7 -> 14.366887 | AU11: =+AU8/AU7 -> 18.599988 | AV11: =+AV8/AV7 -> 18.599988 | AW11: =+AW8/AW7 -> 12.699302 | AX11: =+AX8/AX7 -> 12.699302 | ... AZ11: =+AZ8/AZ7 -> 9.9165694 | BA11: =+AO11 -> 11.068558 | BB11: =+AP11 -> 9.85 | BC11: =+AQ11 -> 11.79264 | BD11: =+AR11 -> 18.471712 | BE11: =+AS11 -> 13.66137 | BF11: =+AT11 -> 14.366887 | BG11: =+AU11 -> 18.599988 | BH11: =+AV11 -> 18.599988 | ... MZ11: =+MN11 -> 9.9165694 | NA11: x | NC11: =AVERAGEIF($E$2:$MZ$2,NC$2,$E11:$MZ11) -> 12.218511 | ND11: =AVERAGEIF($E$2:$MZ$2,ND$2,$E11:$MZ11) -> 12.278998 | NE11: =AVERAGEIF($E$2:$MZ$2,NE$2,$E11:$MZ11) -> 13.591974 | NF11: =AVERAGEIF($E$2:$MZ$2,NF$2,$E11:$MZ11) -> 13.230468 | NG11: =AVERAGEIF($E$2:$MZ$2,NG$2,$E11:$MZ11) -> 13.230468 | NH11: =AVERAGEIF($E$2:$MZ$2,NH$2,$E11:$MZ11) -> 13.230468 | NI11: =AVERAGEIF($E$2:$MZ$2,NI$2,$E11:$MZ11) -> 13.230468 | NJ11: =AVERAGEIF($E$2:$MZ$2,NJ$2,$E11:$MZ11) -> 13.230468 | ... OF11: =AVERAGEIF($E$2:$MZ$2,OF$2,$E11:$MZ11) -> 13.230468
Q12: x | NA12: x
C13: Scalar | D13: Natural Gas | E13: =SUMIF(Scaling!$C$2:$N$2,ENERGY_PRICING!E3,Scaling!$C$3:$N$3)*SUMIF(Scaling!$C$7:$AG$7,ENERGY_PRICING!E2,Scaling!$C$8:$AG$8) -> 1 | F13: =SUMIF(Scaling!$C$2:$N$2,ENERGY_PRICING!F3,Scaling!$C$3:$N$3)*SUMIF(Scaling!$C$7:$AG$7,ENERGY_PRICING!F2,Scaling!$C$8:$AG$8) -> 1 | G13: =SUMIF(Scaling!$C$2:$N$2,ENERGY_PRICING!G3,Scaling!$C$3:$N$3)*SUMIF(Scaling!$C$7:$AG$7,ENERGY_PRICING!G2,Scaling!$C$8:$AG$8) -> 1 | H13: =SUMIF(Scaling!$C$2:$N$2,ENERGY_PRICING!H3,Scaling!$C$3:$N$3)*SUMIF(Scaling!$C$7:$AG$7,ENERGY_PRICING!H2,Scaling!$C$8:$AG$8) -> 1 | I13: =SUMIF(Scaling!$C$2:$N$2,ENERGY_PRICING!I3,Scaling!$C$3:$N$3)*SUMIF(Scaling!$C$7:$AG$7,ENERGY_PRICING!I2,Scaling!$C$8:$AG$8) -> 1 | J13: =SUMIF(Scaling!$C$2:$N$2,ENERGY_PRICING!J3,Scaling!$C$3:$N$3)*SUMIF(Scaling!$C$7:$AG$7,ENERGY_PRICING!J2,Scaling!$C$8:$AG$8) -> 1 | K13: =SUMIF(Scaling!$C$2:$N$2,ENERGY_PRICING!K3,Scaling!$C$3:$N$3)*SUMIF(Scaling!$C$7:$AG$7,ENERGY_PRICING!K2,Scaling!$C$8:$AG$8) -> 1 | L13: =SUMIF(Scaling!$C$2:$N$2,ENERGY_PRICING!L3,Scaling!$C$3:$N$3)*SUMIF(Scaling!$C$7:$AG$7,ENERGY_PRICING!L2,Scaling!$C$8:$AG$8) -> 1 | ... MZ13: =SUMIF(Scaling!$C$2:$N$2,ENERGY_PRICING!MZ3,Scaling!$C$3:$N$3)*SUMIF(Scaling!$C$7:$AG$7,ENERGY_PRICING!MZ2,Scaling!$C$8:$AG$8) -> 1 | NA13: x
C14: Scalar | D14: Algonquin Basis | E14: =SUMIF(Scaling!$C$2:$N$2,ENERGY_PRICING!E3,Scaling!$C$4:$N$4)*SUMIF(Scaling!$C$7:$AG$7,ENERGY_PRICING!E2,Scaling!$C$9:$AG$9) -> 1 | F14: =SUMIF(Scaling!$C$2:$N$2,ENERGY_PRICING!F3,Scaling!$C$4:$N$4)*SUMIF(Scaling!$C$7:$AG$7,ENERGY_PRICING!F2,Scaling!$C$9:$AG$9) -> 1 | G14: =SUMIF(Scaling!$C$2:$N$2,ENERGY_PRICING!G3,Scaling!$C$4:$N$4)*SUMIF(Scaling!$C$7:$AG$7,ENERGY_PRICING!G2,Scaling!$C$9:$AG$9) -> 1 | H14: =SUMIF(Scaling!$C$2:$N$2,ENERGY_PRICING!H3,Scaling!$C$4:$N$4)*SUMIF(Scaling!$C$7:$AG$7,ENERGY_PRICING!H2,Scaling!$C$9:$AG$9) -> 1 | I14: =SUMIF(Scaling!$C$2:$N$2,ENERGY_PRICING!I3,Scaling!$C$4:$N$4)*SUMIF(Scaling!$C$7:$AG$7,ENERGY_PRICING!I2,Scaling!$C$9:$AG$9) -> 1 | J14: =SUMIF(Scaling!$C$2:$N$2,ENERGY_PRICING!J3,Scaling!$C$4:$N$4)*SUMIF(Scaling!$C$7:$AG$7,ENERGY_PRICING!J2,Scaling!$C$9:$AG$9) -> 1 | K14: =SUMIF(Scaling!$C$2:$N$2,ENERGY_PRICING!K3,Scaling!$C$4:$N$4)*SUMIF(Scaling!$C$7:$AG$7,ENERGY_PRICING!K2,Scaling!$C$9:$AG$9) -> 1 | L14: =SUMIF(Scaling!$C$2:$N$2,ENERGY_PRICING!L3,Scaling!$C$4:$N$4)*SUMIF(Scaling!$C$7:$AG$7,ENERGY_PRICING!L2,Scaling!$C$9:$AG$9) -> 1 | ... P14: =SUMIF(Scaling!$C$2:$N$2,ENERGY_PRICING!P3,Scaling!$C$4:$N$4)*SUMIF(Scaling!$C$7:$AG$7,ENERGY_PRICING!P2,Scaling!$C$9:$AG$9) -> 1 | Q14: 1 | R14: 1 | S14: 1 | T14: 1 | U14: 1 | V14: 1 | W14: =SUMIF(Scaling!$C$2:$N$2,ENERGY_PRICING!W3,Scaling!$C$4:$N$4)*SUMIF(Scaling!$C$7:$AG$7,ENERGY_PRICING!W2,Scaling!$C$9:$AG$9) -> 1 | X14: =SUMIF(Scaling!$C$2:$N$2,ENERGY_PRICING!X3,Scaling!$C$4:$N$4)*SUMIF(Scaling!$C$7:$AG$7,ENERGY_PRICING!X2,Scaling!$C$9:$AG$9) -> 1 | Y14: =SUMIF(Scaling!$C$2:$N$2,ENERGY_PRICING!Y3,Scaling!$C$4:$N$4)*SUMIF(Scaling!$C$7:$AG$7,ENERGY_PRICING!Y2,Scaling!$C$9:$AG$9) -> 1 | Z14: =SUMIF(Scaling!$C$2:$N$2,ENERGY_PRICING!Z3,Scaling!$C$4:$N$4)*SUMIF(Scaling!$C$7:$AG$7,ENERGY_PRICING!Z2,Scaling!$C$9:$AG$9) -> 1 | AA14: =SUMIF(Scaling!$C$2:$N$2,ENERGY_PRICING!AA3,Scaling!$C$4:$N$4)*SUMIF(Scaling!$C$7:$AG$7,ENERGY_PRICING!AA2,Scaling!$C$9:$AG$9) -> 1 | AB14: =SUMIF(Scaling!$C$2:$N$2,ENERGY_PRICING!AB3,Scaling!$C$4:$N$4)*SUMIF(Scaling!$C$7:$AG$7,ENERGY_PRICING!AB2,Scaling!$C$9:$AG$9) -> 1 | AC14: =SUMIF(Scaling!$C$2:$N$2,ENERGY_PRICING!AC3,Scaling!$C$4:$N$4)*SUMIF(Scaling!$C$7:$AG$7,ENERGY_PRICING!AC2,Scaling!$C$9:$AG$9) -> 1 | AD14: =SUMIF(Scaling!$C$2:$N$2,ENERGY_PRICING!AD3,Scaling!$C$4:$N$4)*SUMIF(Scaling!$C$7:$AG$7,ENERGY_PRICING!AD2,Scaling!$C$9:$AG$9) -> 1 | ... MZ14: =SUMIF(Scaling!$C$2:$N$2,ENERGY_PRICING!MZ3,Scaling!$C$4:$N$4)*SUMIF(Scaling!$C$7:$AG$7,ENERGY_PRICING!MZ2,Scaling!$C$9:$AG$9) -> 1 | NA14: x
Q15: x | NA15: x
B16: Scaled | C16: $/MMBtu | D16: =+D5 -> Henry Hub Natural Gas | E16: =+E5*E13 -> 2.637 | F16: =+F5*F13 -> 2.635 | G16: =+G5*G13 -> 2.617 | H16: =+H5*H13 -> 2.589 | I16: =+I5*I13 -> 2.624 | J16: =+J5*J13 -> 2.682 | K16: =+K5*K13 -> 2.739 | L16: =+L5*L13 -> 2.758 | ... MZ16: =+MZ5*MZ13 -> 6.935562 | NA16: x | NC16: =AVERAGEIF($E$2:$MZ$2,NC$2,$E16:$MZ16) -> 3.2985 | ND16: =AVERAGEIF($E$2:$MZ$2,ND$2,$E16:$MZ16) -> 5.5866667 | NE16: =AVERAGEIF($E$2:$MZ$2,NE$2,$E16:$MZ16) -> 5.0265 | NF16: =AVERAGEIF($E$2:$MZ$2,NF$2,$E16:$MZ16) -> 4.327852 | NG16: =AVERAGEIF($E$2:$MZ$2,NG$2,$E16:$MZ16) -> 3.96999 | NH16: =AVERAGEIF($E$2:$MZ$2,NH$2,$E16:$MZ16) -> 3.861048 | NI16: =AVERAGEIF($E$2:$MZ$2,NI$2,$E16:$MZ16) -> 3.8162 | NJ16: =AVERAGEIF($E$2:$MZ$2,NJ$2,$E16:$MZ16) -> 3.984262 | ... OF16: =AVERAGEIF($E$2:$MZ$2,OF$2,$E16:$MZ16) -> 6.935562
B17: Scaled | C17: $/MMBtu | D17: Algonquin Basis | E17: =+E6*E14 -> 3.2 | F17: =+F6*F14 -> 3.2 | G17: =+G6*G14 -> 1.45 | H17: =+H6*H14 -> 0.12 | I17: =+I6*I14 -> -0.4 | J17: =+J6*J14 -> -0.31 | K17: =+K6*K14 -> -0.24 | L17: =+L6*L14 -> -0.335 | ... MZ17: =+MZ6*MZ14 -> 8 | NA17: x | NC17: =AVERAGEIF($E$2:$MZ$2,NC$2,$E17:$MZ17) -> 1.4641667 | ND17: =AVERAGEIF($E$2:$MZ$2,ND$2,$E17:$MZ17) -> 5.165 | NE17: =AVERAGEIF($E$2:$MZ$2,NE$2,$E17:$MZ17) -> 7.7116667 | NF17: =AVERAGEIF($E$2:$MZ$2,NF$2,$E17:$MZ17) -> 4.1033333 | NG17: =AVERAGEIF($E$2:$MZ$2,NG$2,$E17:$MZ17) -> 4.1033333 | NH17: =AVERAGEIF($E$2:$MZ$2,NH$2,$E17:$MZ17) -> 4.1033333 | NI17: =AVERAGEIF($E$2:$MZ$2,NI$2,$E17:$MZ17) -> 4.1033333 | NJ17: =AVERAGEIF($E$2:$MZ$2,NJ$2,$E17:$MZ17) -> 4.1033333 | ... OF17: =AVERAGEIF($E$2:$MZ$2,OF$2,$E17:$MZ17) -> 4.1033333
B18: Scaled | C18: $/MMBtu | D18: Algonquin Citygate | E18: =+E17+E16 -> 5.837 | F18: =+F17+F16 -> 5.835 | G18: =+G17+G16 -> 4.067 | H18: =+H17+H16 -> 2.709 | I18: =+I17+I16 -> 2.224 | J18: =+J17+J16 -> 2.372 | K18: =+K17+K16 -> 2.499 | L18: =+L17+L16 -> 2.423 | ... MZ18: =+MZ17+MZ16 -> 14.935562
B19: Scaled | C19: $/MWH | D19: On_Peak_ISO-NE_HUB | E19: =+E8 -> 56.15 | F19: =+F8 -> 51.85 | G19: =+G8 -> 39.75 | H19: =+H8 -> 46 | I19: =+I8 -> 26.65 | J19: =+J8 -> 29.8 | K19: =+K8 -> 43.93 | L19: =+L8 -> 51.93 | ... P19: =+P8 -> 156.5 | Q19: =+(Q16+Q17)*Q11 -> 159.9 | R19: =+(R16+R17)*R11 -> 125 | S19: =+(S16+S17)*S11 -> 97 | T19: =+(T16+T17)*T11 -> 54.25 | U19: =+(U16+U17)*U11 -> 48.55 | V19: =+(V16+V17)*V11 -> 54.25 | W19: =+(W16+W17)*W11 -> 135.25 | X19: =+(X16+X17)*X11 -> 93 | ... MZ19: =+(MZ16+MZ17)*MZ11 -> 148.10954 | NA19: x | NC19: =AVERAGEIF($E$2:$MZ$2,NC$2,$E19:$MZ19) -> 58.338333 | ND19: =AVERAGEIF($E$2:$MZ$2,ND$2,$E19:$MZ19) -> 113.619 | NE19: =AVERAGEIF($E$2:$MZ$2,NE$2,$E19:$MZ19) -> 131.04479 | NF19: =AVERAGEIF($E$2:$MZ$2,NF$2,$E19:$MZ19) -> 97.019112 | NG19: =AVERAGEIF($E$2:$MZ$2,NG$2,$E19:$MZ19) -> 92.28443 | NH19: =AVERAGEIF($E$2:$MZ$2,NH$2,$E19:$MZ19) -> 90.843076 | NI19: =AVERAGEIF($E$2:$MZ$2,NI$2,$E19:$MZ19) -> 90.249716 | NJ19: =AVERAGEIF($E$2:$MZ$2,NJ$2,$E19:$MZ19) -> 92.473255 | ... OF19: =AVERAGEIF($E$2:$MZ$2,OF$2,$E19:$MZ19) -> 131.52034
B20: Scaled | C20: $/MWH | D20: Off_Peak_ISO-NE_HUB | E20: =+E9 -> 45.65 | F20: =+F9 -> 43.65 | G20: =+G9 -> 33.75 | H20: =+H9 -> 26.75 | I20: =+I9 -> 21.25 | J20: =+J9 -> 22.9 | K20: =+K9 -> 31.59 | L20: =+L9 -> 39.59 | ... P20: =+P9 -> 136.5 | Q20: =+Q19-Q21 -> 135.75 | R20: =+R19-R21 -> 110 | S20: =+S19-S21 -> 85.65 | T20: =+T19-T21 -> 46.25 | U20: =+U19-U21 -> 40 | V20: =+V19-V21 -> 42.25 | W20: =+W19-W21 -> 88.85 | X20: =+X19-X21 -> 63.5 | ... MZ20: =+MZ19-MZ21 -> 128.85954 | NA20: x | NC20: =AVERAGEIF($E$2:$MZ$2,NC$2,$E20:$MZ20) -> 46.906667 | ND20: =AVERAGEIF($E$2:$MZ$2,ND$2,$E20:$MZ20) -> 94.290428 | NE20: =AVERAGEIF($E$2:$MZ$2,NE$2,$E20:$MZ20) -> 110.89563 | NF20: =AVERAGEIF($E$2:$MZ$2,NF$2,$E20:$MZ20) -> 78.906612 | NG20: =AVERAGEIF($E$2:$MZ$2,NG$2,$E20:$MZ20) -> 74.17193 | NH20: =AVERAGEIF($E$2:$MZ$2,NH$2,$E20:$MZ20) -> 72.730576 | NI20: =AVERAGEIF($E$2:$MZ$2,NI$2,$E20:$MZ20) -> 72.137216 | NJ20: =AVERAGEIF($E$2:$MZ$2,NJ$2,$E20:$MZ20) -> 74.360755 | ... OF20: =AVERAGEIF($E$2:$MZ$2,OF$2,$E20:$MZ20) -> 113.40784
B21: Scaled | C21: $/MWH | D21: Spread | E21: =+E10 -> 10.5 | F21: =+F10 -> 8.2 | G21: =+G10 -> 6 | H21: =+H10 -> 19.25 | I21: =+I10 -> 5.4 | J21: =+J10 -> 6.9 | K21: =+K10 -> 12.34 | L21: =+L10 -> 12.34 | ... MZ21: =+MZ10 -> 19.25 | NA21: x | NC21: =AVERAGEIF($E$2:$MZ$2,NC$2,$E21:$MZ21) -> 11.431667 | ND21: =AVERAGEIF($E$2:$MZ$2,ND$2,$E21:$MZ21) -> 19.328575 | NE21: =AVERAGEIF($E$2:$MZ$2,NE$2,$E21:$MZ21) -> 20.149162 | NF21: =AVERAGEIF($E$2:$MZ$2,NF$2,$E21:$MZ21) -> 18.1125 | NG21: =AVERAGEIF($E$2:$MZ$2,NG$2,$E21:$MZ21) -> 18.1125 | NH21: =AVERAGEIF($E$2:$MZ$2,NH$2,$E21:$MZ21) -> 18.1125 | NI21: =AVERAGEIF($E$2:$MZ$2,NI$2,$E21:$MZ21) -> 18.1125 | NJ21: =AVERAGEIF($E$2:$MZ$2,NJ$2,$E21:$MZ21) -> 18.1125 | ... OF21: =AVERAGEIF($E$2:$MZ$2,OF$2,$E21:$MZ21) -> 18.1125
C22: $/MWH | D22: ATC_ISO-NE_HUB | E22: =((E19*E26)+(E20*E27))/SUM(E26:E27) -> 50.166129 | F22: =((F19*F26)+(F20*F27))/SUM(F26:F27) -> 47.554762 | G22: =((G19*G26)+(G20*G27))/SUM(G26:G27) -> 36.721736 | H22: =((H19*H26)+(H20*H27))/SUM(H26:H27) -> 36.161111 | I22: =((I19*I26)+(I20*I27))/SUM(I26:I27) -> 23.572581 | J22: =((J19*J26)+(J20*J27))/SUM(J26:J27) -> 26.273333 | K22: =((K19*K26)+(K20*K27))/SUM(K26:K27) -> 37.162903 | L22: =((L19*L26)+(L20*L27))/SUM(L26:L27) -> 45.42828 | ... MZ22: =((MZ19*MZ26)+(MZ20*MZ27))/SUM(MZ26:MZ27) -> 137.55309 | NC22: =AVERAGEIF($E$2:$MZ$2,NC$2,$E22:$MZ22) -> 52.251456 | ND22: =AVERAGEIF($E$2:$MZ$2,ND$2,$E22:$MZ22) -> 103.17165 | NE22: =AVERAGEIF($E$2:$MZ$2,NE$2,$E22:$MZ22) -> 120.23107 | NF22: =AVERAGEIF($E$2:$MZ$2,NF$2,$E22:$MZ22) -> 87.380895 | NG22: =AVERAGEIF($E$2:$MZ$2,NG$2,$E22:$MZ22) -> 82.617412 | NH22: =AVERAGEIF($E$2:$MZ$2,NH$2,$E22:$MZ22) -> 81.158522 | NI22: =AVERAGEIF($E$2:$MZ$2,NI$2,$E22:$MZ22) -> 80.541735 | NJ22: =AVERAGEIF($E$2:$MZ$2,NJ$2,$E22:$MZ22) -> 82.713149 | ... OF22: =AVERAGEIF($E$2:$MZ$2,OF$2,$E22:$MZ22) -> 121.77724
C23: $/MWH | D23: 7x16 | E23: =((E19*E26)+(E20*E30))/E28 -> 50.951613 | F23: =((F19*F26)+(F20*F30))/F28 -> 49.507143 | G23: =((G19*G26)+(G20*G30))/G28 -> 38.201613 | H23: =((H19*H26)+(H20*H30))/H28 -> 40.866667 | I23: =((I19*I26)+(I20*I30))/I28 -> 24.048387 | J23: =((J19*J26)+(J20*J30))/J28 -> 27.96 | K23: =((K19*K26)+(K20*K30))/K28 -> 38.930323 | L23: =((L19*L26)+(L20*L30))/L28 -> 48.347419 | ... MZ23: =((MZ19*MZ26)+(MZ20*MZ30))/MZ28 -> 137.7431
C24: $/MWH | D24: 7x8 | E24: =((E20*E27)-(E19*E30))/E29 -> 41.820968 | F24: =((F20*F27)-(F19*F30))/F29 -> 38.964286 | G24: =((G20*G27)-(G19*G30))/G29 -> 30.517137 | H24: =((H20*H27)-(H19*H30))/H29 -> 16.483333 | I24: =((I20*I27)-(I19*I30))/I29 -> 19.137097 | J24: =((J20*J27)-(J19*J30))/J29 -> 19.22 | K24: =((K20*K27)-(K19*K30))/K29 -> 26.462903 | L24: =((L20*L27)-(L19*L30))/L29 -> 32.424839 | ... MZ24: =((MZ20*MZ27)-(MZ19*MZ30))/MZ29 -> 125.99564
C26: Hours/Month | D26: On_Peak | E26: =+INDEX(Hour_Distribution!$A$1:$U$385,MATCH(ENERGY_PRICING!E$4,Hour_Distribution!$B$1:$B$385,0),MATCH(ENERGY_PRICING!$D26,Hour_Distribution!$A$1:$U$1,0)) -> 320 | F26: =+INDEX(Hour_Distribution!$A$1:$U$385,MATCH(ENERGY_PRICING!F$4,Hour_Distribution!$B$1:$B$385,0),MATCH(ENERGY_PRICING!$D26,Hour_Distribution!$A$1:$U$1,0)) -> 320 | G26: =+INDEX(Hour_Distribution!$A$1:$U$385,MATCH(ENERGY_PRICING!G$4,Hour_Distribution!$B$1:$B$385,0),MATCH(ENERGY_PRICING!$D26,Hour_Distribution!$A$1:$U$1,0)) -> 368 | H26: =+INDEX(Hour_Distribution!$A$1:$U$385,MATCH(ENERGY_PRICING!H$4,Hour_Distribution!$B$1:$B$385,0),MATCH(ENERGY_PRICING!$D26,Hour_Distribution!$A$1:$U$1,0)) -> 352 | I26: =+INDEX(Hour_Distribution!$A$1:$U$385,MATCH(ENERGY_PRICING!I$4,Hour_Distribution!$B$1:$B$385,0),MATCH(ENERGY_PRICING!$D26,Hour_Distribution!$A$1:$U$1,0)) -> 320 | J26: =+INDEX(Hour_Distribution!$A$1:$U$385,MATCH(ENERGY_PRICING!J$4,Hour_Distribution!$B$1:$B$385,0),MATCH(ENERGY_PRICING!$D26,Hour_Distribution!$A$1:$U$1,0)) -> 352 | K26: =+INDEX(Hour_Distribution!$A$1:$U$385,MATCH(ENERGY_PRICING!K$4,Hour_Distribution!$B$1:$B$385,0),MATCH(ENERGY_PRICING!$D26,Hour_Distribution!$A$1:$U$1,0)) -> 336 | L26: =+INDEX(Hour_Distribution!$A$1:$U$385,MATCH(ENERGY_PRICING!L$4,Hour_Distribution!$B$1:$B$385,0),MATCH(ENERGY_PRICING!$D26,Hour_Distribution!$A$1:$U$1,0)) -> 352 | ... MZ26: =+INDEX(Hour_Distribution!$A$1:$U$385,MATCH(ENERGY_PRICING!MZ$4,Hour_Distribution!$B$1:$B$385,0),MATCH(ENERGY_PRICING!$D26,Hour_Distribution!$A$1:$U$1,0)) -> 336 | NB26: On-Peak Hours | NC26: 4080 | ND26: 4080 | NE26: 4080 | NF26: 4080 | NG26: 4080 | NH26: 4080 | NI26: 4080 | NJ26: 4080 | NK26: 4080 | NL26: 4080 | NM26: 4080 | NN26: 4080 | NO26: 4080 | NP26: 4080 | NQ26: 4080 | NR26: 4080 | NS26: 4080 | NT26: 4080 | NU26: 4080 | NV26: 4080 | NW26: 4080 | NX26: 4080 | NY26: 4080 | NZ26: 4080 | OA26: 4080 | OB26: 4080 | OC26: 4080 | OD26: 4080 | OE26: 4080 | OF26: 4080
C27: Hours/Month | D27: Off_Peak | E27: =+INDEX(Hour_Distribution!$A$1:$U$385,MATCH(ENERGY_PRICING!E$4,Hour_Distribution!$B$1:$B$385,0),MATCH(ENERGY_PRICING!$D27,Hour_Distribution!$A$1:$U$1,0)) -> 424 | F27: =+INDEX(Hour_Distribution!$A$1:$U$385,MATCH(ENERGY_PRICING!F$4,Hour_Distribution!$B$1:$B$385,0),MATCH(ENERGY_PRICING!$D27,Hour_Distribution!$A$1:$U$1,0)) -> 352 | G27: =+INDEX(Hour_Distribution!$A$1:$U$385,MATCH(ENERGY_PRICING!G$4,Hour_Distribution!$B$1:$B$385,0),MATCH(ENERGY_PRICING!$D27,Hour_Distribution!$A$1:$U$1,0)) -> 375 | H27: =+INDEX(Hour_Distribution!$A$1:$U$385,MATCH(ENERGY_PRICING!H$4,Hour_Distribution!$B$1:$B$385,0),MATCH(ENERGY_PRICING!$D27,Hour_Distribution!$A$1:$U$1,0)) -> 368 | I27: =+INDEX(Hour_Distribution!$A$1:$U$385,MATCH(ENERGY_PRICING!I$4,Hour_Distribution!$B$1:$B$385,0),MATCH(ENERGY_PRICING!$D27,Hour_Distribution!$A$1:$U$1,0)) -> 424 | J27: =+INDEX(Hour_Distribution!$A$1:$U$385,MATCH(ENERGY_PRICING!J$4,Hour_Distribution!$B$1:$B$385,0),MATCH(ENERGY_PRICING!$D27,Hour_Distribution!$A$1:$U$1,0)) -> 368 | K27: =+INDEX(Hour_Distribution!$A$1:$U$385,MATCH(ENERGY_PRICING!K$4,Hour_Distribution!$B$1:$B$385,0),MATCH(ENERGY_PRICING!$D27,Hour_Distribution!$A$1:$U$1,0)) -> 408 | L27: =+INDEX(Hour_Distribution!$A$1:$U$385,MATCH(ENERGY_PRICING!L$4,Hour_Distribution!$B$1:$B$385,0),MATCH(ENERGY_PRICING!$D27,Hour_Distribution!$A$1:$U$1,0)) -> 392 | ... MZ27: =+INDEX(Hour_Distribution!$A$1:$U$385,MATCH(ENERGY_PRICING!MZ$4,Hour_Distribution!$B$1:$B$385,0),MATCH(ENERGY_PRICING!$D27,Hour_Distribution!$A$1:$U$1,0)) -> 408 | NB27: Off-Peak Hours | NC27: 4680 | ND27: 4680 | NE27: 4680 | NF27: 4680 | NG27: 4680 | NH27: 4680 | NI27: 4680 | NJ27: 4680 | NK27: 4680 | NL27: 4680 | NM27: 4680 | NN27: 4680 | NO27: 4680 | NP27: 4680 | NQ27: 4680 | NR27: 4680 | NS27: 4680 | NT27: 4680 | NU27: 4680 | NV27: 4680 | NW27: 4680 | NX27: 4680 | NY27: 4680 | NZ27: 4680 | OA27: 4680 | OB27: 4680 | OC27: 4680 | OD27: 4680 | OE27: 4680 | OF27: 4680
C28: Hours/Month | D28: 7x16 | E28: =+INDEX(Hour_Distribution!$A$1:$U$385,MATCH(ENERGY_PRICING!E$4,Hour_Distribution!$B$1:$B$385,0),MATCH(ENERGY_PRICING!$D28,Hour_Distribution!$A$1:$U$1,0)) -> 496 | F28: =+INDEX(Hour_Distribution!$A$1:$U$385,MATCH(ENERGY_PRICING!F$4,Hour_Distribution!$B$1:$B$385,0),MATCH(ENERGY_PRICING!$D28,Hour_Distribution!$A$1:$U$1,0)) -> 448 | G28: =+INDEX(Hour_Distribution!$A$1:$U$385,MATCH(ENERGY_PRICING!G$4,Hour_Distribution!$B$1:$B$385,0),MATCH(ENERGY_PRICING!$D28,Hour_Distribution!$A$1:$U$1,0)) -> 496 | H28: =+INDEX(Hour_Distribution!$A$1:$U$385,MATCH(ENERGY_PRICING!H$4,Hour_Distribution!$B$1:$B$385,0),MATCH(ENERGY_PRICING!$D28,Hour_Distribution!$A$1:$U$1,0)) -> 480 | I28: =+INDEX(Hour_Distribution!$A$1:$U$385,MATCH(ENERGY_PRICING!I$4,Hour_Distribution!$B$1:$B$385,0),MATCH(ENERGY_PRICING!$D28,Hour_Distribution!$A$1:$U$1,0)) -> 496 | J28: =+INDEX(Hour_Distribution!$A$1:$U$385,MATCH(ENERGY_PRICING!J$4,Hour_Distribution!$B$1:$B$385,0),MATCH(ENERGY_PRICING!$D28,Hour_Distribution!$A$1:$U$1,0)) -> 480 | K28: =+INDEX(Hour_Distribution!$A$1:$U$385,MATCH(ENERGY_PRICING!K$4,Hour_Distribution!$B$1:$B$385,0),MATCH(ENERGY_PRICING!$D28,Hour_Distribution!$A$1:$U$1,0)) -> 496 | L28: =+INDEX(Hour_Distribution!$A$1:$U$385,MATCH(ENERGY_PRICING!L$4,Hour_Distribution!$B$1:$B$385,0),MATCH(ENERGY_PRICING!$D28,Hour_Distribution!$A$1:$U$1,0)) -> 496 | ... MZ28: =+INDEX(Hour_Distribution!$A$1:$U$385,MATCH(ENERGY_PRICING!MZ$4,Hour_Distribution!$B$1:$B$385,0),MATCH(ENERGY_PRICING!$D28,Hour_Distribution!$A$1:$U$1,0)) -> 496
C29: Hours/Month | D29: 7x8 | E29: =+INDEX(Hour_Distribution!$A$1:$U$385,MATCH(ENERGY_PRICING!E$4,Hour_Distribution!$B$1:$B$385,0),MATCH(ENERGY_PRICING!$D29,Hour_Distribution!$A$1:$U$1,0)) -> 248 | F29: =+INDEX(Hour_Distribution!$A$1:$U$385,MATCH(ENERGY_PRICING!F$4,Hour_Distribution!$B$1:$B$385,0),MATCH(ENERGY_PRICING!$D29,Hour_Distribution!$A$1:$U$1,0)) -> 224 | G29: =+INDEX(Hour_Distribution!$A$1:$U$385,MATCH(ENERGY_PRICING!G$4,Hour_Distribution!$B$1:$B$385,0),MATCH(ENERGY_PRICING!$D29,Hour_Distribution!$A$1:$U$1,0)) -> 248 | H29: =+INDEX(Hour_Distribution!$A$1:$U$385,MATCH(ENERGY_PRICING!H$4,Hour_Distribution!$B$1:$B$385,0),MATCH(ENERGY_PRICING!$D29,Hour_Distribution!$A$1:$U$1,0)) -> 240 | I29: =+INDEX(Hour_Distribution!$A$1:$U$385,MATCH(ENERGY_PRICING!I$4,Hour_Distribution!$B$1:$B$385,0),MATCH(ENERGY_PRICING!$D29,Hour_Distribution!$A$1:$U$1,0)) -> 248 | J29: =+INDEX(Hour_Distribution!$A$1:$U$385,MATCH(ENERGY_PRICING!J$4,Hour_Distribution!$B$1:$B$385,0),MATCH(ENERGY_PRICING!$D29,Hour_Distribution!$A$1:$U$1,0)) -> 240 | K29: =+INDEX(Hour_Distribution!$A$1:$U$385,MATCH(ENERGY_PRICING!K$4,Hour_Distribution!$B$1:$B$385,0),MATCH(ENERGY_PRICING!$D29,Hour_Distribution!$A$1:$U$1,0)) -> 248 | L29: =+INDEX(Hour_Distribution!$A$1:$U$385,MATCH(ENERGY_PRICING!L$4,Hour_Distribution!$B$1:$B$385,0),MATCH(ENERGY_PRICING!$D29,Hour_Distribution!$A$1:$U$1,0)) -> 248 | ... MZ29: =+INDEX(Hour_Distribution!$A$1:$U$385,MATCH(ENERGY_PRICING!MZ$4,Hour_Distribution!$B$1:$B$385,0),MATCH(ENERGY_PRICING!$D29,Hour_Distribution!$A$1:$U$1,0)) -> 248
C30: Hours/Month | D30: 2x16 | E30: =+INDEX(Hour_Distribution!$A$1:$U$385,MATCH(ENERGY_PRICING!E$4,Hour_Distribution!$B$1:$B$385,0),MATCH(ENERGY_PRICING!$D30,Hour_Distribution!$A$1:$U$1,0)) -> 160 | F30: =+INDEX(Hour_Distribution!$A$1:$U$385,MATCH(ENERGY_PRICING!F$4,Hour_Distribution!$B$1:$B$385,0),MATCH(ENERGY_PRICING!$D30,Hour_Distribution!$A$1:$U$1,0)) -> 128 | G30: =+INDEX(Hour_Distribution!$A$1:$U$385,MATCH(ENERGY_PRICING!G$4,Hour_Distribution!$B$1:$B$385,0),MATCH(ENERGY_PRICING!$D30,Hour_Distribution!$A$1:$U$1,0)) -> 128 | H30: =+INDEX(Hour_Distribution!$A$1:$U$385,MATCH(ENERGY_PRICING!H$4,Hour_Distribution!$B$1:$B$385,0),MATCH(ENERGY_PRICING!$D30,Hour_Distribution!$A$1:$U$1,0)) -> 128 | I30: =+INDEX(Hour_Distribution!$A$1:$U$385,MATCH(ENERGY_PRICING!I$4,Hour_Distribution!$B$1:$B$385,0),MATCH(ENERGY_PRICING!$D30,Hour_Distribution!$A$1:$U$1,0)) -> 160 | J30: =+INDEX(Hour_Distribution!$A$1:$U$385,MATCH(ENERGY_PRICING!J$4,Hour_Distribution!$B$1:$B$385,0),MATCH(ENERGY_PRICING!$D30,Hour_Distribution!$A$1:$U$1,0)) -> 128 | K30: =+INDEX(Hour_Distribution!$A$1:$U$385,MATCH(ENERGY_PRICING!K$4,Hour_Distribution!$B$1:$B$385,0),MATCH(ENERGY_PRICING!$D30,Hour_Distribution!$A$1:$U$1,0)) -> 144 | L30: =+INDEX(Hour_Distribution!$A$1:$U$385,MATCH(ENERGY_PRICING!L$4,Hour_Distribution!$B$1:$B$385,0),MATCH(ENERGY_PRICING!$D30,Hour_Distribution!$A$1:$U$1,0)) -> 144 | ... MZ30: =+INDEX(Hour_Distribution!$A$1:$U$385,MATCH(ENERGY_PRICING!MZ$4,Hour_Distribution!$B$1:$B$385,0),MATCH(ENERGY_PRICING!$D30,Hour_Distribution!$A$1:$U$1,0)) -> 144
NB31: NPV of Peak | NC31: =NPV(0.022,NC19:NV19) -> 1620.3675
NB32: Levelized Pmt | NC32: =-PMT(0.05,20,NC31) -> 130.02248
Z33: Current ICAP Prices ---> | AA33: 139 | AB33: 229 | AC33: 272 | AD33: 272 | AE33: 141.5 | AF33: 80 | AG33: 58 | AH33: 62.25 | AI33: 77 | AJ33: 77 | AK33: 56.5 | AL33: 54.75 | AM33: 105.5 | AN33: 170
AA34: 118 | AB34: 214 | AC34: 239 | AD34: 239 | AE34: 127.5 | AF34: 65 | AG34: 47.15 | AH34: 47.15 | AI34: 52.25 | AJ34: 52.25 | AK34: 44 | AL34: 44 | AM34: 93.5 | AN34: 152

Sheet Scaling
B2: Month | C2: 1 | D2: 2 | E2: 3 | F2: 4 | G2: 5 | H2: 6 | I2: 7 | J2: 8 | K2: 9 | L2: 10 | M2: 11 | N2: 12 | R2: ATC | S2: 2021 | T2: =1+S2 -> 2022 | U2: =1+T2 -> 2023 | V2: =1+U2 -> 2024 | W2: =1+V2 -> 2025 | X2: =1+W2 -> 2026 | Y2: =1+X2 -> 2027 | Z2: =1+Y2 -> 2028 | AA2: =1+Z2 -> 2029 | ... AN2: =1+AM2 -> 2042
B3: Natural Gas | C3: =+[5]SenSit_Dashboard!$F$6 -> 1 | D3: =+C3 -> 1 | E3: =+D3 -> 1 | F3: =+E3 -> 1 | G3: =+F3 -> 1 | H3: =+G3 -> 1 | I3: =+H3 -> 1 | J3: =+I3 -> 1 | K3: =+J3 -> 1 | ... N3: =+M3 -> 1 | R3: $/MWH | S3: =+ENERGY_PRICING!NC22 -> 52.251456 | T3: =+ENERGY_PRICING!ND22 -> 103.17165 | U3: =+ENERGY_PRICING!NE22 -> 120.23107 | V3: =+ENERGY_PRICING!NF22 -> 87.380895 | W3: =+ENERGY_PRICING!NG22 -> 82.617412 | X3: =+ENERGY_PRICING!NH22 -> 81.158522 | Y3: =+ENERGY_PRICING!NI22 -> 80.541735 | Z3: =+ENERGY_PRICING!NJ22 -> 82.713149 | ... AN3: =+ENERGY_PRICING!NX22 -> 108.4137
B4: Algonquin Basis | C4: =+[5]SenSit_Dashboard!$F$7 -> 1 | D4: =+C4 -> 1 | E4: =+D4 -> 1 | F4: 1 | G4: =+F4 -> 1 | H4: =+G4 -> 1 | I4: =+H4 -> 1 | J4: =+I4 -> 1 | K4: =+J4 -> 1 | L4: =+K4 -> 1 | M4: =+L4 -> 1 | N4: =+D4 -> 1 | R4: ---> | S4: Set scalars to make this table match broker marks.
B5: Heat Rate | C5: 1 | D5: =+C5 -> 1 | E5: =+D5 -> 1 | F5: =+E5 -> 1 | G5: =+F5 -> 1 | H5: =+G5 -> 1 | I5: =+H5 -> 1 | J5: =+I5 -> 1 | K5: =+J5 -> 1 | ... N5: =+M5 -> 1
B7: Year | C7: 2020 | D7: 2021 | E7: 2022 | F7: 2023 | G7: 2024 | H7: 2025 | I7: 2026 | J7: 2027 | K7: 2028 | L7: 2029 | M7: 2030 | N7: =1+M7 -> 2031 | O7: =1+N7 -> 2032 | P7: =1+O7 -> 2033 | Q7: =1+P7 -> 2034 | R7: =1+Q7 -> 2035 | S7: =1+R7 -> 2036 | T7: =1+S7 -> 2037 | U7: =1+T7 -> 2038 | ... AG7: =1+AF7 -> 2050
B8: Annual Gas | C8: 1 | D8: 1 | E8: 1 | F8: 1 | G8: 1 | H8: 1 | I8: 1 | J8: 1 | K8: 1 | L8: 1 | M8: 1 | N8: 1 | O8: 1 | P8: 1 | Q8: 1 | R8: 1 | S8: 1 | T8: 1 | U8: 1 | V8: 1 | W8: 1 | X8: 1 | Y8: 1 | Z8: 1 | AA8: 1 | AB8: 1 | AC8: 1 | AD8: 1 | AE8: 1 | AF8: 1 | AG8: 1
B9: Annual Basis | C9: 1 | D9: =+C9 -> 1 | E9: 1 | F9: =+E9 -> 1 | G9: 1 | H9: 1 | I9: 1 | J9: =+I9 -> 1 | K9: =+J9 -> 1 | L9: =+K9 -> 1 | M9: =+L9 -> 1 | N9: =+M9 -> 1 | O9: =+N9 -> 1 | P9: =+O9 -> 1 | Q9: =+P9 -> 1 | ... AG9: =+AF9 -> 1

Sheet Summary
B2: Summary of Prices
B3: HUB $/MWH (Nominal)
B5: MMM-YY | C5: Season | D5: Year | E5: On_Peak_ISO-NE_HUB | F5: Off_Peak_ISO-NE_HUB | G5: ATC_ISO-NE_HUB | H5: 7x16 | I5: 7x8
B6: 44743 | C6: Summer | D6: =YEAR(B6) -> 2022 | E6: =INDEX(ENERGY_PRICING!$D$4:$MZ$24,MATCH(Summary!E$5,ENERGY_PRICING!$D$4:$D$24,0),MATCH(Summary!$B6,ENERGY_PRICING!$D$4:$MZ$4,0)) -> 135.25 | F6: =INDEX(ENERGY_PRICING!$D$4:$MZ$24,MATCH(Summary!F$5,ENERGY_PRICING!$D$4:$D$24,0),MATCH(Summary!$B6,ENERGY_PRICING!$D$4:$MZ$4,0)) -> 88.85 | G6: =INDEX(ENERGY_PRICING!$D$4:$MZ$24,MATCH(Summary!G$5,ENERGY_PRICING!$D$4:$D$24,0),MATCH(Summary!$B6,ENERGY_PRICING!$D$4:$MZ$4,0)) -> 108.80699 | H6: =INDEX(ENERGY_PRICING!$D$4:$MZ$24,MATCH(Summary!H$5,ENERGY_PRICING!$D$4:$D$24,0),MATCH(Summary!$B6,ENERGY_PRICING!$D$4:$MZ$4,0)) -> 115.91935 | I6: =INDEX(ENERGY_PRICING!$D$4:$MZ$24,MATCH(Summary!I$5,ENERGY_PRICING!$D$4:$D$24,0),MATCH(Summary!$B6,ENERGY_PRICING!$D$4:$MZ$4,0)) -> 64.646774
B7: 44774 | C7: Summer | D7: =YEAR(B7) -> 2022 | E7: =INDEX(ENERGY_PRICING!$D$4:$MZ$24,MATCH(Summary!E$5,ENERGY_PRICING!$D$4:$D$24,0),MATCH(Summary!$B7,ENERGY_PRICING!$D$4:$MZ$4,0)) -> 93 | F7: =INDEX(ENERGY_PRICING!$D$4:$MZ$24,MATCH(Summary!F$5,ENERGY_PRICING!$D$4:$D$24,0),MATCH(Summary!$B7,ENERGY_PRICING!$D$4:$MZ$4,0)) -> 63.5 | G7: =INDEX(ENERGY_PRICING!$D$4:$MZ$24,MATCH(Summary!G$5,ENERGY_PRICING!$D$4:$D$24,0),MATCH(Summary!$B7,ENERGY_PRICING!$D$4:$MZ$4,0)) -> 78.091398 | H7: =INDEX(ENERGY_PRICING!$D$4:$MZ$24,MATCH(Summary!H$5,ENERGY_PRICING!$D$4:$D$24,0),MATCH(Summary!$B7,ENERGY_PRICING!$D$4:$MZ$4,0)) -> 85.387097 | I7: =INDEX(ENERGY_PRICING!$D$4:$MZ$24,MATCH(Summary!I$5,ENERGY_PRICING!$D$4:$D$24,0),MATCH(Summary!$B7,ENERGY_PRICING!$D$4:$MZ$4,0)) -> 48.274194
B8: 44805 | C8: Summer | D8: =YEAR(B8) -> 2022 | E8: =INDEX(ENERGY_PRICING!$D$4:$MZ$24,MATCH(Summary!E$5,ENERGY_PRICING!$D$4:$D$24,0),MATCH(Summary!$B8,ENERGY_PRICING!$D$4:$MZ$4,0)) -> 98.930769 | F8: =INDEX(ENERGY_PRICING!$D$4:$MZ$24,MATCH(Summary!F$5,ENERGY_PRICING!$D$4:$D$24,0),MATCH(Summary!$B8,ENERGY_PRICING!$D$4:$MZ$4,0)) -> 78.596154 | G8: =INDEX(ENERGY_PRICING!$D$4:$MZ$24,MATCH(Summary!G$5,ENERGY_PRICING!$D$4:$D$24,0),MATCH(Summary!$B8,ENERGY_PRICING!$D$4:$MZ$4,0)) -> 88.085641 | H8: =INDEX(ENERGY_PRICING!$D$4:$MZ$24,MATCH(Summary!H$5,ENERGY_PRICING!$D$4:$D$24,0),MATCH(Summary!$B8,ENERGY_PRICING!$D$4:$MZ$4,0)) -> 90.210513 | I8: =INDEX(ENERGY_PRICING!$D$4:$MZ$24,MATCH(Summary!I$5,ENERGY_PRICING!$D$4:$D$24,0),MATCH(Summary!$B8,ENERGY_PRICING!$D$4:$MZ$4,0)) -> 72.990769
B9: 44835 | C9: Winter | D9: =YEAR(B9) -> 2022 | E9: =INDEX(ENERGY_PRICING!$D$4:$MZ$24,MATCH(Summary!E$5,ENERGY_PRICING!$D$4:$D$24,0),MATCH(Summary!$B9,ENERGY_PRICING!$D$4:$MZ$4,0)) -> 90.307692 | F9: =INDEX(ENERGY_PRICING!$D$4:$MZ$24,MATCH(Summary!F$5,ENERGY_PRICING!$D$4:$D$24,0),MATCH(Summary!$B9,ENERGY_PRICING!$D$4:$MZ$4,0)) -> 77.673077 | G9: =INDEX(ENERGY_PRICING!$D$4:$MZ$24,MATCH(Summary!G$5,ENERGY_PRICING!$D$4:$D$24,0),MATCH(Summary!$B9,ENERGY_PRICING!$D$4:$MZ$4,0)) -> 83.379032 | H9: =INDEX(ENERGY_PRICING!$D$4:$MZ$24,MATCH(Summary!H$5,ENERGY_PRICING!$D$4:$D$24,0),MATCH(Summary!$B9,ENERGY_PRICING!$D$4:$MZ$4,0)) -> 86.23201 | I9: =INDEX(ENERGY_PRICING!$D$4:$MZ$24,MATCH(Summary!I$5,ENERGY_PRICING!$D$4:$D$24,0),MATCH(Summary!$B9,ENERGY_PRICING!$D$4:$MZ$4,0)) -> 69.521712
B10: 44866 | C10: Winter | D10: =YEAR(B10) -> 2022 | E10: =INDEX(ENERGY_PRICING!$D$4:$MZ$24,MATCH(Summary!E$5,ENERGY_PRICING!$D$4:$D$24,0),MATCH(Summary!$B10,ENERGY_PRICING!$D$4:$MZ$4,0)) -> 152.55208 | F10: =INDEX(ENERGY_PRICING!$D$4:$MZ$24,MATCH(Summary!F$5,ENERGY_PRICING!$D$4:$D$24,0),MATCH(Summary!$B10,ENERGY_PRICING!$D$4:$MZ$4,0)) -> 129.20455 | G10: =INDEX(ENERGY_PRICING!$D$4:$MZ$24,MATCH(Summary!G$5,ENERGY_PRICING!$D$4:$D$24,0),MATCH(Summary!$B10,ENERGY_PRICING!$D$4:$MZ$4,0)) -> 140.08495 | H10: =INDEX(ENERGY_PRICING!$D$4:$MZ$24,MATCH(Summary!H$5,ENERGY_PRICING!$D$4:$D$24,0),MATCH(Summary!$B10,ENERGY_PRICING!$D$4:$MZ$4,0)) -> 141.241 | I10: =INDEX(ENERGY_PRICING!$D$4:$MZ$24,MATCH(Summary!I$5,ENERGY_PRICING!$D$4:$D$24,0),MATCH(Summary!$B10,ENERGY_PRICING!$D$4:$MZ$4,0)) -> 125.90451
B11: 44896 | C11: Winter | D11: =YEAR(B11) -> 2022 | E11: =INDEX(ENERGY_PRICING!$D$4:$MZ$24,MATCH(Summary!E$5,ENERGY_PRICING!$D$4:$D$24,0),MATCH(Summary!$B11,ENERGY_PRICING!$D$4:$MZ$4,0)) -> 254.4375 | F11: =INDEX(ENERGY_PRICING!$D$4:$MZ$24,MATCH(Summary!F$5,ENERGY_PRICING!$D$4:$D$24,0),MATCH(Summary!$B11,ENERGY_PRICING!$D$4:$MZ$4,0)) -> 233.76136 | G11: =INDEX(ENERGY_PRICING!$D$4:$MZ$24,MATCH(Summary!G$5,ENERGY_PRICING!$D$4:$D$24,0),MATCH(Summary!$B11,ENERGY_PRICING!$D$4:$MZ$4,0)) -> 243.09897 | H11: =INDEX(ENERGY_PRICING!$D$4:$MZ$24,MATCH(Summary!H$5,ENERGY_PRICING!$D$4:$D$24,0),MATCH(Summary!$B11,ENERGY_PRICING!$D$4:$MZ$4,0)) -> 240.22709 | I11: =INDEX(ENERGY_PRICING!$D$4:$MZ$24,MATCH(Summary!I$5,ENERGY_PRICING!$D$4:$D$24,0),MATCH(Summary!$B11,ENERGY_PRICING!$D$4:$MZ$4,0)) -> 236.83724
B12: 44927 | C12: Winter | D12: =YEAR(B12) -> 2023 | E12: =INDEX(ENERGY_PRICING!$D$4:$MZ$24,MATCH(Summary!E$5,ENERGY_PRICING!$D$4:$D$24,0),MATCH(Summary!$B12,ENERGY_PRICING!$D$4:$MZ$4,0)) -> 317.45833 | F12: =INDEX(ENERGY_PRICING!$D$4:$MZ$24,MATCH(Summary!F$5,ENERGY_PRICING!$D$4:$D$24,0),MATCH(Summary!$B12,ENERGY_PRICING!$D$4:$MZ$4,0)) -> 276.52273 | G12: =INDEX(ENERGY_PRICING!$D$4:$MZ$24,MATCH(Summary!G$5,ENERGY_PRICING!$D$4:$D$24,0),MATCH(Summary!$B12,ENERGY_PRICING!$D$4:$MZ$4,0)) -> 295.00978 | H12: =INDEX(ENERGY_PRICING!$D$4:$MZ$24,MATCH(Summary!H$5,ENERGY_PRICING!$D$4:$D$24,0),MATCH(Summary!$B12,ENERGY_PRICING!$D$4:$MZ$4,0)) -> 295.33321 | I12: =INDEX(ENERGY_PRICING!$D$4:$MZ$24,MATCH(Summary!I$5,ENERGY_PRICING!$D$4:$D$24,0),MATCH(Summary!$B12,ENERGY_PRICING!$D$4:$MZ$4,0)) -> 270.59384
B13: 44958 | C13: Winter | D13: =YEAR(B13) -> 2023 | E13: =INDEX(ENERGY_PRICING!$D$4:$MZ$24,MATCH(Summary!E$5,ENERGY_PRICING!$D$4:$D$24,0),MATCH(Summary!$B13,ENERGY_PRICING!$D$4:$MZ$4,0)) -> 317.45833 | F13: =INDEX(ENERGY_PRICING!$D$4:$MZ$24,MATCH(Summary!F$5,ENERGY_PRICING!$D$4:$D$24,0),MATCH(Summary!$B13,ENERGY_PRICING!$D$4:$MZ$4,0)) -> 276.52273 | G13: =INDEX(ENERGY_PRICING!$D$4:$MZ$24,MATCH(Summary!G$5,ENERGY_PRICING!$D$4:$D$24,0),MATCH(Summary!$B13,ENERGY_PRICING!$D$4:$MZ$4,0)) -> 296.01587 | H13: =INDEX(ENERGY_PRICING!$D$4:$MZ$24,MATCH(Summary!H$5,ENERGY_PRICING!$D$4:$D$24,0),MATCH(Summary!$B13,ENERGY_PRICING!$D$4:$MZ$4,0)) -> 305.76245 | I13: =INDEX(ENERGY_PRICING!$D$4:$MZ$24,MATCH(Summary!I$5,ENERGY_PRICING!$D$4:$D$24,0),MATCH(Summary!$B13,ENERGY_PRICING!$D$4:$MZ$4,0)) -> 253.13095
B14: 44986 | C14: Winter | D14: =YEAR(B14) -> 2023 | E14: =INDEX(ENERGY_PRICING!$D$4:$MZ$24,MATCH(Summary!E$5,ENERGY_PRICING!$D$4:$D$24,0),MATCH(Summary!$B14,ENERGY_PRICING!$D$4:$MZ$4,0)) -> 160.15625 | F14: =INDEX(ENERGY_PRICING!$D$4:$MZ$24,MATCH(Summary!F$5,ENERGY_PRICING!$D$4:$D$24,0),MATCH(Summary!$B14,ENERGY_PRICING!$D$4:$MZ$4,0)) -> 145.63636 | G14: =INDEX(ENERGY_PRICING!$D$4:$MZ$24,MATCH(Summary!G$5,ENERGY_PRICING!$D$4:$D$24,0),MATCH(Summary!$B14,ENERGY_PRICING!$D$4:$MZ$4,0)) -> 152.82791 | H14: =INDEX(ENERGY_PRICING!$D$4:$MZ$24,MATCH(Summary!H$5,ENERGY_PRICING!$D$4:$D$24,0),MATCH(Summary!$B14,ENERGY_PRICING!$D$4:$MZ$4,0)) -> 156.40918 | I14: =INDEX(ENERGY_PRICING!$D$4:$MZ$24,MATCH(Summary!I$5,ENERGY_PRICING!$D$4:$D$24,0),MATCH(Summary!$B14,ENERGY_PRICING!$D$4:$MZ$4,0)) -> 137.55499
B15: 45017 | C15: Winter | D15: =YEAR(B15) -> 2023 | E15: =INDEX(ENERGY_PRICING!$D$4:$MZ$24,MATCH(Summary!E$5,ENERGY_PRICING!$D$4:$D$24,0),MATCH(Summary!$B15,ENERGY_PRICING!$D$4:$MZ$4,0)) -> 84.302083 | F15: =INDEX(ENERGY_PRICING!$D$4:$MZ$24,MATCH(Summary!F$5,ENERGY_PRICING!$D$4:$D$24,0),MATCH(Summary!$B15,ENERGY_PRICING!$D$4:$MZ$4,0)) -> 69.495455 | G15: =INDEX(ENERGY_PRICING!$D$4:$MZ$24,MATCH(Summary!G$5,ENERGY_PRICING!$D$4:$D$24,0),MATCH(Summary!$B15,ENERGY_PRICING!$D$4:$MZ$4,0)) -> 76.076178 | H15: =INDEX(ENERGY_PRICING!$D$4:$MZ$24,MATCH(Summary!H$5,ENERGY_PRICING!$D$4:$D$24,0),MATCH(Summary!$B15,ENERGY_PRICING!$D$4:$MZ$4,0)) -> 79.36654 | I15: =INDEX(ENERGY_PRICING!$D$4:$MZ$24,MATCH(Summary!I$5,ENERGY_PRICING!$D$4:$D$24,0),MATCH(Summary!$B15,ENERGY_PRICING!$D$4:$MZ$4,0)) -> 59.624369
B16: 45047 | C16: Winter | D16: =YEAR(B16) -> 2023 | E16: =INDEX(ENERGY_PRICING!$D$4:$MZ$24,MATCH(Summary!E$5,ENERGY_PRICING!$D$4:$D$24,0),MATCH(Summary!$B16,ENERGY_PRICING!$D$4:$MZ$4,0)) -> 62.197917 | F16: =INDEX(ENERGY_PRICING!$D$4:$MZ$24,MATCH(Summary!F$5,ENERGY_PRICING!$D$4:$D$24,0),MATCH(Summary!$B16,ENERGY_PRICING!$D$4:$MZ$4,0)) -> 50.304545 | G16: =INDEX(ENERGY_PRICING!$D$4:$MZ$24,MATCH(Summary!G$5,ENERGY_PRICING!$D$4:$D$24,0),MATCH(Summary!$B16,ENERGY_PRICING!$D$4:$MZ$4,0)) -> 55.931517 | H16: =INDEX(ENERGY_PRICING!$D$4:$MZ$24,MATCH(Summary!H$5,ENERGY_PRICING!$D$4:$D$24,0),MATCH(Summary!$B16,ENERGY_PRICING!$D$4:$MZ$4,0)) -> 57.122275 | I16: =INDEX(ENERGY_PRICING!$D$4:$MZ$24,MATCH(Summary!I$5,ENERGY_PRICING!$D$4:$D$24,0),MATCH(Summary!$B16,ENERGY_PRICING!$D$4:$MZ$4,0)) -> 47.411486
B17: 45078 | C17: Summer | D17: =YEAR(B17) -> 2023 | E17: =INDEX(ENERGY_PRICING!$D$4:$MZ$24,MATCH(Summary!E$5,ENERGY_PRICING!$D$4:$D$24,0),MATCH(Summary!$B17,ENERGY_PRICING!$D$4:$MZ$4,0)) -> 66.15625 | F17: =INDEX(ENERGY_PRICING!$D$4:$MZ$24,MATCH(Summary!F$5,ENERGY_PRICING!$D$4:$D$24,0),MATCH(Summary!$B17,ENERGY_PRICING!$D$4:$MZ$4,0)) -> 50.645455 | G17: =INDEX(ENERGY_PRICING!$D$4:$MZ$24,MATCH(Summary!G$5,ENERGY_PRICING!$D$4:$D$24,0),MATCH(Summary!$B17,ENERGY_PRICING!$D$4:$MZ$4,0)) -> 58.22851 | H17: =INDEX(ENERGY_PRICING!$D$4:$MZ$24,MATCH(Summary!H$5,ENERGY_PRICING!$D$4:$D$24,0),MATCH(Summary!$B17,ENERGY_PRICING!$D$4:$MZ$4,0)) -> 62.020038 | I17: =INDEX(ENERGY_PRICING!$D$4:$MZ$24,MATCH(Summary!I$5,ENERGY_PRICING!$D$4:$D$24,0),MATCH(Summary!$B17,ENERGY_PRICING!$D$4:$MZ$4,0)) -> 42.37303
... B347: 55123 | C347: Winter | D347: =YEAR(B347) -> 2050 | E347: =INDEX(ENERGY_PRICING!$D$4:$MZ$24,MATCH(Summary!E$5,ENERGY_PRICING!$D$4:$D$24,0),MATCH(Summary!$B347,ENERGY_PRICING!$D$4:$MZ$4,0)) -> 148.10954 | F347: =INDEX(ENERGY_PRICING!$D$4:$MZ$24,MATCH(Summary!F$5,ENERGY_PRICING!$D$4:$D$24,0),MATCH(Summary!$B347,ENERGY_PRICING!$D$4:$MZ$4,0)) -> 128.85954 | G347: =INDEX(ENERGY_PRICING!$D$4:$MZ$24,MATCH(Summary!G$5,ENERGY_PRICING!$D$4:$D$24,0),MATCH(Summary!$B347,ENERGY_PRICING!$D$4:$MZ$4,0)) -> 137.55309 | H347: =INDEX(ENERGY_PRICING!$D$4:$MZ$24,MATCH(Summary!H$5,ENERGY_PRICING!$D$4:$D$24,0),MATCH(Summary!$B347,ENERGY_PRICING!$D$4:$MZ$4,0)) -> 137.7431 | I347: =INDEX(ENERGY_PRICING!$D$4:$MZ$24,MATCH(Summary!I$5,ENERGY_PRICING!$D$4:$D$24,0),MATCH(Summary!$B347,ENERGY_PRICING!$D$4:$MZ$4,0)) -> 125.99564
D349: 2022 | E349: =AVERAGEIFS(E$6:E$347,$D$6:$D$347,$D349) -> 137.41301 | F349: =AVERAGEIFS(F$6:F$347,$D$6:$D$347,$D349) -> 111.93086 | G349: =AVERAGEIFS(G$6:G$347,$D$6:$D$347,$D349) -> 123.59116 | H349: =AVERAGEIFS(H$6:H$347,$D$6:$D$347,$D349) -> 126.53618 | I349: =AVERAGEIFS(I$6:I$347,$D$6:$D$347,$D349) -> 103.0292
D350: =1+D349 -> 2023 | E350: =AVERAGEIFS(E$6:E$347,$D$6:$D$347,$D350) -> 131.04479 | F350: =AVERAGEIFS(F$6:F$347,$D$6:$D$347,$D350) -> 110.89563 | G350: =AVERAGEIFS(G$6:G$347,$D$6:$D$347,$D350) -> 120.23107 | H350: =AVERAGEIFS(H$6:H$347,$D$6:$D$347,$D350) -> 123.04215 | I350: =AVERAGEIFS(I$6:I$347,$D$6:$D$347,$D350) -> 102.95056
D351: =1+D350 -> 2024 | E351: =AVERAGEIFS(E$6:E$347,$D$6:$D$347,$D351) -> 99.083333 | F351: =AVERAGEIFS(F$6:F$347,$D$6:$D$347,$D351) -> 80.970833 | G351: =AVERAGEIFS(G$6:G$347,$D$6:$D$347,$D351) -> 87.380895 | H351: =AVERAGEIFS(H$6:H$347,$D$6:$D$347,$D351) -> 90.28563 | I351: =AVERAGEIFS(I$6:I$347,$D$6:$D$347,$D351) -> 71.36589
D352: =1+D351 -> 2025 | E352: =AVERAGEIFS(E$6:E$347,$D$6:$D$347,$D352) -> 92.28443 | F352: =AVERAGEIFS(F$6:F$347,$D$6:$D$347,$D352) -> 74.17193 | G352: =AVERAGEIFS(G$6:G$347,$D$6:$D$347,$D352) -> 82.617412 | H352: =AVERAGEIFS(H$6:H$347,$D$6:$D$347,$D352) -> 85.578528 | I352: =AVERAGEIFS(I$6:I$347,$D$6:$D$347,$D352) -> 66.403535
D353: =1+D352 -> 2026 | E353: =AVERAGEIFS(E$6:E$347,$D$6:$D$347,$D353) -> 90.843076 | F353: =AVERAGEIFS(F$6:F$347,$D$6:$D$347,$D353) -> 72.730576 | G353: =AVERAGEIFS(G$6:G$347,$D$6:$D$347,$D353) -> 81.158522 | H353: =AVERAGEIFS(H$6:H$347,$D$6:$D$347,$D353) -> 84.132451 | I353: =AVERAGEIFS(I$6:I$347,$D$6:$D$347,$D353) -> 64.866633
D354: =1+D353 -> 2027 | E354: =AVERAGEIFS(E$6:E$347,$D$6:$D$347,$D354) -> 90.249716 | F354: =AVERAGEIFS(F$6:F$347,$D$6:$D$347,$D354) -> 72.137216 | G354: =AVERAGEIFS(G$6:G$347,$D$6:$D$347,$D354) -> 80.541735 | H354: =AVERAGEIFS(H$6:H$347,$D$6:$D$347,$D354) -> 83.512844 | I354: =AVERAGEIFS(I$6:I$347,$D$6:$D$347,$D354) -> 64.185333
D355: =1+D354 -> 2028 | E355: =AVERAGEIFS(E$6:E$347,$D$6:$D$347,$D355) -> 92.473255 | F355: =AVERAGEIFS(F$6:F$347,$D$6:$D$347,$D355) -> 74.360755 | G355: =AVERAGEIFS(G$6:G$347,$D$6:$D$347,$D355) -> 82.713149 | H355: =AVERAGEIFS(H$6:H$347,$D$6:$D$347,$D355) -> 85.624925 | I355: =AVERAGEIFS(I$6:I$347,$D$6:$D$347,$D355) -> 66.318783
D356: =1+D355 -> 2029 | E356: =AVERAGEIFS(E$6:E$347,$D$6:$D$347,$D356) -> 94.341172 | F356: =AVERAGEIFS(F$6:F$347,$D$6:$D$347,$D356) -> 76.228672 | G356: =AVERAGEIFS(G$6:G$347,$D$6:$D$347,$D356) -> 84.692117 | H356: =AVERAGEIFS(H$6:H$347,$D$6:$D$347,$D356) -> 87.631517 | I356: =AVERAGEIFS(I$6:I$347,$D$6:$D$347,$D356) -> 68.575632
D357: =1+D356 -> 2030 | E357: =AVERAGEIFS(E$6:E$347,$D$6:$D$347,$D357) -> 97.203822 | F357: =AVERAGEIFS(F$6:F$347,$D$6:$D$347,$D357) -> 79.091322 | G357: =AVERAGEIFS(G$6:G$347,$D$6:$D$347,$D357) -> 87.546996 | H357: =AVERAGEIFS(H$6:H$347,$D$6:$D$347,$D357) -> 90.439662 | I357: =AVERAGEIFS(I$6:I$347,$D$6:$D$347,$D357) -> 71.500278
D358: =1+D357 -> 2031 | E358: =AVERAGEIFS(E$6:E$347,$D$6:$D$347,$D358) -> 100.50783 | F358: =AVERAGEIFS(F$6:F$347,$D$6:$D$347,$D358) -> 82.395328 | G358: =AVERAGEIFS(G$6:G$347,$D$6:$D$347,$D358) -> 90.840809 | H358: =AVERAGEIFS(H$6:H$347,$D$6:$D$347,$D358) -> 93.67888 | I358: =AVERAGEIFS(I$6:I$347,$D$6:$D$347,$D358) -> 74.872079
D359: =1+D358 -> 2032 | E359: =AVERAGEIFS(E$6:E$347,$D$6:$D$347,$D359) -> 102.09443 | F359: =AVERAGEIFS(F$6:F$347,$D$6:$D$347,$D359) -> 83.981925 | G359: =AVERAGEIFS(G$6:G$347,$D$6:$D$347,$D359) -> 92.400851 | H359: =AVERAGEIFS(H$6:H$347,$D$6:$D$347,$D359) -> 95.201934 | I359: =AVERAGEIFS(I$6:I$347,$D$6:$D$347,$D359) -> 76.426366
D360: =1+D359 -> 2033 | E360: =AVERAGEIFS(E$6:E$347,$D$6:$D$347,$D360) -> 104.59173 | F360: =AVERAGEIFS(F$6:F$347,$D$6:$D$347,$D360) -> 86.479229 | G360: =AVERAGEIFS(G$6:G$347,$D$6:$D$347,$D360) -> 94.848637 | H360: =AVERAGEIFS(H$6:H$347,$D$6:$D$347,$D360) -> 97.587594 | I360: =AVERAGEIFS(I$6:I$347,$D$6:$D$347,$D360) -> 78.849563
D361: =1+D360 -> 2034 | E361: =AVERAGEIFS(E$6:E$347,$D$6:$D$347,$D361) -> 106.40575 | F361: =AVERAGEIFS(F$6:F$347,$D$6:$D$347,$D361) -> 88.293245 | G361: =AVERAGEIFS(G$6:G$347,$D$6:$D$347,$D361) -> 96.687961 | H361: =AVERAGEIFS(H$6:H$347,$D$6:$D$347,$D361) -> 99.412429 | I361: =AVERAGEIFS(I$6:I$347,$D$6:$D$347,$D361) -> 80.793579
... D369: =1+D368 -> 2042 | E369: =AVERAGEIFS(E$6:E$347,$D$6:$D$347,$D369) -> 118.08072 | F369: =AVERAGEIFS(F$6:F$347,$D$6:$D$347,$D369) -> 99.968221 | G369: =AVERAGEIFS(G$6:G$347,$D$6:$D$347,$D369) -> 108.4137 | H369: =AVERAGEIFS(H$6:H$347,$D$6:$D$347,$D369) -> 110.98883 | I369: =AVERAGEIFS(I$6:I$347,$D$6:$D$347,$D369) -> 92.968836
C371: Average | D371: 2023-2042 | E371: =AVERAGE(E350:E369) -> 105.05547 | F371: =AVERAGE(F350:F369) -> 86.841138 | G371: =AVERAGE(G350:G369) -> 95.209897 | H371: =AVERAGE(H350:H369) -> 97.993991 | I371: =AVERAGE(I350:I369) -> 79.226599
C372: NPV | D372: =+D371 -> 2023-2042 | E372: =+NPV(0.05,E350:E369) -> 1292.8493 | F372: =+NPV(0.05,F350:F369) -> 1065.1878 | G372: =+NPV(0.05,G350:G369) -> 1169.2057 | H372: =+NPV(0.05,H350:H369) -> 1204.3058 | I372: =+NPV(0.05,I350:I369) -> 968.81644
C373: Levelized | D373: =+D372 -> 2023-2042 | E373: =-PMT(0.05,20,E372) -> 103.74157 | F373: =-PMT(0.05,20,F372) -> 85.473429 | G373: =-PMT(0.05,20,G372) -> 93.820089 | H373: =-PMT(0.05,20,H372) -> 96.636612 | I373: =-PMT(0.05,20,I372) -> 77.740337
C375: Sum | D375: 2028-2042 | E375: =+AVERAGE(E355:E369) -> 106.50694 | F375: =+AVERAGE(F355:F369) -> 88.394438 | G375: =+AVERAGE(G355:G369) -> 96.817887 | H375: =+AVERAGE(H355:H369) -> 99.555214 | I375: =+AVERAGE(I355:I369) -> 80.984001
C376: NPV | D376: =+D375 -> 2028-2042 | E376: =+NPV(0.05,E355:E369) -> 1088.6741 | F376: =+NPV(0.05,F355:F369) -> 900.67255 | G376: =+NPV(0.05,G355:G369) -> 988.09586 | H376: =+NPV(0.05,H355:H369) -> 1016.7556 | I376: =+NPV(0.05,I355:I369) -> 823.22537
C377: Levelized | D377: =+D376 -> 2028-2042 | E377: =-PMT(0.05,20,E376) -> 87.358027 | F377: =-PMT(0.05,20,F376) -> 72.272295 | G377: =-PMT(0.05,20,G376) -> 79.287368 | H377: =-PMT(0.05,20,H376) -> 81.587102 | I377: =-PMT(0.05,20,I376) -> 66.057734
B380: Brookfield Blend & Extend
D382: 2022 | E382: Original Volume | F382: Doubled Volume | G382: Contract Price | H382: ATC Market Price | I382: Blended Price + $5
D383: 2023 | E383: 0.6 | F383: 1.2 | G383: 42.4 | H383: =+G350 -> 120.23107 | I383: =+((E383*G383)+(H383*F383))/1.8+5 -> 99.287379
D384: 2024 | E384: 0.6 | F384: 1.2 | G384: 43.25 | H384: =+G351 -> 87.380895 | I384: =+((E384*G384)+(H384*F384))/1.8+5 -> 77.670597
D385: 2025 | E385: 0.6 | F385: 1.2 | G385: 44.11 | H385: =+G352 -> 82.617412 | I385: =+((E385*G385)+(H385*F385))/1.8+5 -> 74.781608
D386: 2026 | E386: 0.6 | F386: 1.2 | G386: 45 | H386: =+G353 -> 81.158522 | I386: =+((E386*G386)+(H386*F386))/1.8+5 -> 74.105681
D387: 2027 | E387: 0.6 | F387: 1.2 | G387: 45.9 | H387: =+G354 -> 80.541735 | I387: =+((E387*G387)+(H387*F387))/1.8+5 -> 73.99449
D388: 2028 | F388: 1.2 | H388: =+G355 -> 82.713149 | I388: =+H388 -> 82.713149
D389: 2029 | F389: 1.2 | H389: =+G356 -> 84.692117 | I389: =+H389 -> 84.692117
D390: 2030 | F390: 1.2 | H390: =+G357 -> 87.546996 | I390: =+H390 -> 87.546996
D391: 2031 | F391: 1.2 | H391: =+G358 -> 90.840809 | I391: =+H391 -> 90.840809
D392: 2032 | F392: 1.2 | H392: =+G359 -> 92.400851 | I392: =+H392 -> 92.400851
D393: 2033 | F393: 1.2 | H393: =+G360 -> 94.848637 | I393: =+H393 -> 94.848637
D394: 2034 | F394: 1.2 | H394: =+G361 -> 96.687961 | I394: =+H394 -> 96.687961
D395: 2035 | F395: 1.2 | H395: =+G362 -> 97.116202 | I395: =+H395 -> 97.116202
D396: 2036 | F396: 1.2 | H396: =+G363 -> 98.232005 | I396: =+H396 -> 98.232005
D397: 2037 | F397: 1.2 | H397: =+G364 -> 99.764741 | I397: =+H397 -> 99.764741
D398: 2038 | F398: 1.2 | H398: =+G365 -> 101.91763 | I398: =+H398 -> 101.91763
D399: 2039 | F399: 1.2 | H399: =+G366 -> 103.93501 | I399: =+H399 -> 103.93501
... D402: 2042 | F402: 1.2 | H402: =+G369 -> 108.4137 | I402: =+H402 -> 108.4137
C404: Average | D404: 2023-2042 | H404: =+AVERAGE(H383:H402) -> 95.209897 | I404: =+AVERAGE(I383:I402) -> 92.605403
C405: NPV | D405: =+D404 -> 2023-2042 | H405: =+NPV(0.05,H383:H402) -> 1169.2057 | I405: =+NPV(0.05,I383:I402) -> 1122.7506
C406: Levelized | D406: =+D405 -> 2023-2042 | H406: =-PMT(0.05,20,H405) -> 93.820089 | I406: =-PMT(0.05,20,I405) -> 90.092413

Sheet LMP_BY_NODE
C1: Jan | D1: Feb | E1: Mar | F1: Apr | G1: May | H1: Jun | I1: Jul | J1: Aug | K1: Sep | L1: Oct | M1: Nov | N1: Dec | O1: Jan | P1: Feb | Q1: Mar | R1: Apr | S1: May | T1: Jun | U1: Jul | V1: Aug | W1: Sep | X1: Oct | Y1: Nov | Z1: Dec | AA1: Jan | AB1: Feb | AC1: Mar | AD1: Apr | AE1: May | AF1: Jun | AG1: Jul | AH1: Aug | AI1: Sep | AJ1: Oct | AK1: Nov | AL1: Dec | AM1: Jan | AN1: Feb | AO1: Mar | AP1: Apr | AQ1: May | AR1: Jun | AS1: Jul | AT1: Aug | AU1: Sep | AV1: Oct | AW1: Nov | AX1: Dec | AY1: Jan | AZ1: Feb | BA1: Mar | BB1: Apr | BC1: May | BD1: Jun | BE1: Jul | BF1: Aug | BG1: Sep | BH1: Oct | BI1: Nov | BJ1: Dec | BK1: Jan | BL1: Feb | BM1: Mar | BN1: Apr | BO1: May | BP1: Jun | BQ1: Jul | BR1: Aug | BS1: Sep | BT1: Oct | BU1: Nov | BV1: Dec | BW1: Jan | BX1: Feb | BY1: Mar | BZ1: Apr | CA1: May | CB1: Jun | CC1: Jul | CD1: Aug | CE1: Sep | CF1: Oct | CG1: Nov | CH1: Dec | CI1: Jan | CJ1: Feb | CK1: Mar | CL1: Apr | CM1: May | CN1: Jun | CO1: Jul | CP1: Aug | CQ1: Sep | CR1: Oct | CS1: Nov | CT1: Dec | CU1: Jan | CV1: Feb | CW1: Mar | CX1: Apr | CY1: May | CZ1: Jun | DA1: Jul | DB1: Aug | DC1: Sep | DD1: Oct | DE1: Nov | DF1: Dec | DG1: Jan | DH1: Feb | DI1: Mar | DJ1: Apr | DK1: May | DL1: Jun | DM1: Jul | DN1: Aug | DO1: Sep | DP1: Oct | DQ1: Nov | DR1: Dec | DS1: Jan | DT1: Feb | DU1: Mar | DV1: Apr | DW1: May | DX1: Jun | DY1: Jul | DZ1: Aug | EA1: Sep | EB1: Oct | EC1: Nov | ED1: Dec | EE1: Jan | EF1: Feb | EG1: Mar | EH1: Apr | EI1: May | EJ1: Jun | EK1: Jul | EL1: Aug | EM1: Sep | EN1: Oct | EO1: Nov | EP1: Dec | EQ1: Jan | ER1: Feb | ES1: Mar | ET1: Apr | EU1: May | EV1: Jun | EW1: Jul | EX1: Aug | EY1: Sep | EZ1: Oct | FA1: Nov | FB1: Dec | FC1: Jan | FD1: Feb | FE1: Mar | FF1: Apr | FG1: May | FH1: Jun | FI1: Jul | FJ1: Aug | FK1: Sep | FL1: Oct | FM1: Nov | FN1: Dec | FO1: Jan | FP1: Feb | FQ1: Mar | FR1: Apr | FS1: May | FT1: Jun | FU1: Jul | FV1: Aug | FW1: Sep | FX1: Oct | FY1: Nov | FZ1: Dec | GA1: Jan | GB1: Feb | GC1: Mar | GD1: Apr | GE1: May | GF1: Jun | GG1: Jul | GH1: Aug | GI1: Sep | GJ1: Oct | GK1: Nov | GL1: Dec | GM1: Jan | GN1: Feb | GO1: Mar | GP1: Apr | GQ1: May | GR1: Jun | GS1: Jul | GT1: Aug | GU1: Sep | GV1: Oct | GW1: Nov | GX1: Dec | GY1: Jan | GZ1: Feb | HA1: Mar | HB1: Apr | HC1: May | HD1: Jun | HE1: Jul | HF1: Aug | HG1: Sep | HH1: Oct | HI1: Nov | HJ1: Dec | HK1: Jan | HL1: Feb | HM1: Mar | HN1: Apr | HO1: May | HP1: Jun | HQ1: Jul | HR1: Aug | HS1: Sep | HT1: Oct | HU1: Nov | HV1: Dec | HW1: Jan | HX1: Feb | HY1: Mar | HZ1: Apr | IA1: May | IB1: Jun | IC1: Jul | ID1: Aug | IE1: Sep | IF1: Oct | IG1: Nov | IH1: Dec | II1: Jan | IJ1: Feb | IK1: Mar | IL1: Apr | IM1: May | IN1: Jun | IO1: Jul | IP1: Aug | IQ1: Sep | IR1: Oct | IS1: Nov | IT1: Dec | IU1: Jan | IV1: Feb | IW1: Mar | IX1: Apr | IY1: May | IZ1: Jun | JA1: Jul | JB1: Aug | JC1: Sep | JD1: Oct | JE1: Nov | JF1: Dec | JG1: Jan | JH1: Feb | JI1: Mar | JJ1: Apr | JK1: May | JL1: Jun | JM1: Jul | JN1: Aug | JO1: Sep | JP1: Oct | JQ1: Nov | JR1: Dec | JS1: Jan | JT1: Feb | JU1: Mar | JV1: Apr | JW1: May | JX1: Jun | JY1: Jul | JZ1: Aug | KA1: Sep | KB1: Oct | KC1: Nov | KD1: Dec | KE1: Jan | KF1: Feb | KG1: Mar | KH1: Apr | KI1: May | KJ1: Jun | KK1: Jul | KL1: Aug | KM1: Sep | KN1: Oct | KO1: Nov | KP1: Dec | KQ1: Jan | KR1: Feb | KS1: Mar | KT1: Apr | KU1: May | KV1: Jun | KW1: Jul | KX1: Aug | KY1: Sep | KZ1: Oct | LA1: Nov | LB1: Dec | LC1: Jan | LD1: Feb | LE1: Mar | LF1: Apr | LG1: May | LH1: Jun | LI1: Jul | LJ1: Aug | LK1: Sep | LL1: Oct | LM1: Nov | LN1: Dec | LO1: Jan | LP1: Feb | LQ1: Mar | LR1: Apr | LS1: May | LT1: Jun | LU1: Jul | LV1: Aug | LW1: Sep | LX1: Oct | LY1: Nov | LZ1: Dec | MA1: Jan | MB1: Feb | MC1: Mar | MD1: Apr | ME1: May | MF1: Jun | MG1: Jul | MH1: Aug | MI1: Sep | MJ1: Oct | MK1: Nov | ML1: Dec | MM1: Jan | MN1: Feb | MO1: Mar | MP1: Apr | MQ1: May | MR1: Jun | MS1: Jul | MT1: Aug | MU1: Sep | MV1: Oct | MW1: Nov | MX1: Dec
A2: Location_ID | B2: On/Off | C2: =+ENERGY_PRICING!E4 -> 44197 | D2: =+ENERGY_PRICING!F4 -> 44228 | E2: =+ENERGY_PRICING!G4 -> 44256 | F2: =+ENERGY_PRICING!H4 -> 44287 | G2: =+ENERGY_PRICING!I4 -> 44317 | H2: =+ENERGY_PRICING!J4 -> 44348 | I2: =+ENERGY_PRICING!K4 -> 44378 | J2: =+ENERGY_PRICING!L4 -> 44409 | ... MX2: =+ENERGY_PRICING!MZ4 -> 55123
A3: 474 | B3: On | C3: =ENERGY_PRICING!E$19*(1+INDEX(DA_LMP_Basis!$C$23:$AF$35,MATCH(LMP_BY_NODE!C$1,DA_LMP_Basis!$C$23:$C$35,0),MATCH(LMP_BY_NODE!$A3,DA_LMP_Basis!$C$23:$AF$23,0))) -> 55.664638 | D3: =ENERGY_PRICING!F$19*(1+INDEX(DA_LMP_Basis!$C$23:$AF$35,MATCH(LMP_BY_NODE!D$1,DA_LMP_Basis!$C$23:$C$35,0),MATCH(LMP_BY_NODE!$A3,DA_LMP_Basis!$C$23:$AF$23,0))) -> 51.093075 | E3: =ENERGY_PRICING!G$19*(1+INDEX(DA_LMP_Basis!$C$23:$AF$35,MATCH(LMP_BY_NODE!E$1,DA_LMP_Basis!$C$23:$C$35,0),MATCH(LMP_BY_NODE!$A3,DA_LMP_Basis!$C$23:$AF$23,0))) -> 39.09949 | F3: =ENERGY_PRICING!H$19*(1+INDEX(DA_LMP_Basis!$C$23:$AF$35,MATCH(LMP_BY_NODE!F$1,DA_LMP_Basis!$C$23:$C$35,0),MATCH(LMP_BY_NODE!$A3,DA_LMP_Basis!$C$23:$AF$23,0))) -> 44.988913 | G3: =ENERGY_PRICING!I$19*(1+INDEX(DA_LMP_Basis!$C$23:$AF$35,MATCH(LMP_BY_NODE!G$1,DA_LMP_Basis!$C$23:$C$35,0),MATCH(LMP_BY_NODE!$A3,DA_LMP_Basis!$C$23:$AF$23,0))) -> 26.31629 | H3: =ENERGY_PRICING!J$19*(1+INDEX(DA_LMP_Basis!$C$23:$AF$35,MATCH(LMP_BY_NODE!H$1,DA_LMP_Basis!$C$23:$C$35,0),MATCH(LMP_BY_NODE!$A3,DA_LMP_Basis!$C$23:$AF$23,0))) -> 29.77212 | I3: =ENERGY_PRICING!K$19*(1+INDEX(DA_LMP_Basis!$C$23:$AF$35,MATCH(LMP_BY_NODE!I$1,DA_LMP_Basis!$C$23:$C$35,0),MATCH(LMP_BY_NODE!$A3,DA_LMP_Basis!$C$23:$AF$23,0))) -> 43.979473 | J3: =ENERGY_PRICING!L$19*(1+INDEX(DA_LMP_Basis!$C$23:$AF$35,MATCH(LMP_BY_NODE!J$1,DA_LMP_Basis!$C$23:$C$35,0),MATCH(LMP_BY_NODE!$A3,DA_LMP_Basis!$C$23:$AF$23,0))) -> 52.058671 | ... MX3: =ENERGY_PRICING!MZ$19*(1+INDEX(DA_LMP_Basis!$C$23:$AF$35,MATCH(LMP_BY_NODE!MX$1,DA_LMP_Basis!$C$23:$C$35,0),MATCH(LMP_BY_NODE!$A3,DA_LMP_Basis!$C$23:$AF$23,0))) -> 144.92386
A4: 474 | B4: Off | C4: =ENERGY_PRICING!E$20*(1+INDEX(DA_LMP_Basis!$C$23:$AF$35,MATCH(LMP_BY_NODE!C$1,DA_LMP_Basis!$C$23:$C$35,0),MATCH(LMP_BY_NODE!$A4,DA_LMP_Basis!$C$23:$AF$23,0))) -> 45.255401 | D4: =ENERGY_PRICING!F$20*(1+INDEX(DA_LMP_Basis!$C$23:$AF$35,MATCH(LMP_BY_NODE!D$1,DA_LMP_Basis!$C$23:$C$35,0),MATCH(LMP_BY_NODE!$A4,DA_LMP_Basis!$C$23:$AF$23,0))) -> 43.012781 | E4: =ENERGY_PRICING!G$20*(1+INDEX(DA_LMP_Basis!$C$23:$AF$35,MATCH(LMP_BY_NODE!E$1,DA_LMP_Basis!$C$23:$C$35,0),MATCH(LMP_BY_NODE!$A4,DA_LMP_Basis!$C$23:$AF$23,0))) -> 33.19768 | F4: =ENERGY_PRICING!H$20*(1+INDEX(DA_LMP_Basis!$C$23:$AF$35,MATCH(LMP_BY_NODE!F$1,DA_LMP_Basis!$C$23:$C$35,0),MATCH(LMP_BY_NODE!$A4,DA_LMP_Basis!$C$23:$AF$23,0))) -> 26.162031 | G4: =ENERGY_PRICING!I$20*(1+INDEX(DA_LMP_Basis!$C$23:$AF$35,MATCH(LMP_BY_NODE!G$1,DA_LMP_Basis!$C$23:$C$35,0),MATCH(LMP_BY_NODE!$A4,DA_LMP_Basis!$C$23:$AF$23,0))) -> 20.983908 | H4: =ENERGY_PRICING!J$20*(1+INDEX(DA_LMP_Basis!$C$23:$AF$35,MATCH(LMP_BY_NODE!H$1,DA_LMP_Basis!$C$23:$C$35,0),MATCH(LMP_BY_NODE!$A4,DA_LMP_Basis!$C$23:$AF$23,0))) -> 22.878575 | I4: =ENERGY_PRICING!K$20*(1+INDEX(DA_LMP_Basis!$C$23:$AF$35,MATCH(LMP_BY_NODE!I$1,DA_LMP_Basis!$C$23:$C$35,0),MATCH(LMP_BY_NODE!$A4,DA_LMP_Basis!$C$23:$AF$23,0))) -> 31.625576 | J4: =ENERGY_PRICING!L$20*(1+INDEX(DA_LMP_Basis!$C$23:$AF$35,MATCH(LMP_BY_NODE!J$1,DA_LMP_Basis!$C$23:$C$35,0),MATCH(LMP_BY_NODE!$A4,DA_LMP_Basis!$C$23:$AF$23,0))) -> 39.688095 | ... MX4: =ENERGY_PRICING!MZ$20*(1+INDEX(DA_LMP_Basis!$C$23:$AF$35,MATCH(LMP_BY_NODE!MX$1,DA_LMP_Basis!$C$23:$C$35,0),MATCH(LMP_BY_NODE!$A4,DA_LMP_Basis!$C$23:$AF$23,0))) -> 126.08791
A5: 555 | B5: On | C5: =ENERGY_PRICING!E$19*(1+INDEX(DA_LMP_Basis!$C$23:$AF$35,MATCH(LMP_BY_NODE!C$1,DA_LMP_Basis!$C$23:$C$35,0),MATCH(LMP_BY_NODE!$A5,DA_LMP_Basis!$C$23:$AF$23,0))) -> 54.574655 | D5: =ENERGY_PRICING!F$19*(1+INDEX(DA_LMP_Basis!$C$23:$AF$35,MATCH(LMP_BY_NODE!D$1,DA_LMP_Basis!$C$23:$C$35,0),MATCH(LMP_BY_NODE!$A5,DA_LMP_Basis!$C$23:$AF$23,0))) -> 51.373977 | E5: =ENERGY_PRICING!G$19*(1+INDEX(DA_LMP_Basis!$C$23:$AF$35,MATCH(LMP_BY_NODE!E$1,DA_LMP_Basis!$C$23:$C$35,0),MATCH(LMP_BY_NODE!$A5,DA_LMP_Basis!$C$23:$AF$23,0))) -> 39.12782 | F5: =ENERGY_PRICING!H$19*(1+INDEX(DA_LMP_Basis!$C$23:$AF$35,MATCH(LMP_BY_NODE!F$1,DA_LMP_Basis!$C$23:$C$35,0),MATCH(LMP_BY_NODE!$A5,DA_LMP_Basis!$C$23:$AF$23,0))) -> 45.123175 | G5: =ENERGY_PRICING!I$19*(1+INDEX(DA_LMP_Basis!$C$23:$AF$35,MATCH(LMP_BY_NODE!G$1,DA_LMP_Basis!$C$23:$C$35,0),MATCH(LMP_BY_NODE!$A5,DA_LMP_Basis!$C$23:$AF$23,0))) -> 25.822389 | H5: =ENERGY_PRICING!J$19*(1+INDEX(DA_LMP_Basis!$C$23:$AF$35,MATCH(LMP_BY_NODE!H$1,DA_LMP_Basis!$C$23:$C$35,0),MATCH(LMP_BY_NODE!$A5,DA_LMP_Basis!$C$23:$AF$23,0))) -> 29.474076 | I5: =ENERGY_PRICING!K$19*(1+INDEX(DA_LMP_Basis!$C$23:$AF$35,MATCH(LMP_BY_NODE!I$1,DA_LMP_Basis!$C$23:$C$35,0),MATCH(LMP_BY_NODE!$A5,DA_LMP_Basis!$C$23:$AF$23,0))) -> 43.200954 | J5: =ENERGY_PRICING!L$19*(1+INDEX(DA_LMP_Basis!$C$23:$AF$35,MATCH(LMP_BY_NODE!J$1,DA_LMP_Basis!$C$23:$C$35,0),MATCH(LMP_BY_NODE!$A5,DA_LMP_Basis!$C$23:$AF$23,0))) -> 51.449724 | ... MX5: =ENERGY_PRICING!MZ$19*(1+INDEX(DA_LMP_Basis!$C$23:$AF$35,MATCH(LMP_BY_NODE!MX$1,DA_LMP_Basis!$C$23:$C$35,0),MATCH(LMP_BY_NODE!$A5,DA_LMP_Basis!$C$23:$AF$23,0))) -> 146.82587
A6: 555 | B6: Off | C6: =ENERGY_PRICING!E$20*(1+INDEX(DA_LMP_Basis!$C$23:$AF$35,MATCH(LMP_BY_NODE!C$1,DA_LMP_Basis!$C$23:$C$35,0),MATCH(LMP_BY_NODE!$A6,DA_LMP_Basis!$C$23:$AF$23,0))) -> 44.369243 | D6: =ENERGY_PRICING!F$20*(1+INDEX(DA_LMP_Basis!$C$23:$AF$35,MATCH(LMP_BY_NODE!D$1,DA_LMP_Basis!$C$23:$C$35,0),MATCH(LMP_BY_NODE!$A6,DA_LMP_Basis!$C$23:$AF$23,0))) -> 43.249259 | E6: =ENERGY_PRICING!G$20*(1+INDEX(DA_LMP_Basis!$C$23:$AF$35,MATCH(LMP_BY_NODE!E$1,DA_LMP_Basis!$C$23:$C$35,0),MATCH(LMP_BY_NODE!$A6,DA_LMP_Basis!$C$23:$AF$23,0))) -> 33.221734 | F6: =ENERGY_PRICING!H$20*(1+INDEX(DA_LMP_Basis!$C$23:$AF$35,MATCH(LMP_BY_NODE!F$1,DA_LMP_Basis!$C$23:$C$35,0),MATCH(LMP_BY_NODE!$A6,DA_LMP_Basis!$C$23:$AF$23,0))) -> 26.240107 | G6: =ENERGY_PRICING!I$20*(1+INDEX(DA_LMP_Basis!$C$23:$AF$35,MATCH(LMP_BY_NODE!G$1,DA_LMP_Basis!$C$23:$C$35,0),MATCH(LMP_BY_NODE!$A6,DA_LMP_Basis!$C$23:$AF$23,0))) -> 20.590085 | H6: =ENERGY_PRICING!J$20*(1+INDEX(DA_LMP_Basis!$C$23:$AF$35,MATCH(LMP_BY_NODE!H$1,DA_LMP_Basis!$C$23:$C$35,0),MATCH(LMP_BY_NODE!$A6,DA_LMP_Basis!$C$23:$AF$23,0))) -> 22.649542 | I6: =ENERGY_PRICING!K$20*(1+INDEX(DA_LMP_Basis!$C$23:$AF$35,MATCH(LMP_BY_NODE!I$1,DA_LMP_Basis!$C$23:$C$35,0),MATCH(LMP_BY_NODE!$A6,DA_LMP_Basis!$C$23:$AF$23,0))) -> 31.065744 | J6: =ENERGY_PRICING!L$20*(1+INDEX(DA_LMP_Basis!$C$23:$AF$35,MATCH(LMP_BY_NODE!J$1,DA_LMP_Basis!$C$23:$C$35,0),MATCH(LMP_BY_NODE!$A6,DA_LMP_Basis!$C$23:$AF$23,0))) -> 39.22385 | ... MX6: =ENERGY_PRICING!MZ$20*(1+INDEX(DA_LMP_Basis!$C$23:$AF$35,MATCH(LMP_BY_NODE!MX$1,DA_LMP_Basis!$C$23:$C$35,0),MATCH(LMP_BY_NODE!$A6,DA_LMP_Basis!$C$23:$AF$23,0))) -> 127.74271
A7: 642 | B7: On | C7: =ENERGY_PRICING!E$19*(1+INDEX(DA_LMP_Basis!$C$23:$AF$35,MATCH(LMP_BY_NODE!C$1,DA_LMP_Basis!$C$23:$C$35,0),MATCH(LMP_BY_NODE!$A7,DA_LMP_Basis!$C$23:$AF$23,0))) -> 54.731975 | D7: =ENERGY_PRICING!F$19*(1+INDEX(DA_LMP_Basis!$C$23:$AF$35,MATCH(LMP_BY_NODE!D$1,DA_LMP_Basis!$C$23:$C$35,0),MATCH(LMP_BY_NODE!$A7,DA_LMP_Basis!$C$23:$AF$23,0))) -> 51.633731 | E7: =ENERGY_PRICING!G$19*(1+INDEX(DA_LMP_Basis!$C$23:$AF$35,MATCH(LMP_BY_NODE!E$1,DA_LMP_Basis!$C$23:$C$35,0),MATCH(LMP_BY_NODE!$A7,DA_LMP_Basis!$C$23:$AF$23,0))) -> 39.126807 | F7: =ENERGY_PRICING!H$19*(1+INDEX(DA_LMP_Basis!$C$23:$AF$35,MATCH(LMP_BY_NODE!F$1,DA_LMP_Basis!$C$23:$C$35,0),MATCH(LMP_BY_NODE!$A7,DA_LMP_Basis!$C$23:$AF$23,0))) -> 45.144023 | G7: =ENERGY_PRICING!I$19*(1+INDEX(DA_LMP_Basis!$C$23:$AF$35,MATCH(LMP_BY_NODE!G$1,DA_LMP_Basis!$C$23:$C$35,0),MATCH(LMP_BY_NODE!$A7,DA_LMP_Basis!$C$23:$AF$23,0))) -> 25.958699 | H7: =ENERGY_PRICING!J$19*(1+INDEX(DA_LMP_Basis!$C$23:$AF$35,MATCH(LMP_BY_NODE!H$1,DA_LMP_Basis!$C$23:$C$35,0),MATCH(LMP_BY_NODE!$A7,DA_LMP_Basis!$C$23:$AF$23,0))) -> 29.567374 | I7: =ENERGY_PRICING!K$19*(1+INDEX(DA_LMP_Basis!$C$23:$AF$35,MATCH(LMP_BY_NODE!I$1,DA_LMP_Basis!$C$23:$C$35,0),MATCH(LMP_BY_NODE!$A7,DA_LMP_Basis!$C$23:$AF$23,0))) -> 43.261553 | J7: =ENERGY_PRICING!L$19*(1+INDEX(DA_LMP_Basis!$C$23:$AF$35,MATCH(LMP_BY_NODE!J$1,DA_LMP_Basis!$C$23:$C$35,0),MATCH(LMP_BY_NODE!$A7,DA_LMP_Basis!$C$23:$AF$23,0))) -> 51.718884 | ... MX7: =ENERGY_PRICING!MZ$19*(1+INDEX(DA_LMP_Basis!$C$23:$AF$35,MATCH(LMP_BY_NODE!MX$1,DA_LMP_Basis!$C$23:$C$35,0),MATCH(LMP_BY_NODE!$A7,DA_LMP_Basis!$C$23:$AF$23,0))) -> 148.29987
A8: 642 | B8: Off | C8: =ENERGY_PRICING!E$20*(1+INDEX(DA_LMP_Basis!$C$23:$AF$35,MATCH(LMP_BY_NODE!C$1,DA_LMP_Basis!$C$23:$C$35,0),MATCH(LMP_BY_NODE!$A8,DA_LMP_Basis!$C$23:$AF$23,0))) -> 44.497145 | D8: =ENERGY_PRICING!F$20*(1+INDEX(DA_LMP_Basis!$C$23:$AF$35,MATCH(LMP_BY_NODE!D$1,DA_LMP_Basis!$C$23:$C$35,0),MATCH(LMP_BY_NODE!$A8,DA_LMP_Basis!$C$23:$AF$23,0))) -> 43.467934 | E8: =ENERGY_PRICING!G$20*(1+INDEX(DA_LMP_Basis!$C$23:$AF$35,MATCH(LMP_BY_NODE!E$1,DA_LMP_Basis!$C$23:$C$35,0),MATCH(LMP_BY_NODE!$A8,DA_LMP_Basis!$C$23:$AF$23,0))) -> 33.220873 | F8: =ENERGY_PRICING!H$20*(1+INDEX(DA_LMP_Basis!$C$23:$AF$35,MATCH(LMP_BY_NODE!F$1,DA_LMP_Basis!$C$23:$C$35,0),MATCH(LMP_BY_NODE!$A8,DA_LMP_Basis!$C$23:$AF$23,0))) -> 26.252231 | G8: =ENERGY_PRICING!I$20*(1+INDEX(DA_LMP_Basis!$C$23:$AF$35,MATCH(LMP_BY_NODE!G$1,DA_LMP_Basis!$C$23:$C$35,0),MATCH(LMP_BY_NODE!$A8,DA_LMP_Basis!$C$23:$AF$23,0))) -> 20.698775 | H8: =ENERGY_PRICING!J$20*(1+INDEX(DA_LMP_Basis!$C$23:$AF$35,MATCH(LMP_BY_NODE!H$1,DA_LMP_Basis!$C$23:$C$35,0),MATCH(LMP_BY_NODE!$A8,DA_LMP_Basis!$C$23:$AF$23,0))) -> 22.721237 | I8: =ENERGY_PRICING!K$20*(1+INDEX(DA_LMP_Basis!$C$23:$AF$35,MATCH(LMP_BY_NODE!I$1,DA_LMP_Basis!$C$23:$C$35,0),MATCH(LMP_BY_NODE!$A8,DA_LMP_Basis!$C$23:$AF$23,0))) -> 31.109321 | J8: =ENERGY_PRICING!L$20*(1+INDEX(DA_LMP_Basis!$C$23:$AF$35,MATCH(LMP_BY_NODE!J$1,DA_LMP_Basis!$C$23:$C$35,0),MATCH(LMP_BY_NODE!$A8,DA_LMP_Basis!$C$23:$AF$23,0))) -> 39.429051 | ... MX8: =ENERGY_PRICING!MZ$20*(1+INDEX(DA_LMP_Basis!$C$23:$AF$35,MATCH(LMP_BY_NODE!MX$1,DA_LMP_Basis!$C$23:$C$35,0),MATCH(LMP_BY_NODE!$A8,DA_LMP_Basis!$C$23:$AF$23,0))) -> 129.02513
A9: 783 | B9: On | C9: =ENERGY_PRICING!E$19*(1+INDEX(DA_LMP_Basis!$C$23:$AF$35,MATCH(LMP_BY_NODE!C$1,DA_LMP_Basis!$C$23:$C$35,0),MATCH(LMP_BY_NODE!$A9,DA_LMP_Basis!$C$23:$AF$23,0))) -> 39.435575 | D9: =ENERGY_PRICING!F$19*(1+INDEX(DA_LMP_Basis!$C$23:$AF$35,MATCH(LMP_BY_NODE!D$1,DA_LMP_Basis!$C$23:$C$35,0),MATCH(LMP_BY_NODE!$A9,DA_LMP_Basis!$C$23:$AF$23,0))) -> 36.056778 | E9: =ENERGY_PRICING!G$19*(1+INDEX(DA_LMP_Basis!$C$23:$AF$35,MATCH(LMP_BY_NODE!E$1,DA_LMP_Basis!$C$23:$C$35,0),MATCH(LMP_BY_NODE!$A9,DA_LMP_Basis!$C$23:$AF$23,0))) -> 30.08939 | F9: =ENERGY_PRICING!H$19*(1+INDEX(DA_LMP_Basis!$C$23:$AF$35,MATCH(LMP_BY_NODE!F$1,DA_LMP_Basis!$C$23:$C$35,0),MATCH(LMP_BY_NODE!$A9,DA_LMP_Basis!$C$23:$AF$23,0))) -> 33.645047 | G9: =ENERGY_PRICING!I$19*(1+INDEX(DA_LMP_Basis!$C$23:$AF$35,MATCH(LMP_BY_NODE!G$1,DA_LMP_Basis!$C$23:$C$35,0),MATCH(LMP_BY_NODE!$A9,DA_LMP_Basis!$C$23:$AF$23,0))) -> 17.314618 | H9: =ENERGY_PRICING!J$19*(1+INDEX(DA_LMP_Basis!$C$23:$AF$35,MATCH(LMP_BY_NODE!H$1,DA_LMP_Basis!$C$23:$C$35,0),MATCH(LMP_BY_NODE!$A9,DA_LMP_Basis!$C$23:$AF$23,0))) -> 20.746604 | I9: =ENERGY_PRICING!K$19*(1+INDEX(DA_LMP_Basis!$C$23:$AF$35,MATCH(LMP_BY_NODE!I$1,DA_LMP_Basis!$C$23:$C$35,0),MATCH(LMP_BY_NODE!$A9,DA_LMP_Basis!$C$23:$AF$23,0))) -> 39.089941 | J9: =ENERGY_PRICING!L$19*(1+INDEX(DA_LMP_Basis!$C$23:$AF$35,MATCH(LMP_BY_NODE!J$1,DA_LMP_Basis!$C$23:$C$35,0),MATCH(LMP_BY_NODE!$A9,DA_LMP_Basis!$C$23:$AF$23,0))) -> 42.549669 | ... MX9: =ENERGY_PRICING!MZ$19*(1+INDEX(DA_LMP_Basis!$C$23:$AF$35,MATCH(LMP_BY_NODE!MX$1,DA_LMP_Basis!$C$23:$C$35,0),MATCH(LMP_BY_NODE!$A9,DA_LMP_Basis!$C$23:$AF$23,0))) -> 127.17939
A10: 783 | B10: Off | C10: =ENERGY_PRICING!E$20*(1+INDEX(DA_LMP_Basis!$C$23:$AF$35,MATCH(LMP_BY_NODE!C$1,DA_LMP_Basis!$C$23:$C$35,0),MATCH(LMP_BY_NODE!$A10,DA_LMP_Basis!$C$23:$AF$23,0))) -> 32.061158 | D10: =ENERGY_PRICING!F$20*(1+INDEX(DA_LMP_Basis!$C$23:$AF$35,MATCH(LMP_BY_NODE!D$1,DA_LMP_Basis!$C$23:$C$35,0),MATCH(LMP_BY_NODE!$A10,DA_LMP_Basis!$C$23:$AF$23,0))) -> 30.354453 | E10: =ENERGY_PRICING!G$20*(1+INDEX(DA_LMP_Basis!$C$23:$AF$35,MATCH(LMP_BY_NODE!E$1,DA_LMP_Basis!$C$23:$C$35,0),MATCH(LMP_BY_NODE!$A10,DA_LMP_Basis!$C$23:$AF$23,0))) -> 25.547595 | F10: =ENERGY_PRICING!H$20*(1+INDEX(DA_LMP_Basis!$C$23:$AF$35,MATCH(LMP_BY_NODE!F$1,DA_LMP_Basis!$C$23:$C$35,0),MATCH(LMP_BY_NODE!$A10,DA_LMP_Basis!$C$23:$AF$23,0))) -> 19.565326 | G10: =ENERGY_PRICING!I$20*(1+INDEX(DA_LMP_Basis!$C$23:$AF$35,MATCH(LMP_BY_NODE!G$1,DA_LMP_Basis!$C$23:$C$35,0),MATCH(LMP_BY_NODE!$A10,DA_LMP_Basis!$C$23:$AF$23,0))) -> 13.806215 | H10: =ENERGY_PRICING!J$20*(1+INDEX(DA_LMP_Basis!$C$23:$AF$35,MATCH(LMP_BY_NODE!H$1,DA_LMP_Basis!$C$23:$C$35,0),MATCH(LMP_BY_NODE!$A10,DA_LMP_Basis!$C$23:$AF$23,0))) -> 15.94286 | I10: =ENERGY_PRICING!K$20*(1+INDEX(DA_LMP_Basis!$C$23:$AF$35,MATCH(LMP_BY_NODE!I$1,DA_LMP_Basis!$C$23:$C$35,0),MATCH(LMP_BY_NODE!$A10,DA_LMP_Basis!$C$23:$AF$23,0))) -> 28.10952 | J10: =ENERGY_PRICING!L$20*(1+INDEX(DA_LMP_Basis!$C$23:$AF$35,MATCH(LMP_BY_NODE!J$1,DA_LMP_Basis!$C$23:$C$35,0),MATCH(LMP_BY_NODE!$A10,DA_LMP_Basis!$C$23:$AF$23,0))) -> 32.438694 | ... MX10: =ENERGY_PRICING!MZ$20*(1+INDEX(DA_LMP_Basis!$C$23:$AF$35,MATCH(LMP_BY_NODE!MX$1,DA_LMP_Basis!$C$23:$C$35,0),MATCH(LMP_BY_NODE!$A10,DA_LMP_Basis!$C$23:$AF$23,0))) -> 110.64971
A11: 1185 | B11: On | C11: =ENERGY_PRICING!E$19*(1+INDEX(DA_LMP_Basis!$C$23:$AF$35,MATCH(LMP_BY_NODE!C$1,DA_LMP_Basis!$C$23:$C$35,0),MATCH(LMP_BY_NODE!$A11,DA_LMP_Basis!$C$23:$AF$23,0))) -> 55.654518 | D11: =ENERGY_PRICING!F$19*(1+INDEX(DA_LMP_Basis!$C$23:$AF$35,MATCH(LMP_BY_NODE!D$1,DA_LMP_Basis!$C$23:$C$35,0),MATCH(LMP_BY_NODE!$A11,DA_LMP_Basis!$C$23:$AF$23,0))) -> 51.154142 | E11: =ENERGY_PRICING!G$19*(1+INDEX(DA_LMP_Basis!$C$23:$AF$35,MATCH(LMP_BY_NODE!E$1,DA_LMP_Basis!$C$23:$C$35,0),MATCH(LMP_BY_NODE!$A11,DA_LMP_Basis!$C$23:$AF$23,0))) -> 39.463518 | F11: =ENERGY_PRICING!H$19*(1+INDEX(DA_LMP_Basis!$C$23:$AF$35,MATCH(LMP_BY_NODE!F$1,DA_LMP_Basis!$C$23:$C$35,0),MATCH(LMP_BY_NODE!$A11,DA_LMP_Basis!$C$23:$AF$23,0))) -> 45.804123 | G11: =ENERGY_PRICING!I$19*(1+INDEX(DA_LMP_Basis!$C$23:$AF$35,MATCH(LMP_BY_NODE!G$1,DA_LMP_Basis!$C$23:$C$35,0),MATCH(LMP_BY_NODE!$A11,DA_LMP_Basis!$C$23:$AF$23,0))) -> 26.559278 | H11: =ENERGY_PRICING!J$19*(1+INDEX(DA_LMP_Basis!$C$23:$AF$35,MATCH(LMP_BY_NODE!H$1,DA_LMP_Basis!$C$23:$C$35,0),MATCH(LMP_BY_NODE!$A11,DA_LMP_Basis!$C$23:$AF$23,0))) -> 29.625461 | I11: =ENERGY_PRICING!K$19*(1+INDEX(DA_LMP_Basis!$C$23:$AF$35,MATCH(LMP_BY_NODE!I$1,DA_LMP_Basis!$C$23:$C$35,0),MATCH(LMP_BY_NODE!$A11,DA_LMP_Basis!$C$23:$AF$23,0))) -> 43.62686 | J11: =ENERGY_PRICING!L$19*(1+INDEX(DA_LMP_Basis!$C$23:$AF$35,MATCH(LMP_BY_NODE!J$1,DA_LMP_Basis!$C$23:$C$35,0),MATCH(LMP_BY_NODE!$A11,DA_LMP_Basis!$C$23:$AF$23,0))) -> 51.403977 | ... MX11: =ENERGY_PRICING!MZ$19*(1+INDEX(DA_LMP_Basis!$C$23:$AF$35,MATCH(LMP_BY_NODE!MX$1,DA_LMP_Basis!$C$23:$C$35,0),MATCH(LMP_BY_NODE!$A11,DA_LMP_Basis!$C$23:$AF$23,0))) -> 144.79962
A12: 1185 | B12: Off | C12: =ENERGY_PRICING!E$20*(1+INDEX(DA_LMP_Basis!$C$23:$AF$35,MATCH(LMP_BY_NODE!C$1,DA_LMP_Basis!$C$23:$C$35,0),MATCH(LMP_BY_NODE!$A12,DA_LMP_Basis!$C$23:$AF$23,0))) -> 45.247173 | D12: =ENERGY_PRICING!F$20*(1+INDEX(DA_LMP_Basis!$C$23:$AF$35,MATCH(LMP_BY_NODE!D$1,DA_LMP_Basis!$C$23:$C$35,0),MATCH(LMP_BY_NODE!$A12,DA_LMP_Basis!$C$23:$AF$23,0))) -> 43.064191 | E12: =ENERGY_PRICING!G$20*(1+INDEX(DA_LMP_Basis!$C$23:$AF$35,MATCH(LMP_BY_NODE!E$1,DA_LMP_Basis!$C$23:$C$35,0),MATCH(LMP_BY_NODE!$A12,DA_LMP_Basis!$C$23:$AF$23,0))) -> 33.50676 | F12: =ENERGY_PRICING!H$20*(1+INDEX(DA_LMP_Basis!$C$23:$AF$35,MATCH(LMP_BY_NODE!F$1,DA_LMP_Basis!$C$23:$C$35,0),MATCH(LMP_BY_NODE!$A12,DA_LMP_Basis!$C$23:$AF$23,0))) -> 26.636093 | G12: =ENERGY_PRICING!I$20*(1+INDEX(DA_LMP_Basis!$C$23:$AF$35,MATCH(LMP_BY_NODE!G$1,DA_LMP_Basis!$C$23:$C$35,0),MATCH(LMP_BY_NODE!$A12,DA_LMP_Basis!$C$23:$AF$23,0))) -> 21.177661 | H12: =ENERGY_PRICING!J$20*(1+INDEX(DA_LMP_Basis!$C$23:$AF$35,MATCH(LMP_BY_NODE!H$1,DA_LMP_Basis!$C$23:$C$35,0),MATCH(LMP_BY_NODE!$A12,DA_LMP_Basis!$C$23:$AF$23,0))) -> 22.765875 | I12: =ENERGY_PRICING!K$20*(1+INDEX(DA_LMP_Basis!$C$23:$AF$35,MATCH(LMP_BY_NODE!I$1,DA_LMP_Basis!$C$23:$C$35,0),MATCH(LMP_BY_NODE!$A12,DA_LMP_Basis!$C$23:$AF$23,0))) -> 31.372013 | J12: =ENERGY_PRICING!L$20*(1+INDEX(DA_LMP_Basis!$C$23:$AF$35,MATCH(LMP_BY_NODE!J$1,DA_LMP_Basis!$C$23:$C$35,0),MATCH(LMP_BY_NODE!$A12,DA_LMP_Basis!$C$23:$AF$23,0))) -> 39.188974 | ... MX12: =ENERGY_PRICING!MZ$20*(1+INDEX(DA_LMP_Basis!$C$23:$AF$35,MATCH(LMP_BY_NODE!MX$1,DA_LMP_Basis!$C$23:$C$35,0),MATCH(LMP_BY_NODE!$A12,DA_LMP_Basis!$C$23:$AF$23,0))) -> 125.97982
A13: 1186 | B13: On | C13: =ENERGY_PRICING!E$19*(1+INDEX(DA_LMP_Basis!$C$23:$AF$35,MATCH(LMP_BY_NODE!C$1,DA_LMP_Basis!$C$23:$C$35,0),MATCH(LMP_BY_NODE!$A13,DA_LMP_Basis!$C$23:$AF$23,0))) -> 55.654518 | D13: =ENERGY_PRICING!F$19*(1+INDEX(DA_LMP_Basis!$C$23:$AF$35,MATCH(LMP_BY_NODE!D$1,DA_LMP_Basis!$C$23:$C$35,0),MATCH(LMP_BY_NODE!$A13,DA_LMP_Basis!$C$23:$AF$23,0))) -> 51.154142 | E13: =ENERGY_PRICING!G$19*(1+INDEX(DA_LMP_Basis!$C$23:$AF$35,MATCH(LMP_BY_NODE!E$1,DA_LMP_Basis!$C$23:$C$35,0),MATCH(LMP_BY_NODE!$A13,DA_LMP_Basis!$C$23:$AF$23,0))) -> 39.463518 | F13: =ENERGY_PRICING!H$19*(1+INDEX(DA_LMP_Basis!$C$23:$AF$35,MATCH(LMP_BY_NODE!F$1,DA_LMP_Basis!$C$23:$C$35,0),MATCH(LMP_BY_NODE!$A13,DA_LMP_Basis!$C$23:$AF$23,0))) -> 45.804123 | G13: =ENERGY_PRICING!I$19*(1+INDEX(DA_LMP_Basis!$C$23:$AF$35,MATCH(LMP_BY_NODE!G$1,DA_LMP_Basis!$C$23:$C$35,0),MATCH(LMP_BY_NODE!$A13,DA_LMP_Basis!$C$23:$AF$23,0))) -> 26.559278 | H13: =ENERGY_PRICING!J$19*(1+INDEX(DA_LMP_Basis!$C$23:$AF$35,MATCH(LMP_BY_NODE!H$1,DA_LMP_Basis!$C$23:$C$35,0),MATCH(LMP_BY_NODE!$A13,DA_LMP_Basis!$C$23:$AF$23,0))) -> 29.625461 | I13: =ENERGY_PRICING!K$19*(1+INDEX(DA_LMP_Basis!$C$23:$AF$35,MATCH(LMP_BY_NODE!I$1,DA_LMP_Basis!$C$23:$C$35,0),MATCH(LMP_BY_NODE!$A13,DA_LMP_Basis!$C$23:$AF$23,0))) -> 43.62686 | J13: =ENERGY_PRICING!L$19*(1+INDEX(DA_LMP_Basis!$C$23:$AF$35,MATCH(LMP_BY_NODE!J$1,DA_LMP_Basis!$C$23:$C$35,0),MATCH(LMP_BY_NODE!$A13,DA_LMP_Basis!$C$23:$AF$23,0))) -> 51.403977 | ... MX13: =ENERGY_PRICING!MZ$19*(1+INDEX(DA_LMP_Basis!$C$23:$AF$35,MATCH(LMP_BY_NODE!MX$1,DA_LMP_Basis!$C$23:$C$35,0),MATCH(LMP_BY_NODE!$A13,DA_LMP_Basis!$C$23:$AF$23,0))) -> 144.79962
A14: 1186 | B14: Off | C14: =ENERGY_PRICING!E$20*(1+INDEX(DA_LMP_Basis!$C$23:$AF$35,MATCH(LMP_BY_NODE!C$1,DA_LMP_Basis!$C$23:$C$35,0),MATCH(LMP_BY_NODE!$A14,DA_LMP_Basis!$C$23:$AF$23,0))) -> 45.247173 | D14: =ENERGY_PRICING!F$20*(1+INDEX(DA_LMP_Basis!$C$23:$AF$35,MATCH(LMP_BY_NODE!D$1,DA_LMP_Basis!$C$23:$C$35,0),MATCH(LMP_BY_NODE!$A14,DA_LMP_Basis!$C$23:$AF$23,0))) -> 43.064191 | E14: =ENERGY_PRICING!G$20*(1+INDEX(DA_LMP_Basis!$C$23:$AF$35,MATCH(LMP_BY_NODE!E$1,DA_LMP_Basis!$C$23:$C$35,0),MATCH(LMP_BY_NODE!$A14,DA_LMP_Basis!$C$23:$AF$23,0))) -> 33.50676 | F14: =ENERGY_PRICING!H$20*(1+INDEX(DA_LMP_Basis!$C$23:$AF$35,MATCH(LMP_BY_NODE!F$1,DA_LMP_Basis!$C$23:$C$35,0),MATCH(LMP_BY_NODE!$A14,DA_LMP_Basis!$C$23:$AF$23,0))) -> 26.636093 | G14: =ENERGY_PRICING!I$20*(1+INDEX(DA_LMP_Basis!$C$23:$AF$35,MATCH(LMP_BY_NODE!G$1,DA_LMP_Basis!$C$23:$C$35,0),MATCH(LMP_BY_NODE!$A14,DA_LMP_Basis!$C$23:$AF$23,0))) -> 21.177661 | H14: =ENERGY_PRICING!J$20*(1+INDEX(DA_LMP_Basis!$C$23:$AF$35,MATCH(LMP_BY_NODE!H$1,DA_LMP_Basis!$C$23:$C$35,0),MATCH(LMP_BY_NODE!$A14,DA_LMP_Basis!$C$23:$AF$23,0))) -> 22.765875 | I14: =ENERGY_PRICING!K$20*(1+INDEX(DA_LMP_Basis!$C$23:$AF$35,MATCH(LMP_BY_NODE!I$1,DA_LMP_Basis!$C$23:$C$35,0),MATCH(LMP_BY_NODE!$A14,DA_LMP_Basis!$C$23:$AF$23,0))) -> 31.372013 | J14: =ENERGY_PRICING!L$20*(1+INDEX(DA_LMP_Basis!$C$23:$AF$35,MATCH(LMP_BY_NODE!J$1,DA_LMP_Basis!$C$23:$C$35,0),MATCH(LMP_BY_NODE!$A14,DA_LMP_Basis!$C$23:$AF$23,0))) -> 39.188974 | ... MX14: =ENERGY_PRICING!MZ$20*(1+INDEX(DA_LMP_Basis!$C$23:$AF$35,MATCH(LMP_BY_NODE!MX$1,DA_LMP_Basis!$C$23:$C$35,0),MATCH(LMP_BY_NODE!$A14,DA_LMP_Basis!$C$23:$AF$23,0))) -> 125.97982
A15: 1187 | B15: On | C15: =ENERGY_PRICING!E$19*(1+INDEX(DA_LMP_Basis!$C$23:$AF$35,MATCH(LMP_BY_NODE!C$1,DA_LMP_Basis!$C$23:$C$35,0),MATCH(LMP_BY_NODE!$A15,DA_LMP_Basis!$C$23:$AF$23,0))) -> 55.654518 | D15: =ENERGY_PRICING!F$19*(1+INDEX(DA_LMP_Basis!$C$23:$AF$35,MATCH(LMP_BY_NODE!D$1,DA_LMP_Basis!$C$23:$C$35,0),MATCH(LMP_BY_NODE!$A15,DA_LMP_Basis!$C$23:$AF$23,0))) -> 51.154142 | E15: =ENERGY_PRICING!G$19*(1+INDEX(DA_LMP_Basis!$C$23:$AF$35,MATCH(LMP_BY_NODE!E$1,DA_LMP_Basis!$C$23:$C$35,0),MATCH(LMP_BY_NODE!$A15,DA_LMP_Basis!$C$23:$AF$23,0))) -> 39.463518 | F15: =ENERGY_PRICING!H$19*(1+INDEX(DA_LMP_Basis!$C$23:$AF$35,MATCH(LMP_BY_NODE!F$1,DA_LMP_Basis!$C$23:$C$35,0),MATCH(LMP_BY_NODE!$A15,DA_LMP_Basis!$C$23:$AF$23,0))) -> 45.804123 | G15: =ENERGY_PRICING!I$19*(1+INDEX(DA_LMP_Basis!$C$23:$AF$35,MATCH(LMP_BY_NODE!G$1,DA_LMP_Basis!$C$23:$C$35,0),MATCH(LMP_BY_NODE!$A15,DA_LMP_Basis!$C$23:$AF$23,0))) -> 26.559278 | H15: =ENERGY_PRICING!J$19*(1+INDEX(DA_LMP_Basis!$C$23:$AF$35,MATCH(LMP_BY_NODE!H$1,DA_LMP_Basis!$C$23:$C$35,0),MATCH(LMP_BY_NODE!$A15,DA_LMP_Basis!$C$23:$AF$23,0))) -> 29.625461 | I15: =ENERGY_PRICING!K$19*(1+INDEX(DA_LMP_Basis!$C$23:$AF$35,MATCH(LMP_BY_NODE!I$1,DA_LMP_Basis!$C$23:$C$35,0),MATCH(LMP_BY_NODE!$A15,DA_LMP_Basis!$C$23:$AF$23,0))) -> 43.62686 | J15: =ENERGY_PRICING!L$19*(1+INDEX(DA_LMP_Basis!$C$23:$AF$35,MATCH(LMP_BY_NODE!J$1,DA_LMP_Basis!$C$23:$C$35,0),MATCH(LMP_BY_NODE!$A15,DA_LMP_Basis!$C$23:$AF$23,0))) -> 51.403977 | ... MX15: =ENERGY_PRICING!MZ$19*(1+INDEX(DA_LMP_Basis!$C$23:$AF$35,MATCH(LMP_BY_NODE!MX$1,DA_LMP_Basis!$C$23:$C$35,0),MATCH(LMP_BY_NODE!$A15,DA_LMP_Basis!$C$23:$AF$23,0))) -> 144.79962
A16: 1187 | B16: Off | C16: =ENERGY_PRICING!E$20*(1+INDEX(DA_LMP_Basis!$C$23:$AF$35,MATCH(LMP_BY_NODE!C$1,DA_LMP_Basis!$C$23:$C$35,0),MATCH(LMP_BY_NODE!$A16,DA_LMP_Basis!$C$23:$AF$23,0))) -> 45.247173 | D16: =ENERGY_PRICING!F$20*(1+INDEX(DA_LMP_Basis!$C$23:$AF$35,MATCH(LMP_BY_NODE!D$1,DA_LMP_Basis!$C$23:$C$35,0),MATCH(LMP_BY_NODE!$A16,DA_LMP_Basis!$C$23:$AF$23,0))) -> 43.064191 | E16: =ENERGY_PRICING!G$20*(1+INDEX(DA_LMP_Basis!$C$23:$AF$35,MATCH(LMP_BY_NODE!E$1,DA_LMP_Basis!$C$23:$C$35,0),MATCH(LMP_BY_NODE!$A16,DA_LMP_Basis!$C$23:$AF$23,0))) -> 33.50676 | F16: =ENERGY_PRICING!H$20*(1+INDEX(DA_LMP_Basis!$C$23:$AF$35,MATCH(LMP_BY_NODE!F$1,DA_LMP_Basis!$C$23:$C$35,0),MATCH(LMP_BY_NODE!$A16,DA_LMP_Basis!$C$23:$AF$23,0))) -> 26.636093 | G16: =ENERGY_PRICING!I$20*(1+INDEX(DA_LMP_Basis!$C$23:$AF$35,MATCH(LMP_BY_NODE!G$1,DA_LMP_Basis!$C$23:$C$35,0),MATCH(LMP_BY_NODE!$A16,DA_LMP_Basis!$C$23:$AF$23,0))) -> 21.177661 | H16: =ENERGY_PRICING!J$20*(1+INDEX(DA_LMP_Basis!$C$23:$AF$35,MATCH(LMP_BY_NODE!H$1,DA_LMP_Basis!$C$23:$C$35,0),MATCH(LMP_BY_NODE!$A16,DA_LMP_Basis!$C$23:$AF$23,0))) -> 22.765875 | I16: =ENERGY_PRICING!K$20*(1+INDEX(DA_LMP_Basis!$C$23:$AF$35,MATCH(LMP_BY_NODE!I$1,DA_LMP_Basis!$C$23:$C$35,0),MATCH(LMP_BY_NODE!$A16,DA_LMP_Basis!$C$23:$AF$23,0))) -> 31.372013 | J16: =ENERGY_PRICING!L$20*(1+INDEX(DA_LMP_Basis!$C$23:$AF$35,MATCH(LMP_BY_NODE!J$1,DA_LMP_Basis!$C$23:$C$35,0),MATCH(LMP_BY_NODE!$A16,DA_LMP_Basis!$C$23:$AF$23,0))) -> 39.188974 | ... MX16: =ENERGY_PRICING!MZ$20*(1+INDEX(DA_LMP_Basis!$C$23:$AF$35,MATCH(LMP_BY_NODE!MX$1,DA_LMP_Basis!$C$23:$C$35,0),MATCH(LMP_BY_NODE!$A16,DA_LMP_Basis!$C$23:$AF$23,0))) -> 125.97982
A17: 2433 | B17: On | C17: =ENERGY_PRICING!E$19*(1+INDEX(DA_LMP_Basis!$C$23:$AF$35,MATCH(LMP_BY_NODE!C$1,DA_LMP_Basis!$C$23:$C$35,0),MATCH(LMP_BY_NODE!$A17,DA_LMP_Basis!$C$23:$AF$23,0))) -> 56.032698 | D17: =ENERGY_PRICING!F$19*(1+INDEX(DA_LMP_Basis!$C$23:$AF$35,MATCH(LMP_BY_NODE!D$1,DA_LMP_Basis!$C$23:$C$35,0),MATCH(LMP_BY_NODE!$A17,DA_LMP_Basis!$C$23:$AF$23,0))) -> 51.704909 | E17: =ENERGY_PRICING!G$19*(1+INDEX(DA_LMP_Basis!$C$23:$AF$35,MATCH(LMP_BY_NODE!E$1,DA_LMP_Basis!$C$23:$C$35,0),MATCH(LMP_BY_NODE!$A17,DA_LMP_Basis!$C$23:$AF$23,0))) -> 39.27225 | F17: =ENERGY_PRICING!H$19*(1+INDEX(DA_LMP_Basis!$C$23:$AF$35,MATCH(LMP_BY_NODE!F$1,DA_LMP_Basis!$C$23:$C$35,0),MATCH(LMP_BY_NODE!$A17,DA_LMP_Basis!$C$23:$AF$23,0))) -> 44.710109 | G17: =ENERGY_PRICING!I$19*(1+INDEX(DA_LMP_Basis!$C$23:$AF$35,MATCH(LMP_BY_NODE!G$1,DA_LMP_Basis!$C$23:$C$35,0),MATCH(LMP_BY_NODE!$A17,DA_LMP_Basis!$C$23:$AF$23,0))) -> 26.152275 | H17: =ENERGY_PRICING!J$19*(1+INDEX(DA_LMP_Basis!$C$23:$AF$35,MATCH(LMP_BY_NODE!H$1,DA_LMP_Basis!$C$23:$C$35,0),MATCH(LMP_BY_NODE!$A17,DA_LMP_Basis!$C$23:$AF$23,0))) -> 29.869926 | I17: =ENERGY_PRICING!K$19*(1+INDEX(DA_LMP_Basis!$C$23:$AF$35,MATCH(LMP_BY_NODE!I$1,DA_LMP_Basis!$C$23:$C$35,0),MATCH(LMP_BY_NODE!$A17,DA_LMP_Basis!$C$23:$AF$23,0))) -> 44.315642 | J17: =ENERGY_PRICING!L$19*(1+INDEX(DA_LMP_Basis!$C$23:$AF$35,MATCH(LMP_BY_NODE!J$1,DA_LMP_Basis!$C$23:$C$35,0),MATCH(LMP_BY_NODE!$A17,DA_LMP_Basis!$C$23:$AF$23,0))) -> 52.56902 | ... MX17: =ENERGY_PRICING!MZ$19*(1+INDEX(DA_LMP_Basis!$C$23:$AF$35,MATCH(LMP_BY_NODE!MX$1,DA_LMP_Basis!$C$23:$C$35,0),MATCH(LMP_BY_NODE!$A17,DA_LMP_Basis!$C$23:$AF$23,0))) -> 146.61704
A18: 2433 | B18: Off | C18: =ENERGY_PRICING!E$20*(1+INDEX(DA_LMP_Basis!$C$23:$AF$35,MATCH(LMP_BY_NODE!C$1,DA_LMP_Basis!$C$23:$C$35,0),MATCH(LMP_BY_NODE!$A18,DA_LMP_Basis!$C$23:$AF$23,0))) -> 45.554633 | D18: =ENERGY_PRICING!F$20*(1+INDEX(DA_LMP_Basis!$C$23:$AF$35,MATCH(LMP_BY_NODE!D$1,DA_LMP_Basis!$C$23:$C$35,0),MATCH(LMP_BY_NODE!$A18,DA_LMP_Basis!$C$23:$AF$23,0))) -> 43.527855 | E18: =ENERGY_PRICING!G$20*(1+INDEX(DA_LMP_Basis!$C$23:$AF$35,MATCH(LMP_BY_NODE!E$1,DA_LMP_Basis!$C$23:$C$35,0),MATCH(LMP_BY_NODE!$A18,DA_LMP_Basis!$C$23:$AF$23,0))) -> 33.344363 | F18: =ENERGY_PRICING!H$20*(1+INDEX(DA_LMP_Basis!$C$23:$AF$35,MATCH(LMP_BY_NODE!F$1,DA_LMP_Basis!$C$23:$C$35,0),MATCH(LMP_BY_NODE!$A18,DA_LMP_Basis!$C$23:$AF$23,0))) -> 25.9999 | G18: =ENERGY_PRICING!I$20*(1+INDEX(DA_LMP_Basis!$C$23:$AF$35,MATCH(LMP_BY_NODE!G$1,DA_LMP_Basis!$C$23:$C$35,0),MATCH(LMP_BY_NODE!$A18,DA_LMP_Basis!$C$23:$AF$23,0))) -> 20.853127 | H18: =ENERGY_PRICING!J$20*(1+INDEX(DA_LMP_Basis!$C$23:$AF$35,MATCH(LMP_BY_NODE!H$1,DA_LMP_Basis!$C$23:$C$35,0),MATCH(LMP_BY_NODE!$A18,DA_LMP_Basis!$C$23:$AF$23,0))) -> 22.953735 | I18: =ENERGY_PRICING!K$20*(1+INDEX(DA_LMP_Basis!$C$23:$AF$35,MATCH(LMP_BY_NODE!I$1,DA_LMP_Basis!$C$23:$C$35,0),MATCH(LMP_BY_NODE!$A18,DA_LMP_Basis!$C$23:$AF$23,0))) -> 31.867315 | J18: =ENERGY_PRICING!L$20*(1+INDEX(DA_LMP_Basis!$C$23:$AF$35,MATCH(LMP_BY_NODE!J$1,DA_LMP_Basis!$C$23:$C$35,0),MATCH(LMP_BY_NODE!$A18,DA_LMP_Basis!$C$23:$AF$23,0))) -> 40.077171 | ... MX18: =ENERGY_PRICING!MZ$20*(1+INDEX(DA_LMP_Basis!$C$23:$AF$35,MATCH(LMP_BY_NODE!MX$1,DA_LMP_Basis!$C$23:$C$35,0),MATCH(LMP_BY_NODE!$A18,DA_LMP_Basis!$C$23:$AF$23,0))) -> 127.56102
